Workbook
Name _Toc120662359: 'T2 Y T3. PROBLEMA-POTENCIALIDAD'!$A$1
Name _Toc120662364: 'T7.Visión y obj des'!$A$1
Name _Toc120662365: 'T9. Análsis funcional prov '!$A$1
Name _Toc120736636: 'T6. Prioridad alta-media'!$A$1
Name _Toc120736643: 'T13. Alineación otros instrumen'!$A$1
Name _Toc120736647: 'T15. Iniciativas de articulació'!$A$1
Name cinco: 'T12. Planes-program-proyect'!$AC$5:$AC$19
Name cuatro: 'T12. Planes-program-proyect'!$AB$5:$AB$12
Name dos: 'T12. Planes-program-proyect'!$Z$5:$Z$21
Name lin_dos: 'T12. Planes-program-proyect'!$AP$5:$AP$12
Name lin_tres: 'T12. Planes-program-proyect'!$AQ$5:$AQ$16
Name lin_uno: 'T12. Planes-program-proyect'!$AO$5:$AO$19
Name MUNICIPAL: 'T2 Y T3. PROBLEMA-POTENCIALIDAD'!$V$4:$V$56
Name nueve: 'T12. Planes-program-proyect'!$AG$5:$AG$9
Name ocho: 'T12. Planes-program-proyect'!$AF$5:$AF$9
Name PARROQUIAL: 'T2 Y T3. PROBLEMA-POTENCIALIDAD'!$W$4:$W$43
Name PROVINCIAL: 'T2 Y T3. PROBLEMA-POTENCIALIDAD'!$U$4:$U$40
Name RÉGIMEN_ESPECIAL_GALÁPAGOS: 'T2 Y T3. PROBLEMA-POTENCIALIDAD'!$X$4:$X$46
Name REGIONAL: 'T2 Y T3. PROBLEMA-POTENCIALIDAD'!$T$4:$T$35
Name seis: 'T12. Planes-program-proyect'!$AD$5:$AD$17
Name siete: 'T12. Planes-program-proyect'!$AE$5:$AE$9
Name tres: 'T12. Planes-program-proyect'!$AA$5:$AA$18
Name uno: 'T12. Planes-program-proyect'!$Y$5:$Y$20

Sheet TABLA DE CONTENIDOS
A1: +++++++++++
A2: Tabla 1. Inventario de Información | B2: Preparatoria
A3: 'T2 Y T3. PROBLEMA-POTENCIALIDAD'!A1 | B3: Diagnóstico
A4: 'T4 Y T5. PRIORIZACION PROB-POTE'!A1
A5: Tabla 6. Matriz de problemas con prioridad alta o media con sus desafíos de gestión
A6: Tabla 7. Visión de desarrollo | B6: Propuesta
A7: Tabla 8. Objetivos de desarrollo
A8: Tabla 9. Análisis funcional provincial
A9: Tabla 10. Análisis funcional catonal y parroquial
A10: Tabla 11. Definición de objetivos, políticas, metas e indicadores.
A11: Tabla 12. Definición de planes programas y proyectos
A12: Tabla 13. Alineación, agendas nacionales para la igualdad, planificación territorial diferenciada, agendas de coordinación zonal
A13: Tabla 14. Matriz de consolidación de la fase de propuesta
A14: Tabla 15. Definición de iniciativas, objetivos y mecanismos de articulación | B14: Gestión
A15: Tabla 16. Formas de gestión nivel provincial y cantonal
A16: CATÁLOGO DE COMPETENCIAS Y FUNCIONES GAD
A17: ALINEACIÓN ODS - COMPETENCIA GAD
A18: AGENDAS DE IGUALDAD-GAD

Sheet T1. Inventario de información
A1: Tabla 1. Inventario de Información
A2: Código | B2: Temática | C2: Tipo de información (cartográfica, documentos, imágenes, fotos, otros) | D2: Nombre del archivo | E2: Descripción del archivo | F2: Formato de información (.doc, xls, shp….) | G2: Unidad del GAD responsable de la información | H2: Presentación análoga (impreso) o digita; | I2: Escala de información | J2: Metadato (S/N) | K2: Memoria técnica (S/N) | L2: Fuente de información: Quién genera la información, año) | M2: Disponibilidad al público (S/N) | N2: Ubicación en repositorio (Ruta y nombre del archivo con la nueva codificación confrme a sistemas) | Y2: REGIONAL
A3: CB | B3: Cartografía Base | C3: Cartográfica | D3: Cartografía | E3: Contiene la división político administrativa del Ecuador a nivel parroquial | F3: .shp | G3: Planificación | H3: digital | I3: 1:50000 | J3: si | K3: No | L3: CONALI, 2023 | M3: Si | N3: www.sni.gob.ec | Y3: PROVINCIAL
A4: AH | B4: Asentamientos Humano | C4: Cartográfica | D4: Cartografía | E4: datos de población por parroquia, género, edad. | F4: .shp | G4: Planificación | H4: digital | I4: n/a | J4: si | K4: No | L4: INEC, 2022 | M4: Si | N4: www.sni.gob.ec | Y4: MUNICIPAL
A5: BA | B5: Biofísico - Ambiental | Y5: PARROQUIAL
A6: SC | B6: Sociocultural | Y6: RÉGIMEN_ESPECIAL_GALÁPAGOS
A7: EP | B7: Económico Productivo
A8: PI | B8: Político Institucional.
A9: OI | B9: Otra Información
A12: SELECIONE EL TIPO DE GAD
A13: PARROQUIAL

Sheet T2 Y T3. PROBLEMA-POTENCIALIDAD
A1: Tabla 2. Matriz de sistematización de potencialidades Tabla 3. Matriz de sistematización de problemas
C2: Desafío
A3: Potencialidad / Problema | B3: Tipo | C3: Desafío largo plazo | D3: Desafío de gestión | E3: Competencia | F3: GAD | T3: REGIONAL | U3: PROVINCIAL | V3: MUNICIPAL | W3: PARROQUIAL | X3: RÉGIMEN ESPECIAL GALÁPAGOS
A4: Fuentes de trabajo y empleo reducidas | B4: Problema | C4: Promoción del trabajo y empleo en la parroquia | D4: Gestión el desarrollo de emprendimientos de productores locales | E4: Fomento de las actividades productivas y agropecuarias (incluye los temas de investigación, innovación y transferencia de conocimiento y tecnologías) | F4: =+'T1. Inventario de información'!$A$13 -> PARROQUIAL | N4: Problema | T4: Cooperación Internacional | U4: Cooperación Internacional | V4: Cooperación Internacional | W4: Cooperación Internacional | X4: Cooperación Internacional
A5: Escasa diversificación de la producción agropecuaria | B5: Problema | C5: Diversificación de la producción de una forma sostenible | D5: Gestión un plan productivo parroquial sostenible | E5: Fomento de las actividades productivas y agropecuarias (incluye los temas de investigación, innovación y transferencia de conocimiento y tecnologías) | F5: =+'T1. Inventario de información'!$A$13 -> PARROQUIAL | N5: Potencialidad | T5: Fomento de la seguridad alimentaria | U5: Fomento de la seguridad alimentaria | V5: Explotación de materiales áridos y pétreos | W5: Fomento de la seguridad alimentaria | X5: Fomento de la seguridad alimentaria
A6: Falta de innovación, iniciativa, liderazgo y desarrollo para diversificación de productos | B6: Problema | C6: Diversificación de la oferta y producción agropecuaria y de servicios de la parroquia | D6: Gestión con las Instituciones de Educación Superior (IES) y cooperación internacional, proyectos para diversificación de la oferta local | E6: Fomento de las actividades productivas y agropecuarias (incluye los temas de investigación, innovación y transferencia de conocimiento y tecnologías)
A7: Sector productor lechero establecido | B7: Potencialidad | C7: Comercialización de los productos lácteos derivados a nivel regional | D7: Gestión con el GAD provincial para un mecanismo de acopio y comercialización de productos lácteos | E7: Fomento de las actividades productivas y agropecuarias (incluye los temas de investigación, innovación y transferencia de conocimiento y tecnologías)
A8: Falta de acceso a mercados para comercializar productos | B8: Problema | C8: Comercialización de los productos lácteos derivados a nivel regional | D8: Gestión con el GAD provincial para un mecanismo de acopio y comercialización de productos lácteos | E8: Fomento de las actividades productivas y agropecuarias (incluye los temas de investigación, innovación y transferencia de conocimiento y tecnologías)
A9: Baja productividad agropecuaria en épocas de verano | B9: Problema | C9: Tecnificación de los usos y sistemas de riego a nivel parroquial | D9: Gestión y ampliación de la cobertura y tecnificación de riego | E9: Fomento de las actividades productivas y agropecuarias (incluye los temas de investigación, innovación y transferencia de conocimiento y tecnologías) | F9: =+'T1. Inventario de información'!$A$13 -> PARROQUIAL | T9: Fomento de las actividades productivas y agropecuarias (incluye los temas de investigación, innovación y transferencia de conocimiento y tecnologías) | U9: Fomento de las actividades productivas y agropecuarias (incluye los temas de investigación, innovación y transferencia de conocimiento y tecnologías) | V9: Fomento de la seguridad alimentaria | W9: Fomento de las actividades productivas y agropecuarias (incluye los temas de investigación, innovación y transferencia de conocimiento y tecnologías) | X9: Fomento de las actividades productivas y agropecuarias (incluye los temas de investigación, innovación y transferencia de conocimiento y tecnologías)
A10: Limitado número de atractivos y oferta turística desarticulada | B10: Problema | C10: Integración de San Gerardo a un corredor turístico regional | D10: Creación de un Plan de desarrollo económico, productivo y turístico | E10: Fomento de las actividades productivas y agropecuarias (incluye los temas de investigación, innovación y transferencia de conocimiento y tecnologías) | F10: =+'T1. Inventario de información'!$A$13 -> PARROQUIAL | T10: Gestión Ambiental | U10: Gestión Ambiental | V10: Fomento de las actividades productivas y agropecuarias (incluye los temas de investigación, innovación y transferencia de conocimiento y tecnologías) | W10: Gestión Ambiental | X10: Gestión Ambiental
A11: Ubicación en corredor vial que une atractivos turísticos de alta jerarquía | B11: Potencialidad | C11: Integración de San Gerardo a un corredor turístico regional | D11: Creación de un Plan de desarrollo económico, productivo y turístico | E11: Fomento de las actividades productivas y agropecuarias (incluye los temas de investigación, innovación y transferencia de conocimiento y tecnologías)
A12: Reducción poblacional por migración y baja tasa de natalidad | B12: Problema | C12: Reducción de la tasa de migración en la parroquia mediante la generación de oportunidades laborales | D12: Creación de un Plan de desarrollo económico, productivo y turístico | E12: Fomento de las actividades productivas y agropecuarias (incluye los temas de investigación, innovación y transferencia de conocimiento y tecnologías) | F12: =+'T1. Inventario de información'!$A$13 -> PARROQUIAL | T12: Forestación y Reforestación | U12: Forestación y Reforestación | V12: Formar y administrar catastros inmobiliarios | W12: Forestación y Reforestación | X12: Gestión de cuencas hidrográficas
A13: Presencia de monocultivos | B13: Problema | C13: Implementación de estrategias para la diversificación de cultivos y el fortalecimiento de los sistemas de producción agropecuaria. | D13: Desarrollo de talleres de fortalecimiento de los sistemas de producción agrícola y la diversificación de los productos en las comunidades | E13: Fomento de las actividades productivas y agropecuarias (incluye los temas de investigación, innovación y transferencia de conocimiento y tecnologías)
A14: Cambio de uso del suelo por avance de la frontera agrícola y pecuaria | B14: Problema | C14: Implementación de estrategias para la diversificación de cultivos y el fortalecimiento de los sistemas de producción agropecuaria. | D14: Desarrollo de un programa de gestión ambiental enfocado en buenas prácticas de producción agrícola y pecuaria y mejoramiento de semillas y pie de cría | E14: Fomento de las actividades productivas y agropecuarias (incluye los temas de investigación, innovación y transferencia de conocimiento y tecnologías)
A15: Los suelos son muy productivos para actividades agrícolas y pecuarias | B15: Potencialidad | C15: Mantenimiento de la productividad de los suelos de la parroquia | D15: Gestión de recursos técnicos y económicos para implementar un programa de conservación, restauración y manejo de suelos | E15: Fomento de las actividades productivas y agropecuarias (incluye los temas de investigación, innovación y transferencia de conocimiento y tecnologías)
A16: Presencia de heladas que afectan directamente a los cultivos y al pasto para el ganado | B16: Problema | C16: Tecnificación y fortalecimiento de los sistemas de riego en la parroquia | D16: Gestión los recursos económicos en gobiernos seccionales y nacionales para tecnificar los sistemas de riego en la parroquia | E16: Fomento de las actividades productivas y agropecuarias (incluye los temas de investigación, innovación y transferencia de conocimiento y tecnologías)
A17: La parroquia cuenta con sistemas de canales para riego en todo su territorio | B17: Potencialidad | C17: Conservación y mantenimiento de los canales de riego en toda la parroquia | D17: Mantenimientos anuales, ampliación y tecnificación de los canales de riego | E17: Riego y Drenaje
A18: Las comunidades de Cauquil alto y bajo no cuentan con fuentes hídricas que proporcionen el recurso para riego | B18: Problema | C18: Dotación de sistemas de agua de riego en las dos comunidades | D18: Gestión con el GAD municipal un plan de renovación y mantenimiento de los sistemas de agua de riego | E18: Riego y Drenaje
A19: Malnutrición y desnutrición crónica infantil | B19: Problema | C19: Erradicación de la desnutrición crónica infantil a nivel parroquial | D19: Articulación a nivel interinstitucional de mecanismos de erradicación de la desnutrición crónica infantil | E19: Protección integral a la niñez y adolescencia | F19: =+'T1. Inventario de información'!$A$13 -> PARROQUIAL | T19: Gestión de cuencas hidrográficas | U19: Gestión de cuencas hidrográficas | V19: Gestión Ambiental | W19: Gestión de cuencas hidrográficas | X19: Gestión de Riesgos
A20: Alta tasa de población de adultos mayores sin acceso a servicios de salud y cuidado | B20: Problema | C20: Mejoramiento de la cobertura de servicios y atención al adulto mayor a nivel parroquial | D20: Gestión con las instituciones pertinentes un proyecto de acompañamiento integral al adulto mayor | E20: Protección Integral de Derechos | F20: =+'T1. Inventario de información'!$A$13 -> PARROQUIAL | T20: Gestión de Riesgos | U20: Dragado, relleno hidráulico y limpieza de ríos, presas, embalses y esteros | V20: Forestación y Reforestación | W20: Gestión de Riesgos | X20: Hábitat y vivienda
A21: Incremento en la tasa de asistencia escolar en particular a nivel de bachillerato | B21: Potencialidad | C21: Incremento de la tasa de eficiencia terminal a nivel de bachillerato a nivel parroquial | D21: Gestión con instituciones públicas y privadas mecanismos de incentivos, apoyos y desarrollo productivo | E21: Protección Integral de Derechos | F21: =+'T1. Inventario de información'!$A$13 -> PARROQUIAL | T21: Hábitat y vivienda | U21: Gestión de Riesgos | V21: Gestión de cuencas hidrográficas | W21: Hábitat y vivienda | X21: Participación ciudadana
A22: Escases de personal técnico y baja permanencia con la consecuencia de discontinuidad de procesos institucionales y planificación | B22: Problema | C22: Implementación de un sistema de gestión institucional en el GAD Parroquial | D22: Elaboración e implementación de un plan estratégico institucional | E22: Planificar el desarrollo territorial y formular los correspondientes planes de ordenamiento territorial | F22: =+'T1. Inventario de información'!$A$13 -> PARROQUIAL | T22: Otorgar personalidad jurídica a organizaciones sociales | U22: Hábitat y vivienda | V22: Gestión de Riesgos | W22: Otorgar personalidad jurídica a organizaciones sociales | X22: Planificar el desarrollo territorial y formular los correspondientes planes de ordenamiento territorial
A23: Baja gestión de recursos para la implementación de la planificación | B23: Problema | C23: Mejoramiento de la eficiencia, eficacia y ejecución de la planificación | D23: Elaboración e implementación de un plan estratégico institucional | E23: Planificar el desarrollo territorial y formular los correspondientes planes de ordenamiento territorial | F23: =+'T1. Inventario de información'!$A$13 -> PARROQUIAL | T23: Participación ciudadana | U23: Otorgar personalidad jurídica a organizaciones sociales | V23: Hábitat y vivienda | W23: Participación ciudadana | X23: Gestión y uso de suelo
A24: Inadecuada asignación de funciones y roles de gestión asignados del equipo técnico | B24: Problema | C24: Mejoramiento de la eficiencia, eficacia y ejecución de la planificación | D24: Elaboración e implementación de un plan estratégico institucional | E24: Planificar el desarrollo territorial y formular los correspondientes planes de ordenamiento territorial | F24: =+'T1. Inventario de información'!$A$13 -> PARROQUIAL | T24: Planificar el desarrollo territorial y formular los correspondientes planes de ordenamiento territorial | U24: Participación ciudadana | V24: Otorgar personalidad jurídica a organizaciones sociales | W24: Planificar el desarrollo territorial y formular los correspondientes planes de ordenamiento territorial | X24: Crear, modificar, exonerar o suprimir mediante ordenanzas, tasas y contribuciones especiales de mejoras
A25: Eficiencia y compromiso del equipo técnico y político | B25: Potencialidad | C25: Mejoramiento del sistema de participación ciudadana en la parroquia | D25: Elaboración e implementación de un plan estratégico institucional | E25: Planificar el desarrollo territorial y formular los correspondientes planes de ordenamiento territorial | F25: =+'T1. Inventario de información'!$A$13 -> PARROQUIAL | T25: Preservar, mantener y difundir el patrimonio cultural | U25: Planificar el desarrollo territorial y formular los correspondientes planes de ordenamiento territorial | V25: Participación ciudadana | W25: Infraestructura física, equipamientos y espacios públicos de la parroquia rural | X25: Delimitar, regular, autorizar y controlar el uso de las playas de mar, riberas y lechos de ríos, lagos y lagunas, sin perjuicio de las limitaciones que establezca la ley
A26: Ausencia de agenda de trabajo en territorio | B26: Problema | C26: Mejoramiento del sistema de participación ciudadana en la parroquia | D26: Elaboración e implementación de un plan estratégico institucional | E26: Participación ciudadana | F26: =+'T1. Inventario de información'!$A$13 -> PARROQUIAL | T26: Prestación de servicios públicos: Agua Potable | U26: Infraestructura física, equipamientos y espacios públicos de la parroquia rural | V26: Planificar el desarrollo territorial y formular los correspondientes planes de ordenamiento territorial | W26: Preservar, mantener y difundir el patrimonio cultural | X26: Preservar y garantizar el acceso efectivo de las personas al uso de las playas de mar, riberas de ríos, lagos y lagunas
A27: Alta participación comunitaria | B27: Potencialidad | C27: Mejoramiento del sistema de participación ciudadana en la parroquia | D27: Elaboración e implementación de un plan estratégico institucional | E27: Participación ciudadana | F27: =+'T1. Inventario de información'!$A$13 -> PARROQUIAL | T27: Protección integral a la niñez y adolescencia | U27: Preservar, mantener y difundir el patrimonio cultural | V27: Gestión y uso de suelo | W27: Prestación de servicios públicos: Agua Potable | X27: Planificar, construir y mantener los espacios públicos destinados al desarrollo social, cultural y deportivo
A28: Parroquia dinamiza sus actividades socioculturales y tradiciones de forma permanente | B28: Potencialidad | C28: Consolidación de la identidad cultural y fortalecimiento del tejido social mediante la preservación y promoción de las tradiciones y actividades socioculturales de la parroquia. | D28: Coordinación y apoyo a iniciativas comunitarias, agendas culturales y espacios de participación para la promoción y sostenibilidad de las actividades socioculturales. | E28: Participación ciudadana
A29: Matriz de distribución de agua potable por cumplir su vida útil | B29: Problema | C29: Mantenimiento de la calidad del servicio de agua potable a nivel parroquial | D29: Gestión con el GAD municipal un plan de renovación y mantenimiento de los sistemas de agua potable | E29: Prestación de servicios públicos: Agua Potable | F29: =+'T1. Inventario de información'!$A$13 -> PARROQUIAL | T29: Protección Integral de Derechos | U29: Prestación de servicios públicos: Agua Potable | V29: Crear, modificar, exonerar o suprimir mediante ordenanzas, tasas y contribuciones especiales de mejoras | W29: Prestación de servicios públicos: Alcantarillado | X29: Infraestructura física, equipamientos y espacios públicos de la parroquia rural
A30: Alta cobertura de agua potable en la parroquia | B30: Potencialidad | C30: Mantenimiento de la calidad del servicio de agua potable a nivel parroquial | D30: Gestión con el GAD municipal un plan de renovación y mantenimiento de los sistemas de agua potable | E30: Prestación de servicios públicos: Agua Potable
A31: Las fuentes de agua no cuentan con sistemas de protección física | B31: Problema | C31: Protección integral y física de las fuentes de agua en toda la parroquia | D31: Gestión con el GAD municipal y la prefectura del Azuay un proyecto de protección física de las fuentes hídricas. | E31: =+E30 -> Prestación de servicios públicos: Agua Potable
A32: La mayoría de las comunidades cuentan con agua para consumo humano y de riego | B32: Potencialidad | C32: Mantenimiento de la calidad y cantidad de agua para consumo humano y riego | D32: Gestión con el GAD municipal un plan de renovación y mantenimiento de los sistemas de agua potable | E32: =+E31 -> Prestación de servicios públicos: Agua Potable
A33: Baja cobertura de servicio de tratamiento de aguas residuales en la parroquia | B33: Problema | C33: Mejoramiento de los servicios de alcantarillado y gestión de aguas residuales en la parroquia | D33: Gestión con el GAD municipal de Girón la ampliación y mejoramiento de recolección y tratamiento de aguas residuales | E33: Prestación de servicios públicos: Depuración de aguas residuales | F33: =+'T1. Inventario de información'!$A$13 -> PARROQUIAL | T33: Tránsito, Transporte Terrestre y Seguridad Vial | U33: Prevención, protección, socorro y extinción de incendios | V33: Delimitar, regular, autorizar y controlar el uso de las playas de mar, riberas y lechos de ríos, lagos y lagunas, sin perjuicio de las limitaciones que establezca la ley | W33: Prestación de servicios públicos: Depuración de aguas residuales | X33: Prestación de servicios públicos: Agua Potable
A34: La parroquia cuenta con una planta de tratamiento de aguas residuales | B34: Potencialidad | C34: Mantenimiento de la planta de tratamiento funcionando de manera eficiente | D34: Mantenimientos anuales para que funcione de manera eficiente de las plantas de tratamiento de aguas residuales | E34: =+E33 -> Prestación de servicios públicos: Depuración de aguas residuales
A35: Quema de desechos sólidos en comunidades rurales por baja cobertura de servicio de recolección | B35: Problema | C35: Ampliación de la cobertura del servicio de recolección de desechos sólidos a nivel parroquial | D35: Gestión con el GAD municipal de Girón la ampliación y mejoramiento del sistema de recolección de residuos sólidos | E35: Prestación de servicios públicos: Desechos Sólidos | F35: =+'T1. Inventario de información'!$A$13 -> PARROQUIAL | T35: Vialidad | U35: Protección integral a la niñez y adolescencia | V35: Preservar y garantizar el acceso efectivo de las personas al uso de las playas de mar, riberas de ríos, lagos y lagunas | W35: Prestación de servicios públicos: Desechos Sólidos | X35: Prestación de servicios públicos: Alcantarillado
A36: Buena cobertura de recolección de desechos sólidos parroquial | B36: Potencialidad | C36: Ampliación de la cobertura del servicio de recolección de desechos sólidos a nivel parroquial | D36: Gestión con el GAD municipal de Girón la ampliación y mejoramiento del sistema de recolección de residuos sólidos | E36: Prestación de servicios públicos: Desechos Sólidos
A37: Requerimiento de mantenimiento permanente de vías de lastre y tierra, mismas que representan la mayor proporción de la red vial parroquial | B37: Problema | C37: Mantenimiento del buen estado las vías de la parroquia | D37: Gestión con el GAD provincial el mantenimiento permanente de la red vial | E37: Vialidad | F37: =+'T1. Inventario de información'!$A$13 -> PARROQUIAL | U37: Protección Integral de Derechos | V37: Planificar, construir y mantener los espacios públicos destinados al desarrollo social, cultural y deportivo | W37: Prestación de servicios públicos: Saneamiento Ambiental | X37: Prestación de servicios públicos: Depuración de aguas residuales
A38: Buena cobertura y conectividad de la red vial a nivel parroquial | B38: Potencialidad | C38: Mantenimiento del buen estado las vías de la parroquia | D38: Gestión con el GAD provincial el mantenimiento permanente de la red vial | E38: Vialidad
A39: Bajo mantenimiento de los equipamientos de la parroquia | B39: Problema | C39: Mantenimiento en óptimas condiciones los equipamientos a nivel parroquial | D39: Implementación de un programa de mantenimiento de los equipamientos a nivel parroquial | E39: Infraestructura física, equipamientos y espacios públicos de la parroquia rural | F39: =+'T1. Inventario de información'!$A$13 -> PARROQUIAL | U39: Riego y Drenaje | V39: Infraestructura física, equipamientos y espacios públicos de la parroquia rural | W39: Protección integral a la niñez y adolescencia | X39: Prestación de servicios públicos: Desechos Sólidos
A40: Buena dotación de equipamientos a nivel parroquial | B40: Potencialidad | C40: Mantenimiento en óptimas condiciones los equipamientos a nivel parroquial | D40: Implementación de un programa de mantenimiento de los equipamientos a nivel parroquial | E40: Infraestructura física, equipamientos y espacios públicos de la parroquia rural | F40: =+'T1. Inventario de información'!$A$13 -> PARROQUIAL | U40: Vialidad | V40: Planificar, construir y mantener la Infraestructura y equipamientos físicos de salud y educación | W40: Protección Integral de Derechos | X40: Prestación de servicios públicos: Saneamiento Ambiental
A41: Presencia de 9 fallas geológicas | B41: Problema | C41: Estabilización de las fallas geológicas, especialmente en la que se encuentra en la comunidad de Bestión | D41: Señalización de zonas vulnerables a deslizamientos debido a la presencia de fallas geológicas, y; socializar y capacitar la población del riesgo al que están expuestos, realizar medidas de mitigación en puntos críticos. | E41: Gestión de riesgos | F41: =+'T1. Inventario de información'!$A$13 -> PARROQUIAL | V41: Preservar, mantener y difundir el patrimonio cultural | W41: Riego y Drenaje | X41: Protección Integral de Derechos
A42: Cuenta con áreas boscosas y páramo que ayudan a regular el ciclo hidrológico en la parroquia | B42: Potencialidad | C42: Mantenimiento de la calidad y cantidad de bosques y páramos dentro de la parroquia | D42: Diseño e implementación de un plan de manejo ambiental de la parroquia con enfoque paisajístico | E42: Gestión Ambiental | F42: =+'T1. Inventario de información'!$A$13 -> PARROQUIAL | V42: Prestación de servicios públicos: Agua Potable | W42: Vialidad | X42: Regulación del flujo migratorio
A43: Centro parroquial dispone de espacios para la implementacion de áreas verdes | B43: Potencialidad | C43: Ampliación del area urbana parroquial | D43: Diseño e implementación de un plan de manejo ambiental de la parroquia con enfoque paisajístico | E43: Gestión Ambiental | F43: =+'T1. Inventario de información'!$A$13 -> PARROQUIAL | V43: Prestación de servicios públicos: Alcantarillado | W43: Vigilancia de la ejecución de obras y calidad de los servicios públicos | X43: Riego y Drenaje
A44: San Gerardo cuenta con el ABVP El Chorro | B44: Potencialidad | C44: Conservación de los recursos naturales dentro del área protegida | D44: Formulación y actualización del plan de manejo de áreas protegidas | E44: Gestión Ambiental | F44: =+'T1. Inventario de información'!$A$13 -> PARROQUIAL | V44: Prestación de servicios públicos: Depuración de aguas residuales | X44: Tránsito, Transporte Terrestre y Seguridad Vial
F45: =+'T1. Inventario de información'!$A$13 -> PARROQUIAL | V45: Prestación de servicios públicos: Desechos Sólidos | X45: Vialidad
F46: =+'T1. Inventario de información'!$A$13 -> PARROQUIAL | V46: Prestación de servicios públicos: Saneamiento Ambiental | X46: Vigilancia de la ejecución de obras y calidad de los servicios públicos
F47: =+'T1. Inventario de información'!$A$13 -> PARROQUIAL | V47: Prestación de servicios que satisfagan necesidades colectivas: cementerios
F48: =+'T1. Inventario de información'!$A$13 -> PARROQUIAL | V48: Prestación de servicios que satisfagan necesidades colectivas: elaboración , manejo y expendio de víveres
F49: =+'T1. Inventario de información'!$A$13 -> PARROQUIAL | V49: Prestación de servicios que satisfagan necesidades colectivas: plazas de mercado
F50: =+'T1. Inventario de información'!$A$13 -> PARROQUIAL | V50: Prestación de servicios que satisfagan necesidades colectivas: servicios de FAENAMIENTO
F51: =+'T1. Inventario de información'!$A$13 -> PARROQUIAL | V51: Prevención, protección, socorro y extinción de incendios
F52: =+'T1. Inventario de información'!$A$13 -> PARROQUIAL | V52: Protección integral a la niñez y adolescencia
F53: =+'T1. Inventario de información'!$A$13 -> PARROQUIAL | V53: Protección Integral de Derechos
F54: =+'T1. Inventario de información'!$A$13 -> PARROQUIAL | V54: Registro de la propiedad
F55: =+'T1. Inventario de información'!$A$13 -> PARROQUIAL | V55: Tránsito, Transporte Terrestre y Seguridad Vial
F56: =+'T1. Inventario de información'!$A$13 -> PARROQUIAL | V56: Vialidad
F57: =+'T1. Inventario de información'!$A$13 -> PARROQUIAL
F58: =+'T1. Inventario de información'!$A$13 -> PARROQUIAL
F59: =+'T1. Inventario de información'!$A$13 -> PARROQUIAL
F60: =+'T1. Inventario de información'!$A$13 -> PARROQUIAL
F61: =+'T1. Inventario de información'!$A$13 -> PARROQUIAL
F62: =+'T1. Inventario de información'!$A$13 -> PARROQUIAL
F63: =+'T1. Inventario de información'!$A$13 -> PARROQUIAL
F64: =+'T1. Inventario de información'!$A$13 -> PARROQUIAL
F65: =+'T1. Inventario de información'!$A$13 -> PARROQUIAL
F66: =+'T1. Inventario de información'!$A$13 -> PARROQUIAL
F67: =+'T1. Inventario de información'!$A$13 -> PARROQUIAL
F68: =+'T1. Inventario de información'!$A$13 -> PARROQUIAL
... F1017: =+'T1. Inventario de información'!$A$13 -> PARROQUIAL

Sheet T4 Y T5. PRIORIZACION PROB-POTE
A1: Tabla 4. Herramienta para la priorización de potencialidades Tabla 5. Herramienta para la priorización de problemas
C2: Criterios de priorización
A3: Potencialidades / Problemas | B3: Tipo | C3: Apoyo de sectores involucrados | D3: Urgencia | E3: Ámbito territorial | F3: Capacidad institucional | G3: Competencia exclusiva o concurrente | H3: Sumatoria | I3: Valoración total (alta, media, baja)
A4: ='T2 Y T3. PROBLEMA-POTENCIALIDAD'!A4 -> Fuentes de trabajo y empleo reducidas | B4: Problema | C4: 15 | D4: 19 | E4: 19 | F4: 5 | G4: 5 | H4: =IF(SUM(C4:G4)<=100, SUM(C4:G4), "ERROR:La sumatoria debe ser menor o igual a 100") -> 63 | I4: =IF(H4=0,"",IF(H4<33,"BAJA",IF(H4<=66,"MEDIA","ALTA"))) -> MEDIA | J4: =IF(I4="Alta",1,IF(I4="Media",1,2)) -> 1
A5: ='T2 Y T3. PROBLEMA-POTENCIALIDAD'!A5 -> Escasa diversificación de la producción agropecuaria | B5: Problema | C5: 15 | D5: 19 | E5: 19 | F5: 5 | G5: 5 | H5: =IF(SUM(C5:G5)<=100, SUM(C5:G5), "ERROR:La sumatoria debe ser menor o igual a 100") -> 63 | I5: =IF(H5=0,"",IF(H5<33,"BAJA",IF(H5<=66,"MEDIA","ALTA"))) -> MEDIA | J5: =IF(I5="Alta",1,IF(I5="Media",1,2)) -> 1
A6: ='T2 Y T3. PROBLEMA-POTENCIALIDAD'!A6 -> Falta de innovación, iniciativa, liderazgo y desarrollo para diversificación de productos | B6: Problema | C6: 15 | D6: 19 | E6: 19 | F6: 5 | G6: 5 | H6: =IF(SUM(C6:G6)<=100, SUM(C6:G6), "ERROR:La sumatoria debe ser menor o igual a 100") -> 63 | I6: =IF(H6=0,"",IF(H6<33,"BAJA",IF(H6<=66,"MEDIA","ALTA"))) -> MEDIA | J6: =IF(I6="Alta",1,IF(I6="Media",1,2)) -> 1
A7: ='T2 Y T3. PROBLEMA-POTENCIALIDAD'!A7 -> Sector productor lechero establecido | B7: Potencialidad | C7: 15 | D7: 19 | E7: 19 | F7: 5 | G7: 5 | H7: =IF(SUM(C7:G7)<=100, SUM(C7:G7), "ERROR:La sumatoria debe ser menor o igual a 100") -> 63 | I7: =IF(H7=0,"",IF(H7<33,"BAJA",IF(H7<=66,"MEDIA","ALTA"))) -> MEDIA | J7: =IF(I7="Alta",1,IF(I7="Media",1,2)) -> 1
A8: ='T2 Y T3. PROBLEMA-POTENCIALIDAD'!A8 -> Falta de acceso a mercados para comercializar productos | B8: Problema | C8: 15 | D8: 19 | E8: 19 | F8: 5 | G8: 5 | H8: =IF(SUM(C8:G8)<=100, SUM(C8:G8), "ERROR:La sumatoria debe ser menor o igual a 100") -> 63 | I8: =IF(H8=0,"",IF(H8<33,"BAJA",IF(H8<=66,"MEDIA","ALTA"))) -> MEDIA | J8: =IF(I8="Alta",1,IF(I8="Media",1,2)) -> 1
A9: ='T2 Y T3. PROBLEMA-POTENCIALIDAD'!A9 -> Baja productividad agropecuaria en épocas de verano | B9: Problema | C9: 15 | D9: 19 | E9: 19 | F9: 5 | G9: 5 | H9: =IF(SUM(C9:G9)<=100, SUM(C9:G9), "ERROR:La sumatoria debe ser menor o igual a 100") -> 63 | I9: =IF(H9=0,"",IF(H9<33,"BAJA",IF(H9<=66,"MEDIA","ALTA"))) -> MEDIA | J9: =IF(I9="Alta",1,IF(I9="Media",1,2)) -> 1
A10: ='T2 Y T3. PROBLEMA-POTENCIALIDAD'!A10 -> Limitado número de atractivos y oferta turística desarticulada | B10: Problema | C10: 15 | D10: 19 | E10: 19 | F10: 5 | G10: 5 | H10: =IF(SUM(C10:G10)<=100, SUM(C10:G10), "ERROR:La sumatoria debe ser menor o igual a 100") -> 63 | I10: =IF(H10=0,"",IF(H10<33,"BAJA",IF(H10<=66,"MEDIA","ALTA"))) -> MEDIA | J10: =IF(I10="Alta",1,IF(I10="Media",1,2)) -> 1
A11: ='T2 Y T3. PROBLEMA-POTENCIALIDAD'!A11 -> Ubicación en corredor vial que une atractivos turísticos de alta jerarquía | B11: Potencialidad | C11: 15 | D11: 19 | E11: 19 | F11: 5 | G11: 5 | H11: =IF(SUM(C11:G11)<=100, SUM(C11:G11), "ERROR:La sumatoria debe ser menor o igual a 100") -> 63 | I11: =IF(H11=0,"",IF(H11<33,"BAJA",IF(H11<=66,"MEDIA","ALTA"))) -> MEDIA | J11: =IF(I11="Alta",1,IF(I11="Media",1,2)) -> 1
A12: ='T2 Y T3. PROBLEMA-POTENCIALIDAD'!A12 -> Reducción poblacional por migración y baja tasa de natalidad | B12: Problema | C12: 10 | D12: 20 | E12: 20 | F12: 5 | G12: 5 | H12: =IF(SUM(C12:G12)<=100, SUM(C12:G12), "ERROR:La sumatoria debe ser menor o igual a 100") -> 60 | I12: =IF(H12=0,"",IF(H12<33,"BAJA",IF(H12<=66,"MEDIA","ALTA"))) -> MEDIA | J12: =IF(I12="Alta",1,IF(I12="Media",1,2)) -> 1
A13: ='T2 Y T3. PROBLEMA-POTENCIALIDAD'!A13 -> Presencia de monocultivos | B13: Problema | C13: 15 | D13: 18 | E13: 15 | F13: 10 | G13: 10 | H13: =IF(SUM(C13:G13)<=100, SUM(C13:G13), "ERROR:La sumatoria debe ser menor o igual a 100") -> 68 | I13: =IF(H13=0,"",IF(H13<33,"BAJA",IF(H13<=66,"MEDIA","ALTA"))) -> ALTA | J13: =IF(I13="Alta",1,IF(I13="Media",1,2)) -> 1
A14: ='T2 Y T3. PROBLEMA-POTENCIALIDAD'!A14 -> Cambio de uso del suelo por avance de la frontera agrícola y pecuaria | B14: Problema | C14: 15 | D14: 20 | E14: 15 | F14: 10 | G14: 10 | H14: =IF(SUM(C14:G14)<=100, SUM(C14:G14), "ERROR:La sumatoria debe ser menor o igual a 100") -> 70 | I14: =IF(H14=0,"",IF(H14<33,"BAJA",IF(H14<=66,"MEDIA","ALTA"))) -> ALTA | J14: =IF(I14="Alta",1,IF(I14="Media",1,2)) -> 1
A15: ='T2 Y T3. PROBLEMA-POTENCIALIDAD'!A15 -> Los suelos son muy productivos para actividades agrícolas y pecuarias | B15: Potencialidad | C15: 15 | D15: 15 | E15: 15 | F15: 10 | G15: 10 | H15: =IF(SUM(C15:G15)<=100, SUM(C15:G15), "ERROR:La sumatoria debe ser menor o igual a 100") -> 65 | I15: =IF(H15=0,"",IF(H15<33,"BAJA",IF(H15<=66,"MEDIA","ALTA"))) -> MEDIA | J15: =IF(I15="Alta",1,IF(I15="Media",1,2)) -> 1
... A17: ='T2 Y T3. PROBLEMA-POTENCIALIDAD'!A17 -> La parroquia cuenta con sistemas de canales para riego en todo su territorio | B17: Potencialidad | C17: 15 | D17: 15 | E17: 15 | F17: 10 | G17: 10 | H17: =IF(SUM(C17:G17)<=100, SUM(C17:G17), "ERROR:La sumatoria debe ser menor o igual a 100") -> 65 | I17: =IF(H17=0,"",IF(H17<33,"BAJA",IF(H17<=66,"MEDIA","ALTA"))) -> MEDIA | J17: =IF(I17="Alta",1,IF(I17="Media",1,2)) -> 1
A18: ='T2 Y T3. PROBLEMA-POTENCIALIDAD'!A18 -> Las comunidades de Cauquil alto y bajo no cuentan con fuentes hídricas que proporcionen el recurso para riego | B18: Problema | C18: 15 | D18: 20 | E18: 15 | F18: 15 | G18: 15 | H18: =IF(SUM(C18:G18)<=100, SUM(C18:G18), "ERROR:La sumatoria debe ser menor o igual a 100") -> 80 | I18: =IF(H18=0,"",IF(H18<33,"BAJA",IF(H18<=66,"MEDIA","ALTA"))) -> ALTA
A19: ='T2 Y T3. PROBLEMA-POTENCIALIDAD'!A19 -> Malnutrición y desnutrición crónica infantil | B19: Problema | C19: 10 | D19: 15 | E19: 20 | F19: 15 | G19: 15 | H19: =IF(SUM(C19:G19)<=100, SUM(C19:G19), "ERROR:La sumatoria debe ser menor o igual a 100") -> 75 | I19: =IF(H19=0,"",IF(H19<33,"BAJA",IF(H19<=66,"MEDIA","ALTA"))) -> ALTA | J19: =IF(I19="Alta",1,IF(I19="Media",1,2)) -> 1
A20: ='T2 Y T3. PROBLEMA-POTENCIALIDAD'!A20 -> Alta tasa de población de adultos mayores sin acceso a servicios de salud y cuidado | B20: Problema | C20: 10 | D20: 15 | E20: 20 | F20: 15 | G20: 15 | H20: =IF(SUM(C20:G20)<=100, SUM(C20:G20), "ERROR:La sumatoria debe ser menor o igual a 100") -> 75 | I20: =IF(H20=0,"",IF(H20<33,"BAJA",IF(H20<=66,"MEDIA","ALTA"))) -> ALTA
A21: ='T2 Y T3. PROBLEMA-POTENCIALIDAD'!A21 -> Incremento en la tasa de asistencia escolar en particular a nivel de bachillerato | B21: Potencialidad | C21: 10 | D21: 15 | E21: 20 | F21: 15 | G21: 15 | H21: =IF(SUM(C21:G21)<=100, SUM(C21:G21), "ERROR:La sumatoria debe ser menor o igual a 100") -> 75 | I21: =IF(H21=0,"",IF(H21<33,"BAJA",IF(H21<=66,"MEDIA","ALTA"))) -> ALTA | J21: =IF(I21="Alta",1,IF(I21="Media",1,2)) -> 1
A22: ='T2 Y T3. PROBLEMA-POTENCIALIDAD'!A22 -> Escases de personal técnico y baja permanencia con la consecuencia de discontinuidad de procesos institucionales y planificación | B22: Problema | C22: 10 | D22: 15 | E22: 15 | F22: 10 | G22: 10 | H22: =IF(SUM(C22:G22)<=100, SUM(C22:G22), "ERROR:La sumatoria debe ser menor o igual a 100") -> 60 | I22: =IF(H22=0,"",IF(H22<33,"BAJA",IF(H22<=66,"MEDIA","ALTA"))) -> MEDIA | J22: =IF(I22="Alta",1,IF(I22="Media",1,2)) -> 1
A23: ='T2 Y T3. PROBLEMA-POTENCIALIDAD'!A23 -> Baja gestión de recursos para la implementación de la planificación | B23: Problema | C23: 15 | D23: 15 | E23: 20 | F23: 15 | G23: 10 | H23: =IF(SUM(C23:G23)<=100, SUM(C23:G23), "ERROR:La sumatoria debe ser menor o igual a 100") -> 75 | I23: =IF(H23=0,"",IF(H23<33,"BAJA",IF(H23<=66,"MEDIA","ALTA"))) -> ALTA | J23: =IF(I23="Alta",1,IF(I23="Media",1,2)) -> 1
A24: ='T2 Y T3. PROBLEMA-POTENCIALIDAD'!A24 -> Inadecuada asignación de funciones y roles de gestión asignados del equipo técnico | B24: Problema | C24: 15 | D24: 10 | E24: 15 | F24: 10 | G24: 10 | H24: =IF(SUM(C24:G24)<=100, SUM(C24:G24), "ERROR:La sumatoria debe ser menor o igual a 100") -> 60 | I24: =IF(H24=0,"",IF(H24<33,"BAJA",IF(H24<=66,"MEDIA","ALTA"))) -> MEDIA | J24: =IF(I24="Alta",1,IF(I24="Media",1,2)) -> 1
A25: ='T2 Y T3. PROBLEMA-POTENCIALIDAD'!A25 -> Eficiencia y compromiso del equipo técnico y político | B25: Potencialidad | C25: 10 | D25: 15 | E25: 20 | F25: 15 | G25: 15 | H25: =IF(SUM(C25:G25)<=100, SUM(C25:G25), "ERROR:La sumatoria debe ser menor o igual a 100") -> 75 | I25: =IF(H25=0,"",IF(H25<33,"BAJA",IF(H25<=66,"MEDIA","ALTA"))) -> ALTA | J25: =IF(I25="Alta",1,IF(I25="Media",1,2)) -> 1
A26: ='T2 Y T3. PROBLEMA-POTENCIALIDAD'!A26 -> Ausencia de agenda de trabajo en territorio | B26: Problema | C26: 15 | D26: 15 | E26: 15 | F26: 15 | G26: 15 | H26: =IF(SUM(C26:G26)<=100, SUM(C26:G26), "ERROR:La sumatoria debe ser menor o igual a 100") -> 75 | I26: =IF(H26=0,"",IF(H26<33,"BAJA",IF(H26<=66,"MEDIA","ALTA"))) -> ALTA | J26: =IF(I26="Alta",1,IF(I26="Media",1,2)) -> 1
A27: ='T2 Y T3. PROBLEMA-POTENCIALIDAD'!A27 -> Alta participación comunitaria | B27: Potencialidad | C27: 10 | D27: 15 | E27: 20 | F27: 15 | G27: 15 | H27: =IF(SUM(C27:G27)<=100, SUM(C27:G27), "ERROR:La sumatoria debe ser menor o igual a 100") -> 75 | I27: =IF(H27=0,"",IF(H27<33,"BAJA",IF(H27<=66,"MEDIA","ALTA"))) -> ALTA | J27: =IF(I27="Alta",1,IF(I27="Media",1,2)) -> 1
A28: ='T2 Y T3. PROBLEMA-POTENCIALIDAD'!A28 -> Parroquia dinamiza sus actividades socioculturales y tradiciones de forma permanente | B28: Potencialidad | C28: 15 | D28: 10 | E28: 15 | F28: 10 | G28: 10 | H28: =IF(SUM(C28:G28)<=100, SUM(C28:G28), "ERROR:La sumatoria debe ser menor o igual a 100") -> 60 | I28: =IF(H28=0,"",IF(H28<33,"BAJA",IF(H28<=66,"MEDIA","ALTA"))) -> MEDIA | J28: =IF(I28="Alta",1,IF(I28="Media",1,2)) -> 1
A29: ='T2 Y T3. PROBLEMA-POTENCIALIDAD'!A29 -> Matriz de distribución de agua potable por cumplir su vida útil | B29: Problema | C29: 15 | D29: 10 | E29: 15 | F29: 10 | G29: 10 | H29: =IF(SUM(C29:G29)<=100, SUM(C29:G29), "ERROR:La sumatoria debe ser menor o igual a 100") -> 60 | I29: =IF(H29=0,"",IF(H29<33,"BAJA",IF(H29<=66,"MEDIA","ALTA"))) -> MEDIA | J29: =IF(I29="Alta",1,IF(I29="Media",1,2)) -> 1
A30: ='T2 Y T3. PROBLEMA-POTENCIALIDAD'!A30 -> Alta cobertura de agua potable en la parroquia | B30: Potencialidad | C30: 15 | D30: 10 | E30: 15 | F30: 10 | G30: 10 | H30: =IF(SUM(C30:G30)<=100, SUM(C30:G30), "ERROR:La sumatoria debe ser menor o igual a 100") -> 60 | I30: =IF(H30=0,"",IF(H30<33,"BAJA",IF(H30<=66,"MEDIA","ALTA"))) -> MEDIA | J30: =IF(I30="Alta",1,IF(I30="Media",1,2)) -> 1
A31: ='T2 Y T3. PROBLEMA-POTENCIALIDAD'!A31 -> Las fuentes de agua no cuentan con sistemas de protección física | B31: Problema | C31: 15 | D31: 20 | E31: 15 | F31: 10 | G31: 10 | H31: =IF(SUM(C31:G31)<=100, SUM(C31:G31), "ERROR:La sumatoria debe ser menor o igual a 100") -> 70 | I31: =IF(H31=0,"",IF(H31<33,"BAJA",IF(H31<=66,"MEDIA","ALTA"))) -> ALTA | J31: =IF(I31="Alta",1,IF(I31="Media",1,2)) -> 1
A32: ='T2 Y T3. PROBLEMA-POTENCIALIDAD'!A32 -> La mayoría de las comunidades cuentan con agua para consumo humano y de riego | B32: Potencialidad | C32: 15 | D32: 15 | E32: 15 | F32: 10 | G32: 10 | H32: =IF(SUM(C32:G32)<=100, SUM(C32:G32), "ERROR:La sumatoria debe ser menor o igual a 100") -> 65 | I32: =IF(H32=0,"",IF(H32<33,"BAJA",IF(H32<=66,"MEDIA","ALTA"))) -> MEDIA | J32: =IF(I32="Alta",1,IF(I32="Media",1,2)) -> 1
... A35: ='T2 Y T3. PROBLEMA-POTENCIALIDAD'!A35 -> Quema de desechos sólidos en comunidades rurales por baja cobertura de servicio de recolección | B35: Problema | C35: 10 | D35: 15 | E35: 15 | F35: 10 | G35: 10 | H35: =IF(SUM(C35:G35)<=100, SUM(C35:G35), "ERROR:La sumatoria debe ser menor o igual a 100") -> 60 | I35: =IF(H35=0,"",IF(H35<33,"BAJA",IF(H35<=66,"MEDIA","ALTA"))) -> MEDIA | J35: =IF(I35="Alta",1,IF(I35="Media",1,2)) -> 1
A36: ='T2 Y T3. PROBLEMA-POTENCIALIDAD'!A36 -> Buena cobertura de recolección de desechos sólidos parroquial | B36: Potencialidad | C36: 15 | D36: 10 | E36: 15 | F36: 10 | G36: 10 | H36: =IF(SUM(C36:G36)<=100, SUM(C36:G36), "ERROR:La sumatoria debe ser menor o igual a 100") -> 60 | I36: =IF(H36=0,"-",IF(H36<33,"BAJA",IF(H36<=66,"MEDIA","ALTA"))) -> MEDIA | J36: =IF(I36="Alta",1,IF(I36="Media",1,2)) -> 1
A37: ='T2 Y T3. PROBLEMA-POTENCIALIDAD'!A37 -> Requerimiento de mantenimiento permanente de vías de lastre y tierra, mismas que representan la mayor proporción de la red vial parroquial | B37: Problema | C37: 15 | D37: 15 | E37: 20 | F37: 15 | G37: 10 | H37: =IF(SUM(C37:G37)<=100, SUM(C37:G37), "ERROR:La sumatoria debe ser menor o igual a 100") -> 75 | I37: =IF(H37=0,"",IF(H37<33,"BAJA",IF(H37<=66,"MEDIA","ALTA"))) -> ALTA | J37: =IF(I37="Alta",1,IF(I37="Media",1,2)) -> 1
A38: ='T2 Y T3. PROBLEMA-POTENCIALIDAD'!A38 -> Buena cobertura y conectividad de la red vial a nivel parroquial | B38: Potencialidad | C38: 15 | D38: 15 | E38: 20 | F38: 15 | G38: 10 | H38: =IF(SUM(C38:G38)<=100, SUM(C38:G38), "ERROR:La sumatoria debe ser menor o igual a 100") -> 75 | I38: =IF(H38=0,"",IF(H38<33,"BAJA",IF(H38<=66,"MEDIA","ALTA"))) -> ALTA | J38: =IF(I38="Alta",1,IF(I38="Media",1,2)) -> 1
A39: ='T2 Y T3. PROBLEMA-POTENCIALIDAD'!A39 -> Bajo mantenimiento de los equipamientos de la parroquia | B39: Problema | C39: 15 | D39: 15 | E39: 15 | F39: 15 | G39: 15 | H39: =IF(SUM(C39:G39)<=100, SUM(C39:G39), "ERROR:La sumatoria debe ser menor o igual a 100") -> 75 | I39: =IF(H39=0,"",IF(H39<33,"BAJA",IF(H39<=66,"MEDIA","ALTA"))) -> ALTA | J39: =IF(I39="Alta",1,IF(I39="Media",1,2)) -> 1
A40: ='T2 Y T3. PROBLEMA-POTENCIALIDAD'!A40 -> Buena dotación de equipamientos a nivel parroquial | B40: Potencialidad | C40: 15 | D40: 15 | E40: 15 | F40: 15 | G40: 15 | H40: =IF(SUM(C40:G40)<=100, SUM(C40:G40), "ERROR:La sumatoria debe ser menor o igual a 100") -> 75 | I40: =IF(H40=0,"",IF(H40<33,"BAJA",IF(H40<=66,"MEDIA","ALTA"))) -> ALTA | J40: =IF(I40="Alta",1,IF(I40="Media",1,2)) -> 1
A41: ='T2 Y T3. PROBLEMA-POTENCIALIDAD'!A41 -> Presencia de 9 fallas geológicas | B41: Problema | C41: 15 | D41: 18 | E41: 15 | F41: 15 | G41: 15 | H41: =IF(SUM(C41:G41)<=100, SUM(C41:G41), "ERROR:La sumatoria debe ser menor o igual a 100") -> 78 | I41: =IF(H41=0,"",IF(H41<33,"BAJA",IF(H41<=66,"MEDIA","ALTA"))) -> ALTA | J41: =IF(I41="Alta",1,IF(I41="Media",1,2)) -> 1
A42: ='T2 Y T3. PROBLEMA-POTENCIALIDAD'!A42 -> Cuenta con áreas boscosas y páramo que ayudan a regular el ciclo hidrológico en la parroquia | B42: Potencialidad | C42: 15 | D42: 15 | E42: 15 | F42: 10 | G42: 10 | H42: =IF(SUM(C42:G42)<=100, SUM(C42:G42), "ERROR:La sumatoria debe ser menor o igual a 100") -> 65 | I42: =IF(H42=0,"",IF(H42<33,"BAJA",IF(H42<=66,"MEDIA","ALTA"))) -> MEDIA | J42: =IF(I42="Alta",1,IF(I42="Media",1,2)) -> 1
A43: ='T2 Y T3. PROBLEMA-POTENCIALIDAD'!A43 -> Centro parroquial dispone de espacios para la implementacion de áreas verdes | B43: Potencialidad | C43: 15 | D43: 15 | E43: 15 | F43: 15 | G43: 15 | H43: =IF(SUM(C43:G43)<=100, SUM(C43:G43), "ERROR:La sumatoria debe ser menor o igual a 100") -> 75 | I43: =IF(H43=0,"",IF(H43<33,"BAJA",IF(H43<=66,"MEDIA","ALTA"))) -> ALTA | J43: =IF(I43="Alta",1,IF(I43="Media",1,2)) -> 1
A44: ='T2 Y T3. PROBLEMA-POTENCIALIDAD'!A44 -> San Gerardo cuenta con el ABVP El Chorro | B44: Potencialidad | C44: 15 | D44: 15 | E44: 15 | F44: 10 | G44: 15 | H44: =IF(SUM(C44:G44)<=100, SUM(C44:G44), "ERROR:La sumatoria debe ser menor o igual a 100") -> 70 | I44: =IF(H44=0,"",IF(H44<33,"BAJA",IF(H44<=66,"MEDIA","ALTA"))) -> ALTA
A45: =IF('T2 Y T3. PROBLEMA-POTENCIALIDAD'!A62="","",'T2 Y T3. PROBLEMA-POTENCIALIDAD'!A62) | B45: =IF('T2 Y T3. PROBLEMA-POTENCIALIDAD'!B62=0,"",'T2 Y T3. PROBLEMA-POTENCIALIDAD'!B62) | H45: =IF(SUM(C45:G45)<=100, SUM(C45:G45),"ERROR:La sumatoria debe ser menor o igual a 100") -> 0 | I45: =IF(H45=0,"",IF(H45<33,"BAJA",IF(H45<=66,"MEDIA","ALTA")))
A46: =IF('T2 Y T3. PROBLEMA-POTENCIALIDAD'!A63="","",'T2 Y T3. PROBLEMA-POTENCIALIDAD'!A63) | B46: =IF('T2 Y T3. PROBLEMA-POTENCIALIDAD'!B63=0,"",'T2 Y T3. PROBLEMA-POTENCIALIDAD'!B63) | H46: =IF(SUM(C46:G46)<=100, SUM(C46:G46),"ERROR:La sumatoria debe ser menor o igual a 100") -> 0 | I46: =IF(H46=0,"",IF(H46<33,"BAJA",IF(H46<=66,"MEDIA","ALTA")))
A47: =IF('T2 Y T3. PROBLEMA-POTENCIALIDAD'!A64="","",'T2 Y T3. PROBLEMA-POTENCIALIDAD'!A64) | B47: =IF('T2 Y T3. PROBLEMA-POTENCIALIDAD'!B64=0,"",'T2 Y T3. PROBLEMA-POTENCIALIDAD'!B64) | H47: =IF(SUM(C47:G47)<=100, SUM(C47:G47),"ERROR:La sumatoria debe ser menor o igual a 100") -> 0 | I47: =IF(H47=0,"",IF(H47<33,"BAJA",IF(H47<=66,"MEDIA","ALTA")))
A48: =IF('T2 Y T3. PROBLEMA-POTENCIALIDAD'!A65="","",'T2 Y T3. PROBLEMA-POTENCIALIDAD'!A65) | B48: =IF('T2 Y T3. PROBLEMA-POTENCIALIDAD'!B65=0,"",'T2 Y T3. PROBLEMA-POTENCIALIDAD'!B65) | H48: =IF(SUM(C48:G48)<=100, SUM(C48:G48),"ERROR:La sumatoria debe ser menor o igual a 100") -> 0 | I48: =IF(H48=0,"",IF(H48<33,"BAJA",IF(H48<=66,"MEDIA","ALTA")))
A49: =IF('T2 Y T3. PROBLEMA-POTENCIALIDAD'!A66="","",'T2 Y T3. PROBLEMA-POTENCIALIDAD'!A66) | B49: =IF('T2 Y T3. PROBLEMA-POTENCIALIDAD'!B66=0,"",'T2 Y T3. PROBLEMA-POTENCIALIDAD'!B66) | H49: =IF(SUM(C49:G49)<=100, SUM(C49:G49),"ERROR:La sumatoria debe ser menor o igual a 100") -> 0 | I49: =IF(H49=0,"",IF(H49<33,"BAJA",IF(H49<=66,"MEDIA","ALTA")))
A50: =IF('T2 Y T3. PROBLEMA-POTENCIALIDAD'!A67="","",'T2 Y T3. PROBLEMA-POTENCIALIDAD'!A67) | B50: =IF('T2 Y T3. PROBLEMA-POTENCIALIDAD'!B67=0,"",'T2 Y T3. PROBLEMA-POTENCIALIDAD'!B67) | H50: =IF(SUM(C50:G50)<=100, SUM(C50:G50),"ERROR:La sumatoria debe ser menor o igual a 100") -> 0 | I50: =IF(H50=0,"",IF(H50<33,"BAJA",IF(H50<=66,"MEDIA","ALTA")))
A51: =IF('T2 Y T3. PROBLEMA-POTENCIALIDAD'!A68="","",'T2 Y T3. PROBLEMA-POTENCIALIDAD'!A68) | B51: =IF('T2 Y T3. PROBLEMA-POTENCIALIDAD'!B68=0,"",'T2 Y T3. PROBLEMA-POTENCIALIDAD'!B68) | H51: =IF(SUM(C51:G51)<=100, SUM(C51:G51),"ERROR:La sumatoria debe ser menor o igual a 100") -> 0 | I51: =IF(H51=0,"",IF(H51<33,"BAJA",IF(H51<=66,"MEDIA","ALTA")))
A52: =IF('T2 Y T3. PROBLEMA-POTENCIALIDAD'!A69="","",'T2 Y T3. PROBLEMA-POTENCIALIDAD'!A69) | B52: =IF('T2 Y T3. PROBLEMA-POTENCIALIDAD'!B69=0,"",'T2 Y T3. PROBLEMA-POTENCIALIDAD'!B69) | H52: =IF(SUM(C52:G52)<=100, SUM(C52:G52),"ERROR:La sumatoria debe ser menor o igual a 100") -> 0 | I52: =IF(H52=0,"",IF(H52<33,"BAJA",IF(H52<=66,"MEDIA","ALTA")))
A53: =IF('T2 Y T3. PROBLEMA-POTENCIALIDAD'!A70="","",'T2 Y T3. PROBLEMA-POTENCIALIDAD'!A70) | B53: =IF('T2 Y T3. PROBLEMA-POTENCIALIDAD'!B70=0,"",'T2 Y T3. PROBLEMA-POTENCIALIDAD'!B70) | H53: =IF(SUM(C53:G53)<=100, SUM(C53:G53),"ERROR:La sumatoria debe ser menor o igual a 100") -> 0 | I53: =IF(H53=0,"",IF(H53<33,"BAJA",IF(H53<=66,"MEDIA","ALTA")))
A54: =IF('T2 Y T3. PROBLEMA-POTENCIALIDAD'!A71="","",'T2 Y T3. PROBLEMA-POTENCIALIDAD'!A71) | B54: =IF('T2 Y T3. PROBLEMA-POTENCIALIDAD'!B71=0,"",'T2 Y T3. PROBLEMA-POTENCIALIDAD'!B71) | H54: =IF(SUM(C54:G54)<=100, SUM(C54:G54),"ERROR:La sumatoria debe ser menor o igual a 100") -> 0 | I54: =IF(H54=0,"",IF(H54<33,"BAJA",IF(H54<=66,"MEDIA","ALTA")))
A55: =IF('T2 Y T3. PROBLEMA-POTENCIALIDAD'!A72="","",'T2 Y T3. PROBLEMA-POTENCIALIDAD'!A72) | B55: =IF('T2 Y T3. PROBLEMA-POTENCIALIDAD'!B72=0,"",'T2 Y T3. PROBLEMA-POTENCIALIDAD'!B72) | H55: =IF(SUM(C55:G55)<=100, SUM(C55:G55),"ERROR:La sumatoria debe ser menor o igual a 100") -> 0 | I55: =IF(H55=0,"",IF(H55<33,"BAJA",IF(H55<=66,"MEDIA","ALTA")))
A56: =IF('T2 Y T3. PROBLEMA-POTENCIALIDAD'!A73="","",'T2 Y T3. PROBLEMA-POTENCIALIDAD'!A73) | B56: =IF('T2 Y T3. PROBLEMA-POTENCIALIDAD'!B73=0,"",'T2 Y T3. PROBLEMA-POTENCIALIDAD'!B73) | H56: =IF(SUM(C56:G56)<=100, SUM(C56:G56),"ERROR:La sumatoria debe ser menor o igual a 100") -> 0 | I56: =IF(H56=0,"",IF(H56<33,"BAJA",IF(H56<=66,"MEDIA","ALTA")))
... A1000: =IF('T2 Y T3. PROBLEMA-POTENCIALIDAD'!A1017="","",'T2 Y T3. PROBLEMA-POTENCIALIDAD'!A1017) | B1000: =IF('T2 Y T3. PROBLEMA-POTENCIALIDAD'!B1017=0,"",'T2 Y T3. PROBLEMA-POTENCIALIDAD'!B1017) | H1000: =IF(SUM(C1000:G1000)<=100, SUM(C1000:G1000),"ERROR:La sumatoria debe ser menor o igual a 100") -> 0 | I1000: =IF(H1000=0,"",IF(H1000<33,"BAJA",IF(H1000<=66,"MEDIA","ALTA")))

Sheet T6. Prioridad alta-media
A1: Tabla 6. Matriz de potencialidad/problemas con prioridad alta o media con sus desafíos de gestión
A2: Potencialidad/Problema | B2: Prioridad alta y media | C2: Desafío
C3: Desafío de gestión* | D3: Desafío de largo plazo**
A4: =IF('T2 Y T3. PROBLEMA-POTENCIALIDAD'!$A4="","",'T2 Y T3. PROBLEMA-POTENCIALIDAD'!$A4) -> Fuentes de trabajo y empleo reducidas | B4: ='T4 Y T5. PRIORIZACION PROB-POTE'!I4 -> MEDIA | C4: =IFERROR(VLOOKUP(A4,'T2 Y T3. PROBLEMA-POTENCIALIDAD'!$A$4:$F$1017,4,FALSE),"No existe un desafio de gestión definido") -> Gestión el desarrollo de emprendimientos de productores locales | D4: =IFERROR(VLOOKUP(A4,'T2 Y T3. PROBLEMA-POTENCIALIDAD'!$A$4:$F$1017,3,FALSE),"No existe un desafio de largo plazo definido") -> Promoción del trabajo y empleo en la parroquia
A5: =IF('T2 Y T3. PROBLEMA-POTENCIALIDAD'!$A5="","",'T2 Y T3. PROBLEMA-POTENCIALIDAD'!$A5) -> Escasa diversificación de la producción agropecuaria | B5: ='T4 Y T5. PRIORIZACION PROB-POTE'!I5 -> MEDIA | C5: =IFERROR(VLOOKUP(A5,'T2 Y T3. PROBLEMA-POTENCIALIDAD'!$A$4:$F$1017,4,FALSE),"No existe un desafio de gestión definido") -> Gestión un plan productivo parroquial sostenible | D5: =IFERROR(VLOOKUP(A5,'T2 Y T3. PROBLEMA-POTENCIALIDAD'!$A$4:$F$1017,3,FALSE),"No existe un desafio de largo plazo definido") -> Diversificación de la producción de una forma sostenible
A6: =IF('T2 Y T3. PROBLEMA-POTENCIALIDAD'!$A6="","",'T2 Y T3. PROBLEMA-POTENCIALIDAD'!$A6) -> Falta de innovación, iniciativa, liderazgo y desarrollo para diversificación de productos | B6: ='T4 Y T5. PRIORIZACION PROB-POTE'!I6 -> MEDIA | C6: =IFERROR(VLOOKUP(A6,'T2 Y T3. PROBLEMA-POTENCIALIDAD'!$A$4:$F$1017,4,FALSE),"No existe un desafio de gestión definido") -> Gestión con las Instituciones de Educación Superior (IES) y cooperación internacional, proyectos para diversificación de la oferta local | D6: =IFERROR(VLOOKUP(A6,'T2 Y T3. PROBLEMA-POTENCIALIDAD'!$A$4:$F$1017,3,FALSE),"No existe un desafio de largo plazo definido") -> Diversificación de la oferta y producción agropecuaria y de servicios de la parroquia
A7: =IF('T2 Y T3. PROBLEMA-POTENCIALIDAD'!$A7="","",'T2 Y T3. PROBLEMA-POTENCIALIDAD'!$A7) -> Sector productor lechero establecido | B7: ='T4 Y T5. PRIORIZACION PROB-POTE'!I7 -> MEDIA | C7: =IFERROR(VLOOKUP(A7,'T2 Y T3. PROBLEMA-POTENCIALIDAD'!$A$4:$F$1017,4,FALSE),"No existe un desafio de gestión definido") -> Gestión con el GAD provincial para un mecanismo de acopio y comercialización de productos lácteos | D7: =IFERROR(VLOOKUP(A7,'T2 Y T3. PROBLEMA-POTENCIALIDAD'!$A$4:$F$1017,3,FALSE),"No existe un desafio de largo plazo definido") -> Comercialización de los productos lácteos derivados a nivel regional
A8: =IF('T2 Y T3. PROBLEMA-POTENCIALIDAD'!$A8="","",'T2 Y T3. PROBLEMA-POTENCIALIDAD'!$A8) -> Falta de acceso a mercados para comercializar productos | B8: ='T4 Y T5. PRIORIZACION PROB-POTE'!I8 -> MEDIA | C8: =IFERROR(VLOOKUP(A8,'T2 Y T3. PROBLEMA-POTENCIALIDAD'!$A$4:$F$1017,4,FALSE),"No existe un desafio de gestión definido") -> Gestión con el GAD provincial para un mecanismo de acopio y comercialización de productos lácteos | D8: =IFERROR(VLOOKUP(A8,'T2 Y T3. PROBLEMA-POTENCIALIDAD'!$A$4:$F$1017,3,FALSE),"No existe un desafio de largo plazo definido") -> Comercialización de los productos lácteos derivados a nivel regional
A9: =IF('T2 Y T3. PROBLEMA-POTENCIALIDAD'!$A9="","",'T2 Y T3. PROBLEMA-POTENCIALIDAD'!$A9) -> Baja productividad agropecuaria en épocas de verano | B9: ='T4 Y T5. PRIORIZACION PROB-POTE'!I9 -> MEDIA | C9: =IFERROR(VLOOKUP(A9,'T2 Y T3. PROBLEMA-POTENCIALIDAD'!$A$4:$F$1017,4,FALSE),"No existe un desafio de gestión definido") -> Gestión y ampliación de la cobertura y tecnificación de riego | D9: =IFERROR(VLOOKUP(A9,'T2 Y T3. PROBLEMA-POTENCIALIDAD'!$A$4:$F$1017,3,FALSE),"No existe un desafio de largo plazo definido") -> Tecnificación de los usos y sistemas de riego a nivel parroquial
A10: =IF('T2 Y T3. PROBLEMA-POTENCIALIDAD'!$A10="","",'T2 Y T3. PROBLEMA-POTENCIALIDAD'!$A10) -> Limitado número de atractivos y oferta turística desarticulada | B10: ='T4 Y T5. PRIORIZACION PROB-POTE'!I10 -> MEDIA | C10: =IFERROR(VLOOKUP(A10,'T2 Y T3. PROBLEMA-POTENCIALIDAD'!$A$4:$F$1017,4,FALSE),"No existe un desafio de gestión definido") -> Creación de un Plan de desarrollo económico, productivo y turístico | D10: =IFERROR(VLOOKUP(A10,'T2 Y T3. PROBLEMA-POTENCIALIDAD'!$A$4:$F$1017,3,FALSE),"No existe un desafio de largo plazo definido") -> Integración de San Gerardo a un corredor turístico regional
A11: =IF('T2 Y T3. PROBLEMA-POTENCIALIDAD'!$A11="","",'T2 Y T3. PROBLEMA-POTENCIALIDAD'!$A11) -> Ubicación en corredor vial que une atractivos turísticos de alta jerarquía | B11: ='T4 Y T5. PRIORIZACION PROB-POTE'!I11 -> MEDIA | C11: =IFERROR(VLOOKUP(A11,'T2 Y T3. PROBLEMA-POTENCIALIDAD'!$A$4:$F$1017,4,FALSE),"No existe un desafio de gestión definido") -> Creación de un Plan de desarrollo económico, productivo y turístico | D11: =IFERROR(VLOOKUP(A11,'T2 Y T3. PROBLEMA-POTENCIALIDAD'!$A$4:$F$1017,3,FALSE),"No existe un desafio de largo plazo definido") -> Integración de San Gerardo a un corredor turístico regional
A12: =IF('T2 Y T3. PROBLEMA-POTENCIALIDAD'!$A12="","",'T2 Y T3. PROBLEMA-POTENCIALIDAD'!$A12) -> Reducción poblacional por migración y baja tasa de natalidad | B12: ='T4 Y T5. PRIORIZACION PROB-POTE'!I12 -> MEDIA | C12: =IFERROR(VLOOKUP(A12,'T2 Y T3. PROBLEMA-POTENCIALIDAD'!$A$4:$F$1017,4,FALSE),"No existe un desafio de gestión definido") -> Creación de un Plan de desarrollo económico, productivo y turístico | D12: =IFERROR(VLOOKUP(A12,'T2 Y T3. PROBLEMA-POTENCIALIDAD'!$A$4:$F$1017,3,FALSE),"No existe un desafio de largo plazo definido") -> Reducción de la tasa de migración en la parroquia mediante la generación de oportunidades laborales
A13: =IF('T2 Y T3. PROBLEMA-POTENCIALIDAD'!$A13="","",'T2 Y T3. PROBLEMA-POTENCIALIDAD'!$A13) -> Presencia de monocultivos | B13: ='T4 Y T5. PRIORIZACION PROB-POTE'!I13 -> ALTA | C13: =IFERROR(VLOOKUP(A13,'T2 Y T3. PROBLEMA-POTENCIALIDAD'!$A$4:$F$1017,4,FALSE),"No existe un desafio de gestión definido") -> Desarrollo de talleres de fortalecimiento de los sistemas de producción agrícola y la diversificación de los productos en las comunidades | D13: =IFERROR(VLOOKUP(A13,'T2 Y T3. PROBLEMA-POTENCIALIDAD'!$A$4:$F$1017,3,FALSE),"No existe un desafio de largo plazo definido") -> Implementación de estrategias para la diversificación de cultivos y el fortalecimiento de los sistemas de producción agropecuaria.
A14: =IF('T2 Y T3. PROBLEMA-POTENCIALIDAD'!$A14="","",'T2 Y T3. PROBLEMA-POTENCIALIDAD'!$A14) -> Cambio de uso del suelo por avance de la frontera agrícola y pecuaria | B14: ='T4 Y T5. PRIORIZACION PROB-POTE'!I14 -> ALTA | C14: =IFERROR(VLOOKUP(A14,'T2 Y T3. PROBLEMA-POTENCIALIDAD'!$A$4:$F$1017,4,FALSE),"No existe un desafio de gestión definido") -> Desarrollo de un programa de gestión ambiental enfocado en buenas prácticas de producción agrícola y pecuaria y mejoramiento de semillas y pie de cría | D14: =IFERROR(VLOOKUP(A14,'T2 Y T3. PROBLEMA-POTENCIALIDAD'!$A$4:$F$1017,3,FALSE),"No existe un desafio de largo plazo definido") -> Implementación de estrategias para la diversificación de cultivos y el fortalecimiento de los sistemas de producción agropecuaria.
A15: =IF('T2 Y T3. PROBLEMA-POTENCIALIDAD'!$A15="","",'T2 Y T3. PROBLEMA-POTENCIALIDAD'!$A15) -> Los suelos son muy productivos para actividades agrícolas y pecuarias | B15: ='T4 Y T5. PRIORIZACION PROB-POTE'!I15 -> MEDIA | C15: =IFERROR(VLOOKUP(A15,'T2 Y T3. PROBLEMA-POTENCIALIDAD'!$A$4:$F$1017,4,FALSE),"No existe un desafio de gestión definido") -> Gestión de recursos técnicos y económicos para implementar un programa de conservación, restauración y manejo de suelos | D15: =IFERROR(VLOOKUP(A15,'T2 Y T3. PROBLEMA-POTENCIALIDAD'!$A$4:$F$1017,3,FALSE),"No existe un desafio de largo plazo definido") -> Mantenimiento de la productividad de los suelos de la parroquia
... A44: =IF('T2 Y T3. PROBLEMA-POTENCIALIDAD'!$A44="","",'T2 Y T3. PROBLEMA-POTENCIALIDAD'!$A44) -> San Gerardo cuenta con el ABVP El Chorro | B44: ='T4 Y T5. PRIORIZACION PROB-POTE'!I44 -> ALTA | C44: =IFERROR(VLOOKUP(A44,'T2 Y T3. PROBLEMA-POTENCIALIDAD'!$A$4:$F$1017,4,FALSE),"No existe un desafio de gestión definido") -> Formulación y actualización del plan de manejo de áreas protegidas | D44: =IFERROR(VLOOKUP(A44,'T2 Y T3. PROBLEMA-POTENCIALIDAD'!$A$4:$F$1017,3,FALSE),"No existe un desafio de largo plazo definido") -> Conservación de los recursos naturales dentro del área protegida
A45: =IF('T2 Y T3. PROBLEMA-POTENCIALIDAD'!$A45="","",'T2 Y T3. PROBLEMA-POTENCIALIDAD'!$A45) | B45: =IFERROR(VLOOKUP(A45,'T4 Y T5. PRIORIZACION PROB-POTE'!$A$4:$I$1000,9,0),"") | C45: =IFERROR(VLOOKUP(A45,'T2 Y T3. PROBLEMA-POTENCIALIDAD'!$A$4:$F$1017,4,FALSE),"No existe un desafio de gestión definido") -> No existe un desafio de gestión definido | D45: =IFERROR(VLOOKUP(A45,'T2 Y T3. PROBLEMA-POTENCIALIDAD'!$A$4:$F$1017,3,FALSE),"No existe un desafio de largo plazo definido") -> No existe un desafio de largo plazo definido
A46: =IF('T2 Y T3. PROBLEMA-POTENCIALIDAD'!$A46="","",'T2 Y T3. PROBLEMA-POTENCIALIDAD'!$A46) | B46: =IFERROR(VLOOKUP(A46,'T4 Y T5. PRIORIZACION PROB-POTE'!$A$4:$I$1000,9,0),"") | C46: =IFERROR(VLOOKUP(A46,'T2 Y T3. PROBLEMA-POTENCIALIDAD'!$A$4:$F$1017,4,FALSE),"No existe un desafio de gestión definido") -> No existe un desafio de gestión definido | D46: =IFERROR(VLOOKUP(A46,'T2 Y T3. PROBLEMA-POTENCIALIDAD'!$A$4:$F$1017,3,FALSE),"No existe un desafio de largo plazo definido") -> No existe un desafio de largo plazo definido
A47: =IF('T2 Y T3. PROBLEMA-POTENCIALIDAD'!$A47="","",'T2 Y T3. PROBLEMA-POTENCIALIDAD'!$A47) | B47: =IFERROR(VLOOKUP(A47,'T4 Y T5. PRIORIZACION PROB-POTE'!$A$4:$I$1000,9,0),"") | C47: =IFERROR(VLOOKUP(A47,'T2 Y T3. PROBLEMA-POTENCIALIDAD'!$A$4:$F$1017,4,FALSE),"No existe un desafio de gestión definido") -> No existe un desafio de gestión definido | D47: =IFERROR(VLOOKUP(A47,'T2 Y T3. PROBLEMA-POTENCIALIDAD'!$A$4:$F$1017,3,FALSE),"No existe un desafio de largo plazo definido") -> No existe un desafio de largo plazo definido
A48: =IF('T2 Y T3. PROBLEMA-POTENCIALIDAD'!$A48="","",'T2 Y T3. PROBLEMA-POTENCIALIDAD'!$A48) | B48: =IFERROR(VLOOKUP(A48,'T4 Y T5. PRIORIZACION PROB-POTE'!$A$4:$I$1000,9,0),"") | C48: =IFERROR(VLOOKUP(A48,'T2 Y T3. PROBLEMA-POTENCIALIDAD'!$A$4:$F$1017,4,FALSE),"No existe un desafio de gestión definido") -> No existe un desafio de gestión definido | D48: =IFERROR(VLOOKUP(A48,'T2 Y T3. PROBLEMA-POTENCIALIDAD'!$A$4:$F$1017,3,FALSE),"No existe un desafio de largo plazo definido") -> No existe un desafio de largo plazo definido
A49: =IF('T2 Y T3. PROBLEMA-POTENCIALIDAD'!$A49="","",'T2 Y T3. PROBLEMA-POTENCIALIDAD'!$A49) | B49: =IFERROR(VLOOKUP(A49,'T4 Y T5. PRIORIZACION PROB-POTE'!$A$4:$I$1000,9,0),"") | C49: =IFERROR(VLOOKUP(A49,'T2 Y T3. PROBLEMA-POTENCIALIDAD'!$A$4:$F$1017,4,FALSE),"No existe un desafio de gestión definido") -> No existe un desafio de gestión definido | D49: =IFERROR(VLOOKUP(A49,'T2 Y T3. PROBLEMA-POTENCIALIDAD'!$A$4:$F$1017,3,FALSE),"No existe un desafio de largo plazo definido") -> No existe un desafio de largo plazo definido
A50: =IF('T2 Y T3. PROBLEMA-POTENCIALIDAD'!$A50="","",'T2 Y T3. PROBLEMA-POTENCIALIDAD'!$A50) | B50: =IFERROR(VLOOKUP(A50,'T4 Y T5. PRIORIZACION PROB-POTE'!$A$4:$I$1000,9,0),"") | C50: =IFERROR(VLOOKUP(A50,'T2 Y T3. PROBLEMA-POTENCIALIDAD'!$A$4:$F$1017,4,FALSE),"No existe un desafio de gestión definido") -> No existe un desafio de gestión definido | D50: =IFERROR(VLOOKUP(A50,'T2 Y T3. PROBLEMA-POTENCIALIDAD'!$A$4:$F$1017,3,FALSE),"No existe un desafio de largo plazo definido") -> No existe un desafio de largo plazo definido
A51: =IF('T2 Y T3. PROBLEMA-POTENCIALIDAD'!$A51="","",'T2 Y T3. PROBLEMA-POTENCIALIDAD'!$A51) | B51: =IFERROR(VLOOKUP(A51,'T4 Y T5. PRIORIZACION PROB-POTE'!$A$4:$I$1000,9,0),"") | C51: =IFERROR(VLOOKUP(A51,'T2 Y T3. PROBLEMA-POTENCIALIDAD'!$A$4:$F$1017,4,FALSE),"No existe un desafio de gestión definido") -> No existe un desafio de gestión definido | D51: =IFERROR(VLOOKUP(A51,'T2 Y T3. PROBLEMA-POTENCIALIDAD'!$A$4:$F$1017,3,FALSE),"No existe un desafio de largo plazo definido") -> No existe un desafio de largo plazo definido
A52: =IF('T2 Y T3. PROBLEMA-POTENCIALIDAD'!$A52="","",'T2 Y T3. PROBLEMA-POTENCIALIDAD'!$A52) | B52: =IFERROR(VLOOKUP(A52,'T4 Y T5. PRIORIZACION PROB-POTE'!$A$4:$I$1000,9,0),"") | C52: =IFERROR(VLOOKUP(A52,'T2 Y T3. PROBLEMA-POTENCIALIDAD'!$A$4:$F$1017,4,FALSE),"No existe un desafio de gestión definido") -> No existe un desafio de gestión definido | D52: =IFERROR(VLOOKUP(A52,'T2 Y T3. PROBLEMA-POTENCIALIDAD'!$A$4:$F$1017,3,FALSE),"No existe un desafio de largo plazo definido") -> No existe un desafio de largo plazo definido
A53: =IF('T2 Y T3. PROBLEMA-POTENCIALIDAD'!$A53="","",'T2 Y T3. PROBLEMA-POTENCIALIDAD'!$A53) | B53: =IFERROR(VLOOKUP(A53,'T4 Y T5. PRIORIZACION PROB-POTE'!$A$4:$I$1000,9,0),"") | C53: =IFERROR(VLOOKUP(A53,'T2 Y T3. PROBLEMA-POTENCIALIDAD'!$A$4:$F$1017,4,FALSE),"No existe un desafio de gestión definido") -> No existe un desafio de gestión definido | D53: =IFERROR(VLOOKUP(A53,'T2 Y T3. PROBLEMA-POTENCIALIDAD'!$A$4:$F$1017,3,FALSE),"No existe un desafio de largo plazo definido") -> No existe un desafio de largo plazo definido
A54: =IF('T2 Y T3. PROBLEMA-POTENCIALIDAD'!$A82="","",'T2 Y T3. PROBLEMA-POTENCIALIDAD'!$A82) | B54: =IFERROR(VLOOKUP(A54,'T4 Y T5. PRIORIZACION PROB-POTE'!$A$4:$I$1000,9,0),"") | C54: =IFERROR(VLOOKUP(A54,'T2 Y T3. PROBLEMA-POTENCIALIDAD'!$A$4:$F$1017,4,FALSE),"No existe un desafio de gestión definido") -> No existe un desafio de gestión definido | D54: =IFERROR(VLOOKUP(A54,'T2 Y T3. PROBLEMA-POTENCIALIDAD'!$A$4:$F$1017,3,FALSE),"No existe un desafio de largo plazo definido") -> No existe un desafio de largo plazo definido
A55: =IF('T2 Y T3. PROBLEMA-POTENCIALIDAD'!$A83="","",'T2 Y T3. PROBLEMA-POTENCIALIDAD'!$A83) | B55: =IFERROR(VLOOKUP(A55,'T4 Y T5. PRIORIZACION PROB-POTE'!$A$4:$I$1000,9,0),"") | C55: =IFERROR(VLOOKUP(A55,'T2 Y T3. PROBLEMA-POTENCIALIDAD'!$A$4:$F$1017,4,FALSE),"No existe un desafio de gestión definido") -> No existe un desafio de gestión definido | D55: =IFERROR(VLOOKUP(A55,'T2 Y T3. PROBLEMA-POTENCIALIDAD'!$A$4:$F$1017,3,FALSE),"No existe un desafio de largo plazo definido") -> No existe un desafio de largo plazo definido
A56: =IF('T2 Y T3. PROBLEMA-POTENCIALIDAD'!$A84="","",'T2 Y T3. PROBLEMA-POTENCIALIDAD'!$A84) | B56: =IFERROR(VLOOKUP(A56,'T4 Y T5. PRIORIZACION PROB-POTE'!$A$4:$I$1000,9,0),"") | C56: =IFERROR(VLOOKUP(A56,'T2 Y T3. PROBLEMA-POTENCIALIDAD'!$A$4:$F$1017,4,FALSE),"No existe un desafio de gestión definido") -> No existe un desafio de gestión definido | D56: =IFERROR(VLOOKUP(A56,'T2 Y T3. PROBLEMA-POTENCIALIDAD'!$A$4:$F$1017,3,FALSE),"No existe un desafio de largo plazo definido") -> No existe un desafio de largo plazo definido
A57: =IF('T2 Y T3. PROBLEMA-POTENCIALIDAD'!$A85="","",'T2 Y T3. PROBLEMA-POTENCIALIDAD'!$A85) | B57: =IFERROR(VLOOKUP(A57,'T4 Y T5. PRIORIZACION PROB-POTE'!$A$4:$I$1000,9,0),"") | C57: =IFERROR(VLOOKUP(A57,'T2 Y T3. PROBLEMA-POTENCIALIDAD'!$A$4:$F$1017,4,FALSE),"No existe un desafio de gestión definido") -> No existe un desafio de gestión definido | D57: =IFERROR(VLOOKUP(A57,'T2 Y T3. PROBLEMA-POTENCIALIDAD'!$A$4:$F$1017,3,FALSE),"No existe un desafio de largo plazo definido") -> No existe un desafio de largo plazo definido
A58: =IF('T2 Y T3. PROBLEMA-POTENCIALIDAD'!$A86="","",'T2 Y T3. PROBLEMA-POTENCIALIDAD'!$A86) | B58: =IFERROR(VLOOKUP(A58,'T4 Y T5. PRIORIZACION PROB-POTE'!$A$4:$I$1000,9,0),"") | C58: =IFERROR(VLOOKUP(A58,'T2 Y T3. PROBLEMA-POTENCIALIDAD'!$A$4:$F$1017,4,FALSE),"No existe un desafio de gestión definido") -> No existe un desafio de gestión definido | D58: =IFERROR(VLOOKUP(A58,'T2 Y T3. PROBLEMA-POTENCIALIDAD'!$A$4:$F$1017,3,FALSE),"No existe un desafio de largo plazo definido") -> No existe un desafio de largo plazo definido
A59: =IF('T2 Y T3. PROBLEMA-POTENCIALIDAD'!$A87="","",'T2 Y T3. PROBLEMA-POTENCIALIDAD'!$A87) | B59: =IFERROR(VLOOKUP(A59,'T4 Y T5. PRIORIZACION PROB-POTE'!$A$4:$I$1000,9,0),"") | C59: =IFERROR(VLOOKUP(A59,'T2 Y T3. PROBLEMA-POTENCIALIDAD'!$A$4:$F$1017,4,FALSE),"No existe un desafio de gestión definido") -> No existe un desafio de gestión definido | D59: =IFERROR(VLOOKUP(A59,'T2 Y T3. PROBLEMA-POTENCIALIDAD'!$A$4:$F$1017,3,FALSE),"No existe un desafio de largo plazo definido") -> No existe un desafio de largo plazo definido
A60: =IF('T2 Y T3. PROBLEMA-POTENCIALIDAD'!$A88="","",'T2 Y T3. PROBLEMA-POTENCIALIDAD'!$A88) | B60: =IFERROR(VLOOKUP(A60,'T4 Y T5. PRIORIZACION PROB-POTE'!$A$4:$I$1000,9,0),"") | C60: =IFERROR(VLOOKUP(A60,'T2 Y T3. PROBLEMA-POTENCIALIDAD'!$A$4:$F$1017,4,FALSE),"No existe un desafio de gestión definido") -> No existe un desafio de gestión definido | D60: =IFERROR(VLOOKUP(A60,'T2 Y T3. PROBLEMA-POTENCIALIDAD'!$A$4:$F$1017,3,FALSE),"No existe un desafio de largo plazo definido") -> No existe un desafio de largo plazo definido
A61: =IF('T2 Y T3. PROBLEMA-POTENCIALIDAD'!$A89="","",'T2 Y T3. PROBLEMA-POTENCIALIDAD'!$A89) | B61: =IFERROR(VLOOKUP(A61,'T4 Y T5. PRIORIZACION PROB-POTE'!$A$4:$I$1000,9,0),"") | C61: =IFERROR(VLOOKUP(A61,'T2 Y T3. PROBLEMA-POTENCIALIDAD'!$A$4:$F$1017,4,FALSE),"No existe un desafio de gestión definido") -> No existe un desafio de gestión definido | D61: =IFERROR(VLOOKUP(A61,'T2 Y T3. PROBLEMA-POTENCIALIDAD'!$A$4:$F$1017,3,FALSE),"No existe un desafio de largo plazo definido") -> No existe un desafio de largo plazo definido
A62: =IF('T2 Y T3. PROBLEMA-POTENCIALIDAD'!$A90="","",'T2 Y T3. PROBLEMA-POTENCIALIDAD'!$A90) | B62: =IFERROR(VLOOKUP(A62,'T4 Y T5. PRIORIZACION PROB-POTE'!$A$4:$I$1000,9,0),"") | C62: =IFERROR(VLOOKUP(A62,'T2 Y T3. PROBLEMA-POTENCIALIDAD'!$A$4:$F$1017,4,FALSE),"No existe un desafio de gestión definido") -> No existe un desafio de gestión definido | D62: =IFERROR(VLOOKUP(A62,'T2 Y T3. PROBLEMA-POTENCIALIDAD'!$A$4:$F$1017,3,FALSE),"No existe un desafio de largo plazo definido") -> No existe un desafio de largo plazo definido
A63: =IF('T2 Y T3. PROBLEMA-POTENCIALIDAD'!$A91="","",'T2 Y T3. PROBLEMA-POTENCIALIDAD'!$A91) | B63: =IFERROR(VLOOKUP(A63,'T4 Y T5. PRIORIZACION PROB-POTE'!$A$4:$I$1000,9,0),"") | C63: =IFERROR(VLOOKUP(A63,'T2 Y T3. PROBLEMA-POTENCIALIDAD'!$A$4:$F$1017,4,FALSE),"No existe un desafio de gestión definido") -> No existe un desafio de gestión definido | D63: =IFERROR(VLOOKUP(A63,'T2 Y T3. PROBLEMA-POTENCIALIDAD'!$A$4:$F$1017,3,FALSE),"No existe un desafio de largo plazo definido") -> No existe un desafio de largo plazo definido
A64: =IF('T2 Y T3. PROBLEMA-POTENCIALIDAD'!$A92="","",'T2 Y T3. PROBLEMA-POTENCIALIDAD'!$A92) | B64: =IFERROR(VLOOKUP(A64,'T4 Y T5. PRIORIZACION PROB-POTE'!$A$4:$I$1000,9,0),"") | C64: =IFERROR(VLOOKUP(A64,'T2 Y T3. PROBLEMA-POTENCIALIDAD'!$A$4:$F$1017,4,FALSE),"No existe un desafio de gestión definido") -> No existe un desafio de gestión definido | D64: =IFERROR(VLOOKUP(A64,'T2 Y T3. PROBLEMA-POTENCIALIDAD'!$A$4:$F$1017,3,FALSE),"No existe un desafio de largo plazo definido") -> No existe un desafio de largo plazo definido
A65: =IF('T2 Y T3. PROBLEMA-POTENCIALIDAD'!$A93="","",'T2 Y T3. PROBLEMA-POTENCIALIDAD'!$A93) | B65: =IFERROR(VLOOKUP(A65,'T4 Y T5. PRIORIZACION PROB-POTE'!$A$4:$I$1000,9,0),"") | C65: =IFERROR(VLOOKUP(A65,'T2 Y T3. PROBLEMA-POTENCIALIDAD'!$A$4:$F$1017,4,FALSE),"No existe un desafio de gestión definido") -> No existe un desafio de gestión definido | D65: =IFERROR(VLOOKUP(A65,'T2 Y T3. PROBLEMA-POTENCIALIDAD'!$A$4:$F$1017,3,FALSE),"No existe un desafio de largo plazo definido") -> No existe un desafio de largo plazo definido
... A989: =IF('T2 Y T3. PROBLEMA-POTENCIALIDAD'!$A1017="","",'T2 Y T3. PROBLEMA-POTENCIALIDAD'!$A1017) | B989: =IFERROR(VLOOKUP(A989,'T4 Y T5. PRIORIZACION PROB-POTE'!$A$4:$I$1000,9,0),"") | C989: =IFERROR(VLOOKUP(A989,'T2 Y T3. PROBLEMA-POTENCIALIDAD'!$A$4:$F$1017,4,FALSE),"No existe un desafio de gestión definido") -> No existe un desafio de gestión definido | D989: =IFERROR(VLOOKUP(A989,'T2 Y T3. PROBLEMA-POTENCIALIDAD'!$A$4:$F$1017,3,FALSE),"No existe un desafio de largo plazo definido") -> No existe un desafio de largo plazo definido

Sheet T7.Visión y obj des
A1: Tabla 7. Visión de desarrollo
A2: Visión de Desarrollo
A3: San Gerardo al 2023, San Gerardo se consolida bajo el esquema de un modelo de desarrollo integral y sostenible con énfasis en el desarrollo productivo, ambiental, social y económico. Aprovechando sus fortalezas agropecuarias, San Gerardo promoverá una mejora continua en la calidad de vida de la población y fomentando la participación ciudadana.
A4: Impulsar un desarrollo integral, conservando los ecosistemas naturales para reducir la contaminación de fuentes hídricas de la parroquia y fortalecer la capacidad de mitigación y adaptación ante los efectos del cambio climático.
A5: Contribuir al mejoramiento de los servicios sociales y fortalecimiento de la cohesión social, mediante gestiones de cooperación que permitan reducir los índices de pobreza lograr consolidar una atención integral para todos los grupos vulnerables de la parroquia.
A6: Impulsar el desarrollo económico productivo, agropecuario, artesanal y Turístico, potenciando la capacitación técnica en procesos productivos, la tecnificación, la oferta y el consumo de productos de la parroquia.
A7: Gestionar el mejoramiento de la cobertura y la calidad de los servicios básicos (agua potable, alcantarillado, recolección de basura) e infraestructura y áreas verdes de recreación de la parroquia, así como la red vial.
A8: Fortalecer los mecanismos de gestión del GAD parroquial que permitan la coordinación efectiva entre los diferentes niveles de gobierno y ciudadanía hacia una institución activa, transparente y participativa.

Sheet T8. Objetivos de desarrollo
A1: Tabla 8. Objetivos de desarrollo
A2: Desafío de largo plazo (alto y medio) | B2: Objetivo de desarrollo | C2: Competencia
A3: ='T6. Prioridad alta-media'!D4 -> Promoción del trabajo y empleo en la parroquia | B3: ='T7.Visión y obj des'!A6 -> Impulsar el desarrollo económico productivo, agropecuario, artesanal y Turístico, potenciando la capacitación técnica en procesos productivos, la tecnificación, la oferta y el consumo de productos de la parroquia. | C3: Fomento de las actividades productivas y agropecuarias (incluye los temas de investigación, innovación y transferencia de conocimiento y tecnologías)
A4: ='T6. Prioridad alta-media'!D5 -> Diversificación de la producción de una forma sostenible | B4: ='T7.Visión y obj des'!A6 -> Impulsar el desarrollo económico productivo, agropecuario, artesanal y Turístico, potenciando la capacitación técnica en procesos productivos, la tecnificación, la oferta y el consumo de productos de la parroquia. | C4: Fomento de las actividades productivas y agropecuarias (incluye los temas de investigación, innovación y transferencia de conocimiento y tecnologías)
A5: ='T6. Prioridad alta-media'!D6 -> Diversificación de la oferta y producción agropecuaria y de servicios de la parroquia | B5: ='T7.Visión y obj des'!A6 -> Impulsar el desarrollo económico productivo, agropecuario, artesanal y Turístico, potenciando la capacitación técnica en procesos productivos, la tecnificación, la oferta y el consumo de productos de la parroquia. | C5: Fomento de las actividades productivas y agropecuarias (incluye los temas de investigación, innovación y transferencia de conocimiento y tecnologías)
A6: ='T6. Prioridad alta-media'!D7 -> Comercialización de los productos lácteos derivados a nivel regional | B6: ='T7.Visión y obj des'!A6 -> Impulsar el desarrollo económico productivo, agropecuario, artesanal y Turístico, potenciando la capacitación técnica en procesos productivos, la tecnificación, la oferta y el consumo de productos de la parroquia. | C6: Fomento de las actividades productivas y agropecuarias (incluye los temas de investigación, innovación y transferencia de conocimiento y tecnologías)
A8: ='T6. Prioridad alta-media'!D9 -> Tecnificación de los usos y sistemas de riego a nivel parroquial | B8: ='T7.Visión y obj des'!A6 -> Impulsar el desarrollo económico productivo, agropecuario, artesanal y Turístico, potenciando la capacitación técnica en procesos productivos, la tecnificación, la oferta y el consumo de productos de la parroquia. | C8: Fomento de las actividades productivas y agropecuarias (incluye los temas de investigación, innovación y transferencia de conocimiento y tecnologías)
A9: ='T6. Prioridad alta-media'!D10 -> Integración de San Gerardo a un corredor turístico regional | B9: ='T7.Visión y obj des'!A6 -> Impulsar el desarrollo económico productivo, agropecuario, artesanal y Turístico, potenciando la capacitación técnica en procesos productivos, la tecnificación, la oferta y el consumo de productos de la parroquia. | C9: Fomento de las actividades productivas y agropecuarias (incluye los temas de investigación, innovación y transferencia de conocimiento y tecnologías)
A11: ='T6. Prioridad alta-media'!D12 -> Reducción de la tasa de migración en la parroquia mediante la generación de oportunidades laborales | B11: ='T7.Visión y obj des'!A6 -> Impulsar el desarrollo económico productivo, agropecuario, artesanal y Turístico, potenciando la capacitación técnica en procesos productivos, la tecnificación, la oferta y el consumo de productos de la parroquia. | C11: Fomento de las actividades productivas y agropecuarias (incluye los temas de investigación, innovación y transferencia de conocimiento y tecnologías)
A12: ='T6. Prioridad alta-media'!D13 -> Implementación de estrategias para la diversificación de cultivos y el fortalecimiento de los sistemas de producción agropecuaria. | B12: ='T7.Visión y obj des'!A6 -> Impulsar el desarrollo económico productivo, agropecuario, artesanal y Turístico, potenciando la capacitación técnica en procesos productivos, la tecnificación, la oferta y el consumo de productos de la parroquia. | C12: Fomento de las actividades productivas y agropecuarias (incluye los temas de investigación, innovación y transferencia de conocimiento y tecnologías)
A14: ='T6. Prioridad alta-media'!D15 -> Mantenimiento de la productividad de los suelos de la parroquia | B14: ='T7.Visión y obj des'!A6 -> Impulsar el desarrollo económico productivo, agropecuario, artesanal y Turístico, potenciando la capacitación técnica en procesos productivos, la tecnificación, la oferta y el consumo de productos de la parroquia. | C14: Fomento de las actividades productivas y agropecuarias (incluye los temas de investigación, innovación y transferencia de conocimiento y tecnologías)
A15: ='T6. Prioridad alta-media'!D16 -> Tecnificación y fortalecimiento de los sistemas de riego en la parroquia | B15: ='T7.Visión y obj des'!A6 -> Impulsar el desarrollo económico productivo, agropecuario, artesanal y Turístico, potenciando la capacitación técnica en procesos productivos, la tecnificación, la oferta y el consumo de productos de la parroquia. | C15: Fomento de las actividades productivas y agropecuarias (incluye los temas de investigación, innovación y transferencia de conocimiento y tecnologías)
A16: ='T6. Prioridad alta-media'!D17 -> Conservación y mantenimiento de los canales de riego en toda la parroquia | B16: ='T7.Visión y obj des'!A6 -> Impulsar el desarrollo económico productivo, agropecuario, artesanal y Turístico, potenciando la capacitación técnica en procesos productivos, la tecnificación, la oferta y el consumo de productos de la parroquia. | C16: Riego y Drenaje
A17: ='T6. Prioridad alta-media'!D18 -> Dotación de sistemas de agua de riego en las dos comunidades | B17: ='T7.Visión y obj des'!A6 -> Impulsar el desarrollo económico productivo, agropecuario, artesanal y Turístico, potenciando la capacitación técnica en procesos productivos, la tecnificación, la oferta y el consumo de productos de la parroquia. | C17: Riego y Drenaje
A18: ='T6. Prioridad alta-media'!D19 -> Erradicación de la desnutrición crónica infantil a nivel parroquial | B18: ='T7.Visión y obj des'!A5 -> Contribuir al mejoramiento de los servicios sociales y fortalecimiento de la cohesión social, mediante gestiones de cooperación que permitan reducir los índices de pobreza lograr consolidar una atención integral para todos los grupos vulnerables de la parroquia. | C18: Protección integral a la niñez y adolescencia
A19: ='T6. Prioridad alta-media'!D20 -> Mejoramiento de la cobertura de servicios y atención al adulto mayor a nivel parroquial | B19: ='T7.Visión y obj des'!A5 -> Contribuir al mejoramiento de los servicios sociales y fortalecimiento de la cohesión social, mediante gestiones de cooperación que permitan reducir los índices de pobreza lograr consolidar una atención integral para todos los grupos vulnerables de la parroquia. | C19: Protección Integral de Derechos
A20: ='T6. Prioridad alta-media'!D21 -> Incremento de la tasa de eficiencia terminal a nivel de bachillerato a nivel parroquial | B20: ='T7.Visión y obj des'!A5 -> Contribuir al mejoramiento de los servicios sociales y fortalecimiento de la cohesión social, mediante gestiones de cooperación que permitan reducir los índices de pobreza lograr consolidar una atención integral para todos los grupos vulnerables de la parroquia. | C20: Protección Integral de Derechos
A21: ='T6. Prioridad alta-media'!D22 -> Implementación de un sistema de gestión institucional en el GAD Parroquial | B21: ='T7.Visión y obj des'!A8 -> Fortalecer los mecanismos de gestión del GAD parroquial que permitan la coordinación efectiva entre los diferentes niveles de gobierno y ciudadanía hacia una institución activa, transparente y participativa. | C21: Planificar el desarrollo territorial y formular los correspondientes planes de ordenamiento territorial
A22: ='T6. Prioridad alta-media'!D23 -> Mejoramiento de la eficiencia, eficacia y ejecución de la planificación | B22: ='T7.Visión y obj des'!A8 -> Fortalecer los mecanismos de gestión del GAD parroquial que permitan la coordinación efectiva entre los diferentes niveles de gobierno y ciudadanía hacia una institución activa, transparente y participativa. | C22: Planificar el desarrollo territorial y formular los correspondientes planes de ordenamiento territorial
A24: ='T6. Prioridad alta-media'!D25 -> Mejoramiento del sistema de participación ciudadana en la parroquia | B24: ='T7.Visión y obj des'!A8 -> Fortalecer los mecanismos de gestión del GAD parroquial que permitan la coordinación efectiva entre los diferentes niveles de gobierno y ciudadanía hacia una institución activa, transparente y participativa. | C24: Planificar el desarrollo territorial y formular los correspondientes planes de ordenamiento territorial
A27: ='T6. Prioridad alta-media'!D28 -> Consolidación de la identidad cultural y fortalecimiento del tejido social mediante la preservación y promoción de las tradiciones y actividades socioculturales de la parroquia. | B27: ='T7.Visión y obj des'!A8 -> Fortalecer los mecanismos de gestión del GAD parroquial que permitan la coordinación efectiva entre los diferentes niveles de gobierno y ciudadanía hacia una institución activa, transparente y participativa. | C27: Participación ciudadana
A28: ='T6. Prioridad alta-media'!D29 -> Mantenimiento de la calidad del servicio de agua potable a nivel parroquial | B28: ='T7.Visión y obj des'!A7 -> Gestionar el mejoramiento de la cobertura y la calidad de los servicios básicos (agua potable, alcantarillado, recolección de basura) e infraestructura y áreas verdes de recreación de la parroquia, así como la red vial. | C28: Prestación de servicios públicos: Agua Potable
A30: ='T6. Prioridad alta-media'!D31 -> Protección integral y física de las fuentes de agua en toda la parroquia | B30: ='T7.Visión y obj des'!A7 -> Gestionar el mejoramiento de la cobertura y la calidad de los servicios básicos (agua potable, alcantarillado, recolección de basura) e infraestructura y áreas verdes de recreación de la parroquia, así como la red vial. | C30: Prestación de servicios públicos: Agua Potable
A31: ='T6. Prioridad alta-media'!D32 -> Mantenimiento de la calidad y cantidad de agua para consumo humano y riego | B31: ='T7.Visión y obj des'!A7 -> Gestionar el mejoramiento de la cobertura y la calidad de los servicios básicos (agua potable, alcantarillado, recolección de basura) e infraestructura y áreas verdes de recreación de la parroquia, así como la red vial. | C31: =+C30 -> Prestación de servicios públicos: Agua Potable
A32: ='T6. Prioridad alta-media'!D33 -> Mejoramiento de los servicios de alcantarillado y gestión de aguas residuales en la parroquia | B32: ='T7.Visión y obj des'!A7 -> Gestionar el mejoramiento de la cobertura y la calidad de los servicios básicos (agua potable, alcantarillado, recolección de basura) e infraestructura y áreas verdes de recreación de la parroquia, así como la red vial. | C32: Prestación de servicios públicos: Depuración de aguas residuales
A33: ='T6. Prioridad alta-media'!D34 -> Mantenimiento de la planta de tratamiento funcionando de manera eficiente | B33: ='T7.Visión y obj des'!A7 -> Gestionar el mejoramiento de la cobertura y la calidad de los servicios básicos (agua potable, alcantarillado, recolección de basura) e infraestructura y áreas verdes de recreación de la parroquia, así como la red vial. | C33: =+C32 -> Prestación de servicios públicos: Depuración de aguas residuales
A34: ='T6. Prioridad alta-media'!D35 -> Ampliación de la cobertura del servicio de recolección de desechos sólidos a nivel parroquial | B34: ='T7.Visión y obj des'!A7 -> Gestionar el mejoramiento de la cobertura y la calidad de los servicios básicos (agua potable, alcantarillado, recolección de basura) e infraestructura y áreas verdes de recreación de la parroquia, así como la red vial. | C34: Prestación de servicios públicos: Desechos Sólidos
A36: ='T6. Prioridad alta-media'!D37 -> Mantenimiento del buen estado las vías de la parroquia | B36: ='T7.Visión y obj des'!A7 -> Gestionar el mejoramiento de la cobertura y la calidad de los servicios básicos (agua potable, alcantarillado, recolección de basura) e infraestructura y áreas verdes de recreación de la parroquia, así como la red vial. | C36: Vialidad
A38: ='T6. Prioridad alta-media'!D39 -> Mantenimiento en óptimas condiciones los equipamientos a nivel parroquial | B38: ='T7.Visión y obj des'!A7 -> Gestionar el mejoramiento de la cobertura y la calidad de los servicios básicos (agua potable, alcantarillado, recolección de basura) e infraestructura y áreas verdes de recreación de la parroquia, así como la red vial. | C38: Infraestructura física, equipamientos y espacios públicos de la parroquia rural
A40: ='T6. Prioridad alta-media'!D41 -> Estabilización de las fallas geológicas, especialmente en la que se encuentra en la comunidad de Bestión | B40: ='T7.Visión y obj des'!A4 -> Impulsar un desarrollo integral, conservando los ecosistemas naturales para reducir la contaminación de fuentes hídricas de la parroquia y fortalecer la capacidad de mitigación y adaptación ante los efectos del cambio climático. | C40: Gestión de riesgos
A41: ='T6. Prioridad alta-media'!D42 -> Mantenimiento de la calidad y cantidad de bosques y páramos dentro de la parroquia | B41: ='T7.Visión y obj des'!A4 -> Impulsar un desarrollo integral, conservando los ecosistemas naturales para reducir la contaminación de fuentes hídricas de la parroquia y fortalecer la capacidad de mitigación y adaptación ante los efectos del cambio climático. | C41: Gestión Ambiental
A42: ='T6. Prioridad alta-media'!D43 -> Ampliación del area urbana parroquial | B42: ='T7.Visión y obj des'!A4 -> Impulsar un desarrollo integral, conservando los ecosistemas naturales para reducir la contaminación de fuentes hídricas de la parroquia y fortalecer la capacidad de mitigación y adaptación ante los efectos del cambio climático. | C42: Gestión Ambiental
A43: ='T6. Prioridad alta-media'!D44 -> Conservación de los recursos naturales dentro del área protegida | B43: ='T7.Visión y obj des'!A4 -> Impulsar un desarrollo integral, conservando los ecosistemas naturales para reducir la contaminación de fuentes hídricas de la parroquia y fortalecer la capacidad de mitigación y adaptación ante los efectos del cambio climático. | C43: Gestión Ambiental
A189: ='T6. Prioridad alta-media'!D179 -> No existe un desafio de largo plazo definido | C189: =IFERROR(VLOOKUP(A189,'T2 Y T3. PROBLEMA-POTENCIALIDAD'!$C$10:$E$1017,3,FALSE),"No existe una competencia definida") -> No existe una competencia definida
A190: ='T6. Prioridad alta-media'!D180 -> No existe un desafio de largo plazo definido | C190: =IFERROR(VLOOKUP(A190,'T2 Y T3. PROBLEMA-POTENCIALIDAD'!$C$10:$E$1017,3,FALSE),"No existe una competencia definida") -> No existe una competencia definida
A191: ='T6. Prioridad alta-media'!D181 -> No existe un desafio de largo plazo definido | C191: =IFERROR(VLOOKUP(A191,'T2 Y T3. PROBLEMA-POTENCIALIDAD'!$C$10:$E$1017,3,FALSE),"No existe una competencia definida") -> No existe una competencia definida
A192: ='T6. Prioridad alta-media'!D182 -> No existe un desafio de largo plazo definido | C192: =IFERROR(VLOOKUP(A192,'T2 Y T3. PROBLEMA-POTENCIALIDAD'!$C$10:$E$1017,3,FALSE),"No existe una competencia definida") -> No existe una competencia definida
A193: ='T6. Prioridad alta-media'!D183 -> No existe un desafio de largo plazo definido | C193: =IFERROR(VLOOKUP(A193,'T2 Y T3. PROBLEMA-POTENCIALIDAD'!$C$10:$E$1017,3,FALSE),"No existe una competencia definida") -> No existe una competencia definida
A194: ='T6. Prioridad alta-media'!D184 -> No existe un desafio de largo plazo definido | C194: =IFERROR(VLOOKUP(A194,'T2 Y T3. PROBLEMA-POTENCIALIDAD'!$C$10:$E$1017,3,FALSE),"No existe una competencia definida") -> No existe una competencia definida
A195: ='T6. Prioridad alta-media'!D185 -> No existe un desafio de largo plazo definido | C195: =IFERROR(VLOOKUP(A195,'T2 Y T3. PROBLEMA-POTENCIALIDAD'!$C$10:$E$1017,3,FALSE),"No existe una competencia definida") -> No existe una competencia definida
A196: ='T6. Prioridad alta-media'!D186 -> No existe un desafio de largo plazo definido | C196: =IFERROR(VLOOKUP(A196,'T2 Y T3. PROBLEMA-POTENCIALIDAD'!$C$10:$E$1017,3,FALSE),"No existe una competencia definida") -> No existe una competencia definida
A197: ='T6. Prioridad alta-media'!D187 -> No existe un desafio de largo plazo definido | C197: =IFERROR(VLOOKUP(A197,'T2 Y T3. PROBLEMA-POTENCIALIDAD'!$C$10:$E$1017,3,FALSE),"No existe una competencia definida") -> No existe una competencia definida
A198: ='T6. Prioridad alta-media'!D188 -> No existe un desafio de largo plazo definido | C198: =IFERROR(VLOOKUP(A198,'T2 Y T3. PROBLEMA-POTENCIALIDAD'!$C$10:$E$1017,3,FALSE),"No existe una competencia definida") -> No existe una competencia definida
A199: ='T6. Prioridad alta-media'!D189 -> No existe un desafio de largo plazo definido | C199: =IFERROR(VLOOKUP(A199,'T2 Y T3. PROBLEMA-POTENCIALIDAD'!$C$10:$E$1017,3,FALSE),"No existe una competencia definida") -> No existe una competencia definida
A200: ='T6. Prioridad alta-media'!D190 -> No existe un desafio de largo plazo definido | C200: =IFERROR(VLOOKUP(A200,'T2 Y T3. PROBLEMA-POTENCIALIDAD'!$C$10:$E$1017,3,FALSE),"No existe una competencia definida") -> No existe una competencia definida
... A1000: ='T6. Prioridad alta-media'!D990 -> 0 | C1000: =IFERROR(VLOOKUP(A1000,'T2 Y T3. PROBLEMA-POTENCIALIDAD'!$C$10:$E$1017,3,FALSE),"No existe una competencia definida") -> No existe una competencia definida

Sheet T9. Análsis funcional prov 
A1: Tabla 9. Análisis funcional provincial
A2: Desafío de gestión (alto y medio) | B2: Competencia | C2: Unidad de intervención*
C3: Unidad territorial a | D3: Unidad territorial b | E3: Unidad territorial c | F3: Unidad territorial d | G3: Todo el territorio | H3: Articulación
A4: =+'T6. Prioridad alta-media'!C4 -> Gestión el desarrollo de emprendimientos de productores locales | B4: ='T8. Objetivos de desarrollo'!C3 -> Fomento de las actividades productivas y agropecuarias (incluye los temas de investigación, innovación y transferencia de conocimiento y tecnologías) | G4: X | H4: GAD provincial, GAD cantonal, MAG, ONGs, Universidades
A5: =+'T6. Prioridad alta-media'!C5 -> Gestión un plan productivo parroquial sostenible | B5: ='T8. Objetivos de desarrollo'!C4 -> Fomento de las actividades productivas y agropecuarias (incluye los temas de investigación, innovación y transferencia de conocimiento y tecnologías) | G5: X | H5: GAD provincial, GAD cantonal, MAG, ONGs, Universidades
A6: =+'T6. Prioridad alta-media'!C6 -> Gestión con las Instituciones de Educación Superior (IES) y cooperación internacional, proyectos para diversificación de la oferta local | B6: ='T8. Objetivos de desarrollo'!C5 -> Fomento de las actividades productivas y agropecuarias (incluye los temas de investigación, innovación y transferencia de conocimiento y tecnologías) | G6: X | H6: GAD provincial, GAD cantonal, MAG, ONGs, Universidades
A7: =+'T6. Prioridad alta-media'!C7 -> Gestión con el GAD provincial para un mecanismo de acopio y comercialización de productos lácteos | B7: ='T8. Objetivos de desarrollo'!C6 -> Fomento de las actividades productivas y agropecuarias (incluye los temas de investigación, innovación y transferencia de conocimiento y tecnologías) | G7: X | H7: GAD provincial, GAD cantonal, MAG, ONGs, Universidades
A9: =+'T6. Prioridad alta-media'!C9 -> Gestión y ampliación de la cobertura y tecnificación de riego | B9: ='T8. Objetivos de desarrollo'!C8 -> Fomento de las actividades productivas y agropecuarias (incluye los temas de investigación, innovación y transferencia de conocimiento y tecnologías) | G9: X | H9: GAD provincial, GAD cantonal, MAG, ONGs, Universidades
A10: =+'T6. Prioridad alta-media'!C10 -> Creación de un Plan de desarrollo económico, productivo y turístico | B10: ='T8. Objetivos de desarrollo'!C9 -> Fomento de las actividades productivas y agropecuarias (incluye los temas de investigación, innovación y transferencia de conocimiento y tecnologías) | G10: X | H10: GAD provincial, GAD cantonal, MAG, ONGs, Universidades
A13: =+'T6. Prioridad alta-media'!C13 -> Desarrollo de talleres de fortalecimiento de los sistemas de producción agrícola y la diversificación de los productos en las comunidades | B13: ='T8. Objetivos de desarrollo'!C12 -> Fomento de las actividades productivas y agropecuarias (incluye los temas de investigación, innovación y transferencia de conocimiento y tecnologías) | G13: X | H13: GAD provincial, GAD cantonal, MAG, ONGs, Universidades
A15: =+'T6. Prioridad alta-media'!C15 -> Gestión de recursos técnicos y económicos para implementar un programa de conservación, restauración y manejo de suelos | B15: ='T8. Objetivos de desarrollo'!C14 -> Fomento de las actividades productivas y agropecuarias (incluye los temas de investigación, innovación y transferencia de conocimiento y tecnologías) | G15: X | H15: GAD provincial, GAD cantonal, MAG, ONGs, Universidades
A17: =+'T6. Prioridad alta-media'!C17 -> Mantenimientos anuales, ampliación y tecnificación de los canales de riego | B17: ='T8. Objetivos de desarrollo'!C16 -> Riego y Drenaje | G17: X | H17: GAD provincial, GAD cantonal, MAG, ONGs, Universidades
A18: =+'T6. Prioridad alta-media'!C18 -> Gestión con el GAD municipal un plan de renovación y mantenimiento de los sistemas de agua de riego | B18: ='T8. Objetivos de desarrollo'!C17 -> Riego y Drenaje | G18: X | H18: GAD provincial, GAD cantonal, MAG, ONGs, Universidades
A19: =+'T6. Prioridad alta-media'!C19 -> Articulación a nivel interinstitucional de mecanismos de erradicación de la desnutrición crónica infantil | B19: ='T8. Objetivos de desarrollo'!C18 -> Protección integral a la niñez y adolescencia | G19: X | H19: GAD cantonal, MIES
A20: =+'T6. Prioridad alta-media'!C20 -> Gestión con las instituciones pertinentes un proyecto de acompañamiento integral al adulto mayor | B20: ='T8. Objetivos de desarrollo'!C19 -> Protección Integral de Derechos | G20: X | H20: GAD cantonal, MIES
... A42: =+'T6. Prioridad alta-media'!C42 -> Diseño e implementación de un plan de manejo ambiental de la parroquia con enfoque paisajístico | B42: ='T8. Objetivos de desarrollo'!C41 -> Gestión Ambiental | G42: X | H42: GAD provincial, GAD cantonal, Ministerio del Ambiente Agua y Transición Ecológica, ONGs, Universidades
A67: =+'T6. Prioridad alta-media'!C56 -> No existe un desafio de gestión definido | B67: =IFERROR(VLOOKUP(A67,'T2 Y T3. PROBLEMA-POTENCIALIDAD'!$D$10:$E$1017,2,FALSE),"No existe una competencia definida") -> No existe una competencia definida
A68: =+'T6. Prioridad alta-media'!C57 -> No existe un desafio de gestión definido | B68: =IFERROR(VLOOKUP(A68,'T2 Y T3. PROBLEMA-POTENCIALIDAD'!$D$10:$E$1017,2,FALSE),"No existe una competencia definida") -> No existe una competencia definida
A69: =+'T6. Prioridad alta-media'!C58 -> No existe un desafio de gestión definido | B69: =IFERROR(VLOOKUP(A69,'T2 Y T3. PROBLEMA-POTENCIALIDAD'!$D$10:$E$1017,2,FALSE),"No existe una competencia definida") -> No existe una competencia definida
A70: =+'T6. Prioridad alta-media'!C59 -> No existe un desafio de gestión definido | B70: =IFERROR(VLOOKUP(A70,'T2 Y T3. PROBLEMA-POTENCIALIDAD'!$D$10:$E$1017,2,FALSE),"No existe una competencia definida") -> No existe una competencia definida
A71: =+'T6. Prioridad alta-media'!C60 -> No existe un desafio de gestión definido | B71: =IFERROR(VLOOKUP(A71,'T2 Y T3. PROBLEMA-POTENCIALIDAD'!$D$10:$E$1017,2,FALSE),"No existe una competencia definida") -> No existe una competencia definida
A72: =+'T6. Prioridad alta-media'!C61 -> No existe un desafio de gestión definido | B72: =IFERROR(VLOOKUP(A72,'T2 Y T3. PROBLEMA-POTENCIALIDAD'!$D$10:$E$1017,2,FALSE),"No existe una competencia definida") -> No existe una competencia definida
A73: =+'T6. Prioridad alta-media'!C62 -> No existe un desafio de gestión definido | B73: =IFERROR(VLOOKUP(A73,'T2 Y T3. PROBLEMA-POTENCIALIDAD'!$D$10:$E$1017,2,FALSE),"No existe una competencia definida") -> No existe una competencia definida
A74: =+'T6. Prioridad alta-media'!C63 -> No existe un desafio de gestión definido | B74: =IFERROR(VLOOKUP(A74,'T2 Y T3. PROBLEMA-POTENCIALIDAD'!$D$10:$E$1017,2,FALSE),"No existe una competencia definida") -> No existe una competencia definida
A75: =+'T6. Prioridad alta-media'!C64 -> No existe un desafio de gestión definido | B75: =IFERROR(VLOOKUP(A75,'T2 Y T3. PROBLEMA-POTENCIALIDAD'!$D$10:$E$1017,2,FALSE),"No existe una competencia definida") -> No existe una competencia definida
A76: =+'T6. Prioridad alta-media'!C65 -> No existe un desafio de gestión definido | B76: =IFERROR(VLOOKUP(A76,'T2 Y T3. PROBLEMA-POTENCIALIDAD'!$D$10:$E$1017,2,FALSE),"No existe una competencia definida") -> No existe una competencia definida
A77: =+'T6. Prioridad alta-media'!C66 -> No existe un desafio de gestión definido | B77: =IFERROR(VLOOKUP(A77,'T2 Y T3. PROBLEMA-POTENCIALIDAD'!$D$10:$E$1017,2,FALSE),"No existe una competencia definida") -> No existe una competencia definida
A78: =+'T6. Prioridad alta-media'!C67 -> No existe un desafio de gestión definido | B78: =IFERROR(VLOOKUP(A78,'T2 Y T3. PROBLEMA-POTENCIALIDAD'!$D$10:$E$1017,2,FALSE),"No existe una competencia definida") -> No existe una competencia definida
... A1000: =+'T6. Prioridad alta-media'!C989 -> No existe un desafio de gestión definido | B1000: =IFERROR(VLOOKUP(A1000,'T2 Y T3. PROBLEMA-POTENCIALIDAD'!$D$10:$E$1017,2,FALSE),"No existe una competencia definida") -> No existe una competencia definida

Sheet T10. Análisis funcional can_par
A1: Tabla 10. Análisis funcional cantonal y parroquial
A2: Desafío de gestión (alto y medio) | B2: Competencia | C2: Unidad territorial* | K2: Articulación
C3: Suelo Urbano | F3: Suelo Rural | J3: Todo el territorio
C4: Consolidado | D4: No consolidado | E4: Protección | F4: Producción | G4: Aprovechamiento extractivo | H4: Expansión urbana | I4: Protección
A5: ='T6. Prioridad alta-media'!C4 -> Gestión el desarrollo de emprendimientos de productores locales | B5: ='T8. Objetivos de desarrollo'!C3 -> Fomento de las actividades productivas y agropecuarias (incluye los temas de investigación, innovación y transferencia de conocimiento y tecnologías) | J5: X | K5: ='T9. Análsis funcional prov '!H4 -> GAD provincial, GAD cantonal, MAG, ONGs, Universidades
A6: ='T6. Prioridad alta-media'!C5 -> Gestión un plan productivo parroquial sostenible | B6: ='T8. Objetivos de desarrollo'!C4 -> Fomento de las actividades productivas y agropecuarias (incluye los temas de investigación, innovación y transferencia de conocimiento y tecnologías) | J6: X | K6: ='T9. Análsis funcional prov '!H5 -> GAD provincial, GAD cantonal, MAG, ONGs, Universidades
A7: ='T6. Prioridad alta-media'!C6 -> Gestión con las Instituciones de Educación Superior (IES) y cooperación internacional, proyectos para diversificación de la oferta local | B7: ='T8. Objetivos de desarrollo'!C5 -> Fomento de las actividades productivas y agropecuarias (incluye los temas de investigación, innovación y transferencia de conocimiento y tecnologías) | J7: X | K7: ='T9. Análsis funcional prov '!H6 -> GAD provincial, GAD cantonal, MAG, ONGs, Universidades
A8: ='T6. Prioridad alta-media'!C7 -> Gestión con el GAD provincial para un mecanismo de acopio y comercialización de productos lácteos | B8: ='T8. Objetivos de desarrollo'!C6 -> Fomento de las actividades productivas y agropecuarias (incluye los temas de investigación, innovación y transferencia de conocimiento y tecnologías) | J8: X | K8: ='T9. Análsis funcional prov '!H7 -> GAD provincial, GAD cantonal, MAG, ONGs, Universidades
A10: ='T6. Prioridad alta-media'!C9 -> Gestión y ampliación de la cobertura y tecnificación de riego | B10: ='T8. Objetivos de desarrollo'!C8 -> Fomento de las actividades productivas y agropecuarias (incluye los temas de investigación, innovación y transferencia de conocimiento y tecnologías) | J10: X | K10: ='T9. Análsis funcional prov '!H9 -> GAD provincial, GAD cantonal, MAG, ONGs, Universidades
A11: ='T6. Prioridad alta-media'!C10 -> Creación de un Plan de desarrollo económico, productivo y turístico | B11: ='T8. Objetivos de desarrollo'!C9 -> Fomento de las actividades productivas y agropecuarias (incluye los temas de investigación, innovación y transferencia de conocimiento y tecnologías) | J11: X | K11: ='T9. Análsis funcional prov '!H10 -> GAD provincial, GAD cantonal, MAG, ONGs, Universidades
A14: ='T6. Prioridad alta-media'!C13 -> Desarrollo de talleres de fortalecimiento de los sistemas de producción agrícola y la diversificación de los productos en las comunidades | B14: ='T8. Objetivos de desarrollo'!C12 -> Fomento de las actividades productivas y agropecuarias (incluye los temas de investigación, innovación y transferencia de conocimiento y tecnologías) | J14: X | K14: ='T9. Análsis funcional prov '!H13 -> GAD provincial, GAD cantonal, MAG, ONGs, Universidades
A16: ='T6. Prioridad alta-media'!C15 -> Gestión de recursos técnicos y económicos para implementar un programa de conservación, restauración y manejo de suelos | B16: ='T8. Objetivos de desarrollo'!C14 -> Fomento de las actividades productivas y agropecuarias (incluye los temas de investigación, innovación y transferencia de conocimiento y tecnologías) | J16: X | K16: ='T9. Análsis funcional prov '!H15 -> GAD provincial, GAD cantonal, MAG, ONGs, Universidades
A18: ='T6. Prioridad alta-media'!C17 -> Mantenimientos anuales, ampliación y tecnificación de los canales de riego | B18: ='T8. Objetivos de desarrollo'!C16 -> Riego y Drenaje | J18: X | K18: ='T9. Análsis funcional prov '!H17 -> GAD provincial, GAD cantonal, MAG, ONGs, Universidades
A19: ='T6. Prioridad alta-media'!C18 -> Gestión con el GAD municipal un plan de renovación y mantenimiento de los sistemas de agua de riego | B19: ='T8. Objetivos de desarrollo'!C17 -> Riego y Drenaje | J19: X | K19: ='T9. Análsis funcional prov '!H18 -> GAD provincial, GAD cantonal, MAG, ONGs, Universidades
A20: ='T6. Prioridad alta-media'!C19 -> Articulación a nivel interinstitucional de mecanismos de erradicación de la desnutrición crónica infantil | B20: ='T8. Objetivos de desarrollo'!C18 -> Protección integral a la niñez y adolescencia | J20: X | K20: ='T9. Análsis funcional prov '!H19 -> GAD cantonal, MIES
A21: ='T6. Prioridad alta-media'!C20 -> Gestión con las instituciones pertinentes un proyecto de acompañamiento integral al adulto mayor | B21: ='T8. Objetivos de desarrollo'!C19 -> Protección Integral de Derechos | J21: X | K21: ='T9. Análsis funcional prov '!H20 -> GAD cantonal, MIES
... A43: ='T6. Prioridad alta-media'!C42 -> Diseño e implementación de un plan de manejo ambiental de la parroquia con enfoque paisajístico | B43: ='T8. Objetivos de desarrollo'!C41 -> Gestión Ambiental | J43: X | K43: ='T9. Análsis funcional prov '!H42 -> GAD provincial, GAD cantonal, Ministerio del Ambiente Agua y Transición Ecológica, ONGs, Universidades
A45: ='T6. Prioridad alta-media'!C44 -> Formulación y actualización del plan de manejo de áreas protegidas | B45: ='T8. Objetivos de desarrollo'!C43 -> Gestión Ambiental | J45: X | K45: GAD provincial, GAD cantonal, Ministerio del Ambiente Agua y Transición Ecológica, ONGs, Universidades
A174: ='T6. Prioridad alta-media'!C162 -> No existe un desafio de gestión definido | B174: =IFERROR(VLOOKUP(A174,'T2 Y T3. PROBLEMA-POTENCIALIDAD'!$D$10:$E$1017,2,FALSE),"No existe una competencia definida") -> No existe una competencia definida
A175: ='T6. Prioridad alta-media'!C163 -> No existe un desafio de gestión definido | B175: =IFERROR(VLOOKUP(A175,'T2 Y T3. PROBLEMA-POTENCIALIDAD'!$D$10:$E$1017,2,FALSE),"No existe una competencia definida") -> No existe una competencia definida
A176: ='T6. Prioridad alta-media'!C164 -> No existe un desafio de gestión definido | B176: =IFERROR(VLOOKUP(A176,'T2 Y T3. PROBLEMA-POTENCIALIDAD'!$D$10:$E$1017,2,FALSE),"No existe una competencia definida") -> No existe una competencia definida
A177: ='T6. Prioridad alta-media'!C165 -> No existe un desafio de gestión definido | B177: =IFERROR(VLOOKUP(A177,'T2 Y T3. PROBLEMA-POTENCIALIDAD'!$D$10:$E$1017,2,FALSE),"No existe una competencia definida") -> No existe una competencia definida
A178: ='T6. Prioridad alta-media'!C166 -> No existe un desafio de gestión definido | B178: =IFERROR(VLOOKUP(A178,'T2 Y T3. PROBLEMA-POTENCIALIDAD'!$D$10:$E$1017,2,FALSE),"No existe una competencia definida") -> No existe una competencia definida
A179: ='T6. Prioridad alta-media'!C167 -> No existe un desafio de gestión definido | B179: =IFERROR(VLOOKUP(A179,'T2 Y T3. PROBLEMA-POTENCIALIDAD'!$D$10:$E$1017,2,FALSE),"No existe una competencia definida") -> No existe una competencia definida
A180: ='T6. Prioridad alta-media'!C168 -> No existe un desafio de gestión definido | B180: =IFERROR(VLOOKUP(A180,'T2 Y T3. PROBLEMA-POTENCIALIDAD'!$D$10:$E$1017,2,FALSE),"No existe una competencia definida") -> No existe una competencia definida
A181: ='T6. Prioridad alta-media'!C169 -> No existe un desafio de gestión definido | B181: =IFERROR(VLOOKUP(A181,'T2 Y T3. PROBLEMA-POTENCIALIDAD'!$D$10:$E$1017,2,FALSE),"No existe una competencia definida") -> No existe una competencia definida
A182: ='T6. Prioridad alta-media'!C170 -> No existe un desafio de gestión definido | B182: =IFERROR(VLOOKUP(A182,'T2 Y T3. PROBLEMA-POTENCIALIDAD'!$D$10:$E$1017,2,FALSE),"No existe una competencia definida") -> No existe una competencia definida
A183: ='T6. Prioridad alta-media'!C171 -> No existe un desafio de gestión definido | B183: =IFERROR(VLOOKUP(A183,'T2 Y T3. PROBLEMA-POTENCIALIDAD'!$D$10:$E$1017,2,FALSE),"No existe una competencia definida") -> No existe una competencia definida
A184: ='T6. Prioridad alta-media'!C172 -> No existe un desafio de gestión definido | B184: =IFERROR(VLOOKUP(A184,'T2 Y T3. PROBLEMA-POTENCIALIDAD'!$D$10:$E$1017,2,FALSE),"No existe una competencia definida") -> No existe una competencia definida
A185: ='T6. Prioridad alta-media'!C173 -> No existe un desafio de gestión definido | B185: =IFERROR(VLOOKUP(A185,'T2 Y T3. PROBLEMA-POTENCIALIDAD'!$D$10:$E$1017,2,FALSE),"No existe una competencia definida") -> No existe una competencia definida
... A1000: ='T6. Prioridad alta-media'!C988 -> No existe un desafio de gestión definido | B1000: =IFERROR(VLOOKUP(A1000,'T2 Y T3. PROBLEMA-POTENCIALIDAD'!$D$10:$E$1017,2,FALSE),"No existe una competencia definida") -> No existe una competencia definida

Sheet T11.Obj G, politicas, metas
A1: Tabla 11. Definición de objetivos, políticas, metas e indicadores.
A2: Desafío de gestión | B2: Competencia | C2: Objetivo de gestión * (objetivo estratégico) | D2: Política PDOT | E2: Meta | F2: Indicador | G2: Tendencia del indicador | H2: Línea base | I2: Año LB | J2: Anualización de metas
J3: Año 1 | K3: Año 2 | L3: Año 3 | M3: Año 4
A4: ='T6. Prioridad alta-media'!C4 -> Gestión el desarrollo de emprendimientos de productores locales | B4: ='T8. Objetivos de desarrollo'!C3 -> Fomento de las actividades productivas y agropecuarias (incluye los temas de investigación, innovación y transferencia de conocimiento y tecnologías) | C4: Fomentar el emprendimiento productivo de productores locales mediante prácticas sostenibles | D4: Gestionar la implementación de un plan de fomento para el emprendimiento agroproductivo y turistico | E4: Elaborar un plan de emprendimiento agroproductivo y turistico hasta el año 2025 | F4: Número de planes de emprendimiento | G4: Se mantiene | H4: 0 | I4: 2024 | J4: 0 | K4: 0 | L4: 0 | M4: 1 | AA4: Creciente
A5: ='T6. Prioridad alta-media'!C5 -> Gestión un plan productivo parroquial sostenible | B5: ='T8. Objetivos de desarrollo'!C4 -> Fomento de las actividades productivas y agropecuarias (incluye los temas de investigación, innovación y transferencia de conocimiento y tecnologías) | C5: Fomentar el emprendimiento productivo de productores locales mediante prácticas sostenibles | D5: Gestionar la implementación de un plan de fomento para el emprendimiento productivo | E5: Elaborar un plan de emprendimiento agroproductivo y turistico hasta el año 2025 | F5: Número de planes de emprendimiento | G5: Se mantiene | H5: 0 | I5: 2024 | J5: 0 | K5: 0 | L5: 0 | M5: 1 | AA5: Decreciente
A6: ='T6. Prioridad alta-media'!C6 -> Gestión con las Instituciones de Educación Superior (IES) y cooperación internacional, proyectos para diversificación de la oferta local | B6: ='T8. Objetivos de desarrollo'!C5 -> Fomento de las actividades productivas y agropecuarias (incluye los temas de investigación, innovación y transferencia de conocimiento y tecnologías) | C6: Elaborar estudios para la diversificación de la oferta local de la producción agropecuaria | D6: Impulsar la diversificación de la oferta local a través de la gestión interinstitucional | E6: Presentar dos nuevos productos innovados o nuevos opciones de producto hasta el año 2027 | F6: Número de productos innovados o nuevos productos | G6: Creciente | H6: 0 | I6: 2024 | J6: 0 | K6: 0 | L6: 1 | M6: 1
A7: ='T6. Prioridad alta-media'!C7 -> Gestión con el GAD provincial para un mecanismo de acopio y comercialización de productos lácteos | B7: ='T8. Objetivos de desarrollo'!C6 -> Fomento de las actividades productivas y agropecuarias (incluye los temas de investigación, innovación y transferencia de conocimiento y tecnologías) | C7: Impulsar los procesos de asociatividad de los productores locales para la comercialización de productos lácteos | D7: Gestionar a nivel interinstitucional mecanismos de comercialización de productos lácteos | E7: Implementar un proyecto de asociatividad de los productores lácteos de la parroquia | F7: Porcentaje de productores lácteos involucrados en el modelo asociativo | G7: Creciente | H7: 0 | I7: 2024 | J7: 0 | K7: 0 | L7: 1 | M7: 0
A9: ='T6. Prioridad alta-media'!C9 -> Gestión y ampliación de la cobertura y tecnificación de riego | B9: ='T8. Objetivos de desarrollo'!C8 -> Fomento de las actividades productivas y agropecuarias (incluye los temas de investigación, innovación y transferencia de conocimiento y tecnologías) | C9: Ampliar la cobertura y tecnificación del riego a nivel parroquial | D9: Gestionar la cobertura y tecnificación de riego a nivel parroquial | E9: Ampliar y mejorar el acceso al agua de riego al 95% hasta el año 2027 | F9: Porcentaje de acceso al agua de riego | G9: Creciente | H9: 10% no tiene acceso adecuado a agua de riego | I9: 2024 | J9: 0 | K9: 0 | L9: 0.075 | M9: 0.075
A10: ='T6. Prioridad alta-media'!C10 -> Creación de un Plan de desarrollo económico, productivo y turístico | B10: ='T8. Objetivos de desarrollo'!C9 -> Fomento de las actividades productivas y agropecuarias (incluye los temas de investigación, innovación y transferencia de conocimiento y tecnologías) | C10: Formular e implementar un Plan de Desarrollo Económico, Productivo y Turístico que impulse la diversificación de la economía local, fortalezca los sistemas productivos y promueva el aprovechamiento sostenible de los recursos turísticos de la parroquia. | D10: Impulsar el desarrollo económico, productivo y turístico sostenible de la parroquia mediante la planificación territorial, el fortalecimiento de capacidades locales y la articulación de actores públicos, privados y comunitarios. | E10: Formular e implementar el 100% del Plan de Desarrollo Económico, Productivo y Turístico de la parroquia hasta el año 2027 | F10: Número de mesas de iniciativas | G10: Creciente | H10: 0 | I10: 2024 | J10: 0 | K10: 0 | L10: 0.5 | M10: 0.5
A12: ='T6. Prioridad alta-media'!C12 -> Creación de un Plan de desarrollo económico, productivo y turístico | B12: ='T8. Objetivos de desarrollo'!C11 -> Fomento de las actividades productivas y agropecuarias (incluye los temas de investigación, innovación y transferencia de conocimiento y tecnologías) | C12: Formular e implementar un Plan de Desarrollo Económico, Productivo y Turístico que impulse la diversificación de la economía local, fortalezca los sistemas productivos y promueva el aprovechamiento sostenible de los recursos turísticos de la parroquia. | D12: Impulsar el desarrollo económico, productivo y turístico sostenible de la parroquia mediante la planificación territorial, el fortalecimiento de capacidades locales y la articulación de actores públicos, privados y comunitarios. | E12: Formular e implementar el 100% del Plan de Desarrollo Económico, Productivo y Turístico de la parroquia hasta el año 2027 | F12: Porcentaje de productores lácteos involucrados en el modelo asociativo | G12: Creciente | H12: 0 | I12: 2024 | J12: 0 | K12: 0 | L12: 0.5 | M12: 0.5
A13: ='T6. Prioridad alta-media'!C13 -> Desarrollo de talleres de fortalecimiento de los sistemas de producción agrícola y la diversificación de los productos en las comunidades | B13: ='T8. Objetivos de desarrollo'!C12 -> Fomento de las actividades productivas y agropecuarias (incluye los temas de investigación, innovación y transferencia de conocimiento y tecnologías) | C13: Formular e implementar un Plan de Desarrollo Económico, Productivo y Turístico que impulse la diversificación de la economía local, fortalezca los sistemas productivos y promueva el aprovechamiento sostenible de los recursos turísticos de la parroquia. | D13: Impulsar el desarrollo económico, productivo y turístico sostenible de la parroquia mediante la planificación territorial, el fortalecimiento de capacidades locales y la articulación de actores públicos, privados y comunitarios. | E13: Formular e implementar el 100% del Plan de Desarrollo Económico, Productivo y Turístico de la parroquia hasta el año 2027 | F13: Porcentaje de productores lácteos involucrados en el modelo asociativo | G13: Creciente | H13: 0 | I13: 2024 | J13: 0 | K13: 0 | L13: 0.5 | M13: 0.5
A15: ='T6. Prioridad alta-media'!C15 -> Gestión de recursos técnicos y económicos para implementar un programa de conservación, restauración y manejo de suelos | B15: ='T8. Objetivos de desarrollo'!C14 -> Fomento de las actividades productivas y agropecuarias (incluye los temas de investigación, innovación y transferencia de conocimiento y tecnologías) | C15: Diseñar e implementar un plan de fomento productivo para el emprendimiento de productores locales mediante prácticas sostenibles | D15: Gestionar la implementación de un plan de fomento para el emprendimiento productivo | E15: Para el 2026 se cuenta con un plan de fomento de emprendimientos productivos y diversificación de productos agrícolas | F15: Un plan de fomento productivo | G15: Creciente | H15: 0 | I15: 2024 | J15: 0 | K15: 0 | L15: 1 | M15: 0
A16: ='T6. Prioridad alta-media'!C16 -> Gestión los recursos económicos en gobiernos seccionales y nacionales para tecnificar los sistemas de riego en la parroquia | B16: ='T8. Objetivos de desarrollo'!C15 -> Fomento de las actividades productivas y agropecuarias (incluye los temas de investigación, innovación y transferencia de conocimiento y tecnologías) | C16: Mejorar y mantener los sistemas de agua de riego a nivel parroquial | D16: Gestionar con el GAD municipal mecanismos de mejora integral y mantenimiento de los sistemas de riego | E16: Dos sistemas de riego de la parroquia tecnificados | F16: Número de sistemas de riego tecnificados y funcionando | G16: Creciente | H16: 0 | I16: 2024 | J16: 0 | K16: 0 | L16: 1 | M16: 1
A17: ='T6. Prioridad alta-media'!C17 -> Mantenimientos anuales, ampliación y tecnificación de los canales de riego | B17: ='T8. Objetivos de desarrollo'!C16 -> Riego y Drenaje | C17: Mejorar y mantener los sistemas de agua de riego a nivel parroquial | D17: Gestionar con el GAD municipal mecanismos de mejora integral y mantenimiento de los sistemas de riego | E17: 50% de los canales de riego están bien mantenidos | F17: Número de canales de riego mantenidos y funcionando de manera eficiente | G17: Creciente | H17: 0 | I17: 2024 | J17: 0 | K17: 0 | L17: 1 | M17: 1
A18: ='T6. Prioridad alta-media'!C18 -> Gestión con el GAD municipal un plan de renovación y mantenimiento de los sistemas de agua de riego | B18: ='T8. Objetivos de desarrollo'!C17 -> Riego y Drenaje | C18: Dotar de sistemas de agua de riego a nivel parroquial | D18: Gestionar con el GAD municipal mecanismos para dotar de los sistemas de riego | E18: Dotar de sistema de riego a las comunidades de Cauquil alto y bajo | F18: Número de sistemas de riego construidos | G18: Creciente | H18: 0 | I18: 2024 | J18: 0 | K18: 0 | L18: 1 | M18: 1
A19: ='T6. Prioridad alta-media'!C19 -> Articulación a nivel interinstitucional de mecanismos de erradicación de la desnutrición crónica infantil | B19: ='T8. Objetivos de desarrollo'!C18 -> Protección integral a la niñez y adolescencia | C19: Erradicar la desnutrición crónica infantil a nivel parroquial | D19: Gestionar de proyectos y programas con participación interinstitucional para la erradicación de desnutrición crónica infantil | E19: Generar al menos un convenio interinstitucionales para la erradicación de la DCI hasta el 2025 | F19: Número de convenios firmados | G19: Creciente | H19: 0 | I19: 2024 | J19: 0 | K19: 0 | L19: 0 | M19: 1
A20: ='T6. Prioridad alta-media'!C20 -> Gestión con las instituciones pertinentes un proyecto de acompañamiento integral al adulto mayor | B20: ='T8. Objetivos de desarrollo'!C19 -> Protección Integral de Derechos | C20: Fortalecer los servicios de acompañamiento al adulto mayor y personas con discapacidad | D20: Gestión interinstitucional para el acompañamiento integral del adulto mayor y personas con discapacidad | E20: Proveer acompañamiento integral a al menos el 60% de adultos mayores y personas con discapacidad de la parroquia hasta el 2025 | F20: % de adultos mayores y personas con discapacidad atendidos | G20: Creciente | H20: 0.15 | I20: 2024 | J20: 0.15 | K20: 0.15 | L20: 0.15 | M20: 0.15
A21: ='T6. Prioridad alta-media'!C21 -> Gestión con instituciones públicas y privadas mecanismos de incentivos, apoyos y desarrollo productivo | B21: ='T8. Objetivos de desarrollo'!C20 -> Protección Integral de Derechos | C21: Fortalecer los servicios de acompañamiento al adulto mayor y personas con discapacidad | D21: Gestión interinstitucional para el acompañamiento integral del adulto mayor y personas con discapacidad | E21: Proveer acompañamiento integral a al menos el 60% de adultos mayores y personas con discapacidad de la parroquia hasta el 2025 | F21: % de adultos mayores y personas con discapacidad atendidos | G21: Creciente | H21: 0.15 | I21: 2024 | J21: 0.15 | K21: 0.15 | L21: 0.15 | M21: 0.15
A22: ='T6. Prioridad alta-media'!C22 -> Elaboración e implementación de un plan estratégico institucional | B22: ='T8. Objetivos de desarrollo'!C21 -> Planificar el desarrollo territorial y formular los correspondientes planes de ordenamiento territorial | C22: Fortalecer la institucionalidad y los mecanismos de planificación del GAD parroquial | D22: Impulsar la mejora continua en la administración y planificación local de la parroquia | E22: Formular y ejecutar un plan estratégico institucional | F22: Un plan estratégico formulado y en ejecución | G22: Creciente | H22: 0 | I22: 2024 | J22: 0 | K22: 0 | L22: 1 | M22: 0
A23: ='T6. Prioridad alta-media'!C23 -> Elaboración e implementación de un plan estratégico institucional | B23: ='T8. Objetivos de desarrollo'!C22 -> Planificar el desarrollo territorial y formular los correspondientes planes de ordenamiento territorial | C23: Fortalecer la institucionalidad y los mecanismos de planificación del GAD parroquial | D23: Impulsar la mejora continua en la administración y planificación local de la parroquia | E23: Formular y ejecutar un plan estratégico institucional | F23: Un plan estratégico formulado y en ejecución | G23: Creciente | H23: 0 | I23: 2024 | J23: 0 | K23: 0 | L23: 1 | M23: 0
... A44: ='T6. Prioridad alta-media'!C44 -> Formulación y actualización del plan de manejo de áreas protegidas | B44: ='T8. Objetivos de desarrollo'!C43 -> Gestión Ambiental | C44: Gestionar mecanismos de conservación de las áreas naturales de la parroquia | D44: Mantener y conservar las áreas protegidas | E44: Contar con un plan de manejo de las áreas protegidas dentro de la parroquia | F44: Un plan de manejo | G44: Creciente | H44: 0 | I44: 2024 | J44: 0 | K44: 0 | L44: 1 | M44: 0
A132: ='T6. Prioridad alta-media'!C121 -> No existe un desafio de gestión definido | B132: =IFERROR(VLOOKUP(A132,'T2 Y T3. PROBLEMA-POTENCIALIDAD'!$D$10:$E$1017,2,FALSE),"No existe una competencia definida") -> No existe una competencia definida
A133: ='T6. Prioridad alta-media'!C122 -> No existe un desafio de gestión definido | B133: =IFERROR(VLOOKUP(A133,'T2 Y T3. PROBLEMA-POTENCIALIDAD'!$D$10:$E$1017,2,FALSE),"No existe una competencia definida") -> No existe una competencia definida
A134: ='T6. Prioridad alta-media'!C123 -> No existe un desafio de gestión definido | B134: =IFERROR(VLOOKUP(A134,'T2 Y T3. PROBLEMA-POTENCIALIDAD'!$D$10:$E$1017,2,FALSE),"No existe una competencia definida") -> No existe una competencia definida
A135: ='T6. Prioridad alta-media'!C124 -> No existe un desafio de gestión definido | B135: =IFERROR(VLOOKUP(A135,'T2 Y T3. PROBLEMA-POTENCIALIDAD'!$D$10:$E$1017,2,FALSE),"No existe una competencia definida") -> No existe una competencia definida
A136: ='T6. Prioridad alta-media'!C125 -> No existe un desafio de gestión definido | B136: =IFERROR(VLOOKUP(A136,'T2 Y T3. PROBLEMA-POTENCIALIDAD'!$D$10:$E$1017,2,FALSE),"No existe una competencia definida") -> No existe una competencia definida
A137: ='T6. Prioridad alta-media'!C126 -> No existe un desafio de gestión definido | B137: =IFERROR(VLOOKUP(A137,'T2 Y T3. PROBLEMA-POTENCIALIDAD'!$D$10:$E$1017,2,FALSE),"No existe una competencia definida") -> No existe una competencia definida
A138: ='T6. Prioridad alta-media'!C127 -> No existe un desafio de gestión definido | B138: =IFERROR(VLOOKUP(A138,'T2 Y T3. PROBLEMA-POTENCIALIDAD'!$D$10:$E$1017,2,FALSE),"No existe una competencia definida") -> No existe una competencia definida
A139: ='T6. Prioridad alta-media'!C128 -> No existe un desafio de gestión definido | B139: =IFERROR(VLOOKUP(A139,'T2 Y T3. PROBLEMA-POTENCIALIDAD'!$D$10:$E$1017,2,FALSE),"No existe una competencia definida") -> No existe una competencia definida
A140: ='T6. Prioridad alta-media'!C129 -> No existe un desafio de gestión definido | B140: =IFERROR(VLOOKUP(A140,'T2 Y T3. PROBLEMA-POTENCIALIDAD'!$D$10:$E$1017,2,FALSE),"No existe una competencia definida") -> No existe una competencia definida
A141: ='T6. Prioridad alta-media'!C130 -> No existe un desafio de gestión definido | B141: =IFERROR(VLOOKUP(A141,'T2 Y T3. PROBLEMA-POTENCIALIDAD'!$D$10:$E$1017,2,FALSE),"No existe una competencia definida") -> No existe una competencia definida
A142: ='T6. Prioridad alta-media'!C131 -> No existe un desafio de gestión definido | B142: =IFERROR(VLOOKUP(A142,'T2 Y T3. PROBLEMA-POTENCIALIDAD'!$D$10:$E$1017,2,FALSE),"No existe una competencia definida") -> No existe una competencia definida
A143: ='T6. Prioridad alta-media'!C132 -> No existe un desafio de gestión definido | B143: =IFERROR(VLOOKUP(A143,'T2 Y T3. PROBLEMA-POTENCIALIDAD'!$D$10:$E$1017,2,FALSE),"No existe una competencia definida") -> No existe una competencia definida
... A1000: ='T6. Prioridad alta-media'!C989 -> No existe un desafio de gestión definido | B1000: =IFERROR(VLOOKUP(A1000,'T2 Y T3. PROBLEMA-POTENCIALIDAD'!$D$10:$E$1017,2,FALSE),"No existe una competencia definida") -> No existe una competencia definida

Sheet T12. Planes-program-proyect
A1: Tabla 12. Definición de planes programas y proyectos
A2: Objetivo de desarrollo PDOT | B2: Objetivo de gestión PDOT (objetivo estratégico) | C2: Política PDOT | D2: Competencia | E2: Meta PDOT | F2: Plan/programa | G2: Proyecto | H2: Presupuesto referencial | I2: Fuente de financiamiento | J2: Unidad de intervención | K2: PND | M2: ETN | O2: ODS | R2: Observaciones
K3: Objetivo | L3: Meta | M3: Directriz | N3: Lineamiento | O3: Objetivo
B4: ='T11.Obj G, politicas, metas'!C4 -> Fomentar el emprendimiento productivo de productores locales mediante prácticas sostenibles | C4: ='T11.Obj G, politicas, metas'!D4 -> Gestionar la implementación de un plan de fomento para el emprendimiento agroproductivo y turistico | E4: ='T11.Obj G, politicas, metas'!E4 -> Elaborar un plan de emprendimiento agroproductivo y turistico hasta el año 2025 | O4: =IFERROR(VLOOKUP(D4,$AM$5:$AN$44,2,0)," ") | P4: =IFERROR(VLOOKUP(K4,$W$5:$X$14,2,0),"") | Q4: =IFERROR(VLOOKUP(M4,$AR$4:$AS$6,2,0)," ") | W4: Objetivo | Y4: 1 | Z4: 2 | AA4: 3 | AB4: 4 | AC4: 5 | AD4: 6 | AE4: 7 | AF4: 8 | AG4: 9 | AI4: META | AJ4: Alienación Meta PND con Objetivo ODS | AK4: Directrices ETN | AM4: Competencia | AN4: Alineación ODS a la competencia | AO4: 1. Hábitat y desarrollo social | AP4: 2. Economía y ambiente | AQ4: 3. Gestión Territorial | AR4: 1. Hábitat y desarrollo social | AS4: lin_uno
A5: ='T8. Objetivos de desarrollo'!B3 -> Impulsar el desarrollo económico productivo, agropecuario, artesanal y Turístico, potenciando la capacitación técnica en procesos productivos, la tecnificación, la oferta y el consumo de productos de la parroquia. | B5: ='T11.Obj G, politicas, metas'!C4 -> Fomentar el emprendimiento productivo de productores locales mediante prácticas sostenibles | C5: ='T11.Obj G, politicas, metas'!D4 -> Gestionar la implementación de un plan de fomento para el emprendimiento agroproductivo y turistico | D5: ='T11.Obj G, politicas, metas'!B4 -> Fomento de las actividades productivas y agropecuarias (incluye los temas de investigación, innovación y transferencia de conocimiento y tecnologías) | E5: Incrementra un 10% el número de emprendimientos en la parroquia hasta 2027. | F5: Emprendimiento productivo | G5: Fortalecimiento de emprendimientos agroproductivos y turísticos de San Gerardo | H5: 1000 | I5: Recursos proveniientes del Presupuesto general del Estado | J5: Todo el territorio | K5: Impulsar el desarrollo económico que genere empleo de calidad y finanzas públicas, sostenibles, inclusivas y equitativas. | L5: Incrementar la tasa de empleo adecuado (15 y más años) de 35,88% en el 2024 a 37,53% al 2029. | M5: 2. Economía y ambiente | N5: Impulsar la productividad con base en el aprovechamiento sostenible de las potencialidades territoriales, que promueva modelos de desarrollo resilientes, ambientalmente sostenibles y con enfoque inclusivo que integren la conservación de la biodiversidad y la gestión integral del riesgo. | O5: Poner fin al hambre, lograr la seguridad alimentaria y la mejora de la nutrición y promover la agricultura sostenible | P5: =IFERROR(VLOOKUP(K5,$W$5:$X$14,2,0),"") | Q5: =IFERROR(VLOOKUP(M5,$AR$4:$AS$6,2,0)," ") -> lin_dos | W5: 1. Mejorar el bienestar social y la calidad de vida de la población, para garantizar el goce efectivo de los derechos y la reducción de las desigualdades. | X5: uno | Y5: Incrementar el porcentaje de gestantes, niñas y niños menores de 6 años que reciben servicios para la primera infancia de 38,91% en agosto del 2024 a 42,51% en agosto del 2029. | Z5: Incrementar el número de investigadores por cada mil integrantes de la Población Económicamente Activa de 0,96 en el 2024 a 1,83 al 2029. | AA5: Incrementar el índice de impulso al desarrollo marítimo nacional de 57,30% en el 2024 a 63,82% al 2029 | AB5: Incrementar el porcentaje de participación de la colocación de crédito de las entidades financieras públicas en el Producto Interno Bruto (PIB) de 5,46% en el 2024 a 6,25% al 2029. | AC5: Incrementar el grado de implementación de planes de acción y políticas de compras públicas sostenibles (CPS) de 19 puntos en el 2024 a 43 puntos al 2029. | AD5: Incrementar el ahorro de combustibles en Barriles Equivalentes de Petróleo (BEP) por la Optimización de Generación Eléctrica y Eficiencia Energética en el Sector de Hidrocarburos de 36.447.195,10 en el 2024 a 53.797.446,50 al 2029. | AE5: Incrementar el número de kilómetros en Buen Estado de la Red Vial Estatal de 4.159,94 en el 2024 a 6.848,96 al 2029. | AF5: Incrementar el Índice de Estado Abierto de 0,52 en 2024 a 0,65 al 2029 | AG5: Incrementar el índice de fortalecimiento de la gobernanza local y multinivel de los Gobiernos Autónomos Descentralizados cantonales (IFGLM) de 42,57 en el 2024 a 46,99 al 2029. | AI5: Incrementar el porcentaje de gestantes, niñas y niños menores de 6 años que reciben servicios para la primera infancia de 38,91% en agosto del 2024 a 42,51% en agosto del 2029. | AJ5: 1 Fin de la Pobreza | AK5: 1. Hábitat y desarrollo social | AM5: Cooperación Internacional | AN5: 17 Alianzas para lograr los objetivos | AO5: 1. Garantizar el acceso a servicios integrales de salud, con especial énfasis en la atención a la primera infancia y en las zonas rurales, con el propósito de reducir las desigualdades territoriales. | AP5: 1. Fomentar sistemas productivos sostenibles y diversificados, con enfoque agroecológico, biocomercio, turismo responsable y bioeconomía. | AQ5: 1. Fortalecer los procesos de planificación, seguimiento y evaluación en el marco de la desconcentración. | AR5: 2. Economía y ambiente | AS5: lin_dos
A8: ='T8. Objetivos de desarrollo'!B6 -> Impulsar el desarrollo económico productivo, agropecuario, artesanal y Turístico, potenciando la capacitación técnica en procesos productivos, la tecnificación, la oferta y el consumo de productos de la parroquia. | B8: ='T11.Obj G, politicas, metas'!C7 -> Impulsar los procesos de asociatividad de los productores locales para la comercialización de productos lácteos | C8: ='T11.Obj G, politicas, metas'!D7 -> Gestionar a nivel interinstitucional mecanismos de comercialización de productos lácteos | D8: ='T11.Obj G, politicas, metas'!B7 -> Fomento de las actividades productivas y agropecuarias (incluye los temas de investigación, innovación y transferencia de conocimiento y tecnologías) | E8: 90% de productores participan en canales de comercialización hasta 2027. | F8: Emprendimiento productivo | G8: Fortalecimiento de la cadena de valor y comercialización láctea | H8: 1000 | I8: Recursos proveniientes del Presupuesto general del Estado | J8: Todo el territorio | K8: Impulsar el desarrollo económico que genere empleo de calidad y finanzas públicas, sostenibles, inclusivas y equitativas. | L8: Incrementar la tasa de empleo adecuado (15 y más años) de 35,88% en el 2024 a 37,53% al 2029. | M8: 2. Economía y ambiente | N8: Impulsar la productividad con base en el aprovechamiento sostenible de las potencialidades territoriales, que promueva modelos de desarrollo resilientes, ambientalmente sostenibles y con enfoque inclusivo que integren la conservación de la biodiversidad y la gestión integral del riesgo. | O8: Poner fin al hambre, lograr la seguridad alimentaria y la mejora de la nutrición y promover la agricultura sostenible | P8: =IFERROR(VLOOKUP(K8,$W$5:$X$14,2,0),"") | Q8: =IFERROR(VLOOKUP(M8,$AR$4:$AS$6,2,0)," ") -> lin_dos | W8: 4.⁠ Impulsar el desarrollo económico que genere empleo de calidad y finanzas públicas, sostenibles, inclusivas y equitativas. | X8: cuatro | Y8: Incrementar la cobertura de vacunación de Neumococo de 82,33% en el 2024 a 86,00% al 2029. | Z8: Incrementar el porcentaje de estudiantes de cuarto grado de Educación General Básica que alcanzaron o superaron el nivel mínimo de competencia en la asignatura de Lengua y Literatura, según los resultados de la evaluación Ser Estudiante de 41,66% en el año lectivo 2023-2024 a 42,86% al 2029-2030. | AA8: Incrementar el porcentaje de Personas Privadas de Libertad (PPL) participantes en al menos un eje de tratamiento o actividad ocupacional de 17,83% en el 2024 a 32,83% al 2029. | AB8: Incrementar la tasa de empleo adecuado (15 y más años) de 35,88% en el 2024 a 37,53% al 2029. | AC8: Incrementar el número de entradas de visitantes no residentes al Ecuador de 1,26 millones en 2024 a 2,25 millones en 2029 | AD8: Incrementar la potencia instalada en subestaciones de distribución para atender el crecimiento de la demanda de energía eléctrica del país de 7.089,17 MVA en el 2024 a 7.599,44 MVA al 2029. | AE8: Reducir el número de accidentes en la operación de aeronaves civiles de 20 en el 2024 a 15 al 2029 | AF8: Incrementar el porcentaje de autoridades de elección popular que llevan a cabo el proceso de rendición de cuenta de 90,78% en el 2023 a 92,00% al 2029 | AG8: Incrementar el índice de preparación para casos de desastres cantonal de 43,61 en el 2024 a 51,74 al 2029. | AI8: Incrementar la cobertura de vacunación de Neumococo de 82,33% en el 2024 a 86,00% al 2029. | AJ8: 3 Salud y Bienestar | AM8: Dragado, relleno hidráulico y limpieza de ríos, presas, embalses y esteros | AN8: 6 Agua limpia y Saneamiento 14 Vida submarina | AO8: 4. Garantizar el ejercicio efectivo de derechos de las mujeres que fortalezca la igualdad de género en el territorio nacional, mediante políticas y acciones territoriales diferenciadas orientadas a la protección frente a diferentes tipos de violencia, el acceso equitativo a servicios de salud, educación, participación en la gobernanza y la promoción de la autonomía económica y acceso a sistemas de cuidados. | AP8: 4. Fortalecer la participación de las mujeres, pueblos indígenas y productores de la agricultura familiar campesina en las cadenas productivas locales, mediante el acceso a instrumentos financieros, fondos semilla, con enfoque de género y formación técnica, orientados a fomentar el emprendimiento y el desarrollo económico con énfasis en las poblaciones históricamente excluidas | AQ8: 4. Fortalecer el funcionamiento y la gestión de las mancomunidades, los consorcios y otros mecanismos de asociatividad de los GAD, para el ejercicio de competencias concurrentes y exclusivas, considerando los principios de subsidiariedad, complementariedad y alternativas de financiamiento.
A10: ='T8. Objetivos de desarrollo'!B8 -> Impulsar el desarrollo económico productivo, agropecuario, artesanal y Turístico, potenciando la capacitación técnica en procesos productivos, la tecnificación, la oferta y el consumo de productos de la parroquia. | B10: ='T11.Obj G, politicas, metas'!C9 -> Ampliar la cobertura y tecnificación del riego a nivel parroquial | C10: ='T11.Obj G, politicas, metas'!D9 -> Gestionar la cobertura y tecnificación de riego a nivel parroquial | D10: ='T11.Obj G, politicas, metas'!B9 -> Fomento de las actividades productivas y agropecuarias (incluye los temas de investigación, innovación y transferencia de conocimiento y tecnologías) | E10: 7% de cobertura de riego tecnificado (reservorios, aspersión) en unidades productivas hasta 2027. | F10: Emprendimiento productivo | G10: Tecnificación y ampliación de cobertura de sistemas de riego parcelario | H10: 5000 | I10: GAD Provincial | J10: Todo el territorio | K10: Impulsar el desarrollo económico que genere empleo de calidad y finanzas públicas, sostenibles, inclusivas y equitativas. | L10: Incrementar la tasa de empleo adecuado (15 y más años) de 35,88% en el 2024 a 37,53% al 2029. | M10: 2. Economía y ambiente | N10: Impulsar la productividad con base en el aprovechamiento sostenible de las potencialidades territoriales, que promueva modelos de desarrollo resilientes, ambientalmente sostenibles y con enfoque inclusivo que integren la conservación de la biodiversidad y la gestión integral del riesgo. | O10: Poner fin al hambre, lograr la seguridad alimentaria y la mejora de la nutrición y promover la agricultura sostenible | P10: =IFERROR(VLOOKUP(K10,$W$5:$X$14,2,0),"") | Q10: =IFERROR(VLOOKUP(M10,$AR$4:$AS$6,2,0)," ") -> lin_dos | W10: 6.⁠ ⁠ Precautelar el uso sostenible de los recursos naturales, la protección del ambiente, así como la optimización y la eficiencia energética. | X10: seis | Y10: Incrementar la cobertura de vacunación de SRP (Sarampión, Rubeola, Parotiditis) de 70,10% en el 2024 a 73,74% al 2029. | Z10: Incrementar el porcentaje de estudiantes de tercero de Bachillerato que alcanzaron o superaron el nivel mínimo de competencia en la asignatura de Lengua y Literatura, según los resultados de la evaluación Ser Estudiante de 23,66% en el año lectivo 2023- 2024 a 24,86% al 2029-2030. | AA10: Incrementar la cobertura territorial efectiva del servicio defensorial público de 64,71% en el 2024 a 85,97% al 2029. | AB10: Reducir el trabajo infantil (5 a 14 años) de 7,01% en el 2024 a 6,29% al 2029. | AC10: Incrementar el porcentaje de cobertura con riego parcelario tecnificado de pequeños y medianos productores de 18,53% en el 2024 a 23,13% al 2029. | AD10: Incrementar la superficie de riego y drenaje con viabilidad técnica para proyectos nuevos de 12.499,27 ha en el año 2024 a 26.216,88 ha al 2029. | AI10: Incrementar la cobertura de vacunación de SRP (Sarampión, Rubeola, Parotiditis) de 70,10% en el 2024 a 73,74% al 2029. | AJ10: 3 Salud y Bienestar | AM10: Fomento de la seguridad alimentaria | AN10: 2 Hambre cero 12 Producción y consumo responsable | AO10: 6. Promover programas de protección social no contributiva en los territorios con mayores niveles de pobreza y prevalencia de desnutrición. | AP10: 6. Impulsar la recuperación, conservación y protección de las fuentes hídricas, zonas de recarga, acuíferos y aguas subterráneas con una gestión integral, que garantice su calidad, disponibilidad, uso eficiente y acceso equitativo para el consumo humano, el riego y la producción. | AQ10: 6. Incrementar la presencia de Ecuador en la Antártida para fomentar la economía social del conocimiento, en el marco del Tratado Antártico.
A20: ='T8. Objetivos de desarrollo'!B18 -> Contribuir al mejoramiento de los servicios sociales y fortalecimiento de la cohesión social, mediante gestiones de cooperación que permitan reducir los índices de pobreza lograr consolidar una atención integral para todos los grupos vulnerables de la parroquia. | B20: ='T11.Obj G, politicas, metas'!C19 -> Erradicar la desnutrición crónica infantil a nivel parroquial | C20: ='T11.Obj G, politicas, metas'!D19 -> Gestionar de proyectos y programas con participación interinstitucional para la erradicación de desnutrición crónica infantil | D20: ='T11.Obj G, politicas, metas'!B19 -> Protección integral a la niñez y adolescencia | E20: Reducir en un 10% la tasa de desnutrición crónica infantil en la parroquia hasta 2027. | F20: Grupos de atencion prioritaria | G20: Prevención y reducción de la desnutrición crónica infantil | H20: 2500 | I20: Recursos proveniientes del Presupuesto general del Estado | J20: Todo el territorio | K20: Mejorar el bienestar social y la calidad de vida de la población, para garantizar el goce efectivo de los derechos y la reducción de las desigualdades. | L20: Incrementar el porcentaje de usuarios de los servicios de protección social que se encuentran en condición de pobreza y pobreza extrema de 74,61% en el 2024 a 90,23% al 2029. | M20: 1. Hábitat y desarrollo social | N20: Reducir las inequidades sociales y territoriales, garantizando el acceso equitativo y efectivo a derechos fundamentales, mediante la provisión de servicios básicos, salud, educación, protección social, vivienda y hábitat, con prioridad en territorios en situación de vulnerabilidad y rezago. | O20: Poner fin a la pobreza en todas sus formas en todo el mundo | P20: =IFERROR(VLOOKUP(K20,$W$5:$X$14,2,0),"") | Q20: =IFERROR(VLOOKUP(M20,$AR$4:$AS$6,2,0)," ") -> lin_uno | Y20: Reducir la tasa específica de nacimientos en mujeres adolescentes de 15 a 19 años de 39,55 en el 2024 a 33,90 al 2029. | Z20: Reducir la prevalencia de actividad física insuficiente en la población adulta (18-69 años) de 11,30% en el 2024 a 5,05% al 2029. | AI20: Reducir la tasa específica de nacimientos en mujeres adolescentes de 15 a 19 años de 39,55 en el 2024 a 33,90 al 2029. | AJ20: 3 Salud y Bienestar | AM20: Otorgar personalidad jurídica a organizaciones sociales | AN20: 17 Alianzas para lograr los objetivos
A21: ='T8. Objetivos de desarrollo'!B19 -> Contribuir al mejoramiento de los servicios sociales y fortalecimiento de la cohesión social, mediante gestiones de cooperación que permitan reducir los índices de pobreza lograr consolidar una atención integral para todos los grupos vulnerables de la parroquia. | B21: ='T11.Obj G, politicas, metas'!C20 -> Fortalecer los servicios de acompañamiento al adulto mayor y personas con discapacidad | C21: ='T11.Obj G, politicas, metas'!D20 -> Gestión interinstitucional para el acompañamiento integral del adulto mayor y personas con discapacidad | D21: ='T11.Obj G, politicas, metas'!B20 -> Protección Integral de Derechos | E21: Brindar atención integral al 70% de adultos mayores y personas con discapacidad hasta 2027 | F21: Grupos de atencion prioritaria | G21: Atención integral para adultos mayores y personas con discapacidad | H21: 2500 | I21: Recursos proveniientes del Presupuesto general del Estado | J21: Todo el territorio | K21: Mejorar el bienestar social y la calidad de vida de la población, para garantizar el goce efectivo de los derechos y la reducción de las desigualdades. | L21: Incrementar el porcentaje de usuarios de los servicios de protección social que se encuentran en condición de pobreza y pobreza extrema de 74,61% en el 2024 a 90,23% al 2029. | M21: 1. Hábitat y desarrollo social | N21: Reducir las inequidades sociales y territoriales, garantizando el acceso equitativo y efectivo a derechos fundamentales, mediante la provisión de servicios básicos, salud, educación, protección social, vivienda y hábitat, con prioridad en territorios en situación de vulnerabilidad y rezago. | O21: Poner fin a la pobreza en todas sus formas en todo el mundo | P21: =IFERROR(VLOOKUP(K21,$W$5:$X$14,2,0),"") | Q21: =IFERROR(VLOOKUP(M21,$AR$4:$AS$6,2,0)," ") -> lin_uno | Z21: Reducir la prevalencia de actividad física insuficiente en niños y jóvenes (5-17 años) de 84,03% en el 2024 a 77,78% al 2029. | AI21: Incrementar el número de investigadores por cada mil integrantes de la Población Económicamente Activa de 0,96 en el 2024 a 1,83 al 2029. | AJ21: 9 Industria, Innovación e Infraestructuras | AM21: Participación ciudadana | AN21: 5 Igualdad de Genero 10 Reducción de las desigualdades 13 Acción por el clima 17 Alianzas para lograr los objetivos
A23: ='T8. Objetivos de desarrollo'!B21 -> Fortalecer los mecanismos de gestión del GAD parroquial que permitan la coordinación efectiva entre los diferentes niveles de gobierno y ciudadanía hacia una institución activa, transparente y participativa. | B23: ='T11.Obj G, politicas, metas'!C22 -> Fortalecer la institucionalidad y los mecanismos de planificación del GAD parroquial | C23: ='T11.Obj G, politicas, metas'!D22 -> Impulsar la mejora continua en la administración y planificación local de la parroquia | D23: ='T11.Obj G, politicas, metas'!B22 -> Planificar el desarrollo territorial y formular los correspondientes planes de ordenamiento territorial | E23: Ejecutar al menos el 85% de las acciones planificadas anualmente en el POA institucional. | F23: Fortalecimiento institucional | G23: Sistema de planificación estratégica y fortalecimiento institucional del GAD parroquial | H23: 1000 | I23: GAD parroquial | J23: Todo el territorio | K23: Fortalecer la institucionalidad pública de forma eficiente, transparente y participativa | L23: Incrementar el índice de percepción de la calidad de los servicios públicos en general de 6,35 en el 2024 a 6,67 al 2029. | M23: 1. Hábitat y desarrollo social | N23: Articular la gestión territorial y la gobernanza multinivel | O23: Fortalecer los medios de ejecución y revitalizar la Alianza Mundial para el Desarrollo Sostenible | P23: =IFERROR(VLOOKUP(K23,$W$5:$X$14,2,0),"") | Q23: =IFERROR(VLOOKUP(M23,$AR$4:$AS$6,2,0)," ") -> lin_uno | AI23: Incrementar el número de obras, proyectos y producciones artísticas y culturales, financiados con fondos de fomento no reembolsables de 289 en el 2023 a 570 al 2029. | AJ23: 8 Trabajo decente y crecimiento económico | AM23: Planificar, construir y mantener la Infraestructura y equipamientos físicos de salud y educación | AN23: 4 Educación de Calidad 9 Industria, Innovación e Infraestructuras
F24: Fortalecimiento institucional
F25: Fortalecimiento institucional
F26: Fortalecimiento institucional
F27: Fortalecimiento institucional
F28: Fortalecimiento institucional
A29: ='T8. Objetivos de desarrollo'!B27 -> Fortalecer los mecanismos de gestión del GAD parroquial que permitan la coordinación efectiva entre los diferentes niveles de gobierno y ciudadanía hacia una institución activa, transparente y participativa. | B29: ='T11.Obj G, politicas, metas'!C28 -> Fortalecer el tejido sociocultural e identitario de la parroquia | C29: ='T11.Obj G, politicas, metas'!D28 -> Mantener las costumbres y tradiciones socioculturales | D29: ='T11.Obj G, politicas, metas'!B28 -> Participación ciudadana | E29: Realizar al menos 2 eventos socioculturales anuales en la parroquia. | F29: Fortalecimiento institucional | G29: Fortalecimiento sociocultural y rescate de identidad local | H29: 1000 | I29: GAD parroquial | J29: Todo el territorio | K29: Fortalecer la institucionalidad pública de forma eficiente, transparente y participativa | L29: Incrementar el índice de percepción de la calidad de los servicios públicos en general de 6,35 en el 2024 a 6,67 al 2029. | M29: 1. Hábitat y desarrollo social | N29: Articular la gestión territorial y la gobernanza multinivel | O29: Fortalecer los medios de ejecución y revitalizar la Alianza Mundial para el Desarrollo Sostenible | P29: =IFERROR(VLOOKUP(K29,$W$5:$X$14,2,0),"") | Q29: =IFERROR(VLOOKUP(M29,$AR$4:$AS$6,2,0)," ") -> lin_uno | AI29: Incrementar el porcentaje de personas de 18 a 29 años de edad con bachillerato completo de 76,67% en el 2024 a 79,05% al 2029. | AJ29: 4 Educación de Calidad | AM29: Prestación de servicios públicos: Depuración de aguas residuales | AN29: 3 Salud y Bienestar 6 Agua limpia y Saneamiento 11 Ciudades y comunidades sostenibles 14 Vida submarina
A32: ='T8. Objetivos de desarrollo'!B30 -> Gestionar el mejoramiento de la cobertura y la calidad de los servicios básicos (agua potable, alcantarillado, recolección de basura) e infraestructura y áreas verdes de recreación de la parroquia, así como la red vial. | B32: ='T11.Obj G, politicas, metas'!C31 -> Elaborar estudios y proyectos para la dotación de servicios básicos, gestionando los recursos necesarios para su implementación efectiva | C32: ='T11.Obj G, politicas, metas'!D31 -> Gestionar la ampliación de la cobertura, la renovación y mantenimiento de los sistemas de agua potable. | D32: ='T11.Obj G, politicas, metas'!B31 -> Prestación de servicios públicos: Agua Potable | E32: Mantener el 100% de sistemas de agua potable operativos y funcionales cada año. | F32: Servicios publicos | G32: Opmitizacion y mantenimiento de sistemas de agua potable existentes | H32: 2000 | I32: GAD Municipal de Girón | J32: Todo el territorio | K32: Impulsar el desarrollo de infraestructuras sostenibles y resilientes; y de la conectividad física y digital, que brinde condiciones de crecimiento y desarrollo económico. | L32: Reducir la tasa de pobreza por necesidades básicas insatisfechas del 30,84% en el año 2023 al 30,11% al 2025. | M32: 1. Hábitat y desarrollo social | N32: Reducir las inequidades sociales y territoriales, garantizando el acceso equitativo y efectivo a derechos fundamentales, mediante la provisión de servicios básicos, salud, educación, protección social, vivienda y hábitat, con prioridad en territorios en situación de vulnerabilidad y rezago. | O32: Lograr que las ciudades y los asentamientos humanos sean inclusivos, seguros, resilientes y sostenibles | P32: =IFERROR(VLOOKUP(K32,$W$5:$X$14,2,0),"") | Q32: =IFERROR(VLOOKUP(M32,$AR$4:$AS$6,2,0)," ") -> lin_uno | AI32: Incrementar la tasa de variación del número de visitas a espacios culturales de 1,42% en el 2024 a 14,75% al 2029. | AJ32: 8 Trabajo decente y crecimiento económico | AM32: Prestación de servicios que satisfagan necesidades colectivas: cementerios | AN32: 11 Ciudades y comunidades sostenibles
A34: ='T8. Objetivos de desarrollo'!B32 -> Gestionar el mejoramiento de la cobertura y la calidad de los servicios básicos (agua potable, alcantarillado, recolección de basura) e infraestructura y áreas verdes de recreación de la parroquia, así como la red vial. | B34: ='T11.Obj G, politicas, metas'!C33 -> Elaborar estudios y proyectos para la dotación de servicios básicos, gestionando los recursos necesarios para su implementación efectiva | C34: ='T11.Obj G, politicas, metas'!D33 -> Gestionar la ampliación de la cobertura y mejorar el servicio de alcantarillado y depuración de aguas residuales. | D34: ='T11.Obj G, politicas, metas'!B33 -> Prestación de servicios públicos: Depuración de aguas residuales | E34: Ampliar el acceso del servicio básico de alcantarillado del 46,4% al 48,0% al 2027 . | F34: Servicios publicos | G34: Ampliación del sistema de alcantarillado y tratamiento de aguas residuales | H34: 2000 | I34: GAD Municipal de Girón | J34: Todo el territorio | K34: Impulsar el desarrollo de infraestructuras sostenibles y resilientes; y de la conectividad física y digital, que brinde condiciones de crecimiento y desarrollo económico. | L34: Reducir la tasa de pobreza por necesidades básicas insatisfechas del 30,84% en el año 2023 al 30,11% al 2025. | M34: 1. Hábitat y desarrollo social | N34: Reducir las inequidades sociales y territoriales, garantizando el acceso equitativo y efectivo a derechos fundamentales, mediante la provisión de servicios básicos, salud, educación, protección social, vivienda y hábitat, con prioridad en territorios en situación de vulnerabilidad y rezago. | O34: Lograr que las ciudades y los asentamientos humanos sean inclusivos, seguros, resilientes y sostenibles | P34: =IFERROR(VLOOKUP(K34,$W$5:$X$14,2,0),"") | Q34: =IFERROR(VLOOKUP(M34,$AR$4:$AS$6,2,0)," ") -> lin_uno | AI34: Reducir la mediana (en minutos) de comportamiento sedentario durante un día normal en adultos (18-69 años) de 180,00 minutos en el año 2024 a 173,75 minutos al 2029. | AJ34: 3 Salud y Bienestar | AM34: Prestación de servicios que satisfagan necesidades colectivas: plazas de mercado | AN34: 9 Industria, Innovación e Infraestructuras 11 Ciudades y comunidades sostenibles
F35: Servicios publicos
A36: ='T8. Objetivos de desarrollo'!B34 -> Gestionar el mejoramiento de la cobertura y la calidad de los servicios básicos (agua potable, alcantarillado, recolección de basura) e infraestructura y áreas verdes de recreación de la parroquia, así como la red vial. | B36: ='T11.Obj G, politicas, metas'!C35 -> Ampliar la cobertura de recolección de desechos sólidos en la parroquia, garantizando un servicio eficiente y sostenible que mejore la calidad de vida de los habitantes y preserve el medio ambiente | C36: ='T11.Obj G, politicas, metas'!D35 -> Gestionar la ampliación de la cobertura del servicio de recolección de residuos sólidos. | D36: ='T11.Obj G, politicas, metas'!B35 -> Prestación de servicios públicos: Desechos Sólidos | E36: ='T11.Obj G, politicas, metas'!E35 -> Ampliar el acceso del servicio de recolección de basura del 71.3% al 75% hasta el 2027. | F36: Servicios publicos | G36: Educación ambiental y gestión sostenible de residuos | H36: 2000 | I36: GAD Municipal de Girón | J36: Todo el territorio | K36: Impulsar el desarrollo de infraestructuras sostenibles y resilientes; y de la conectividad física y digital, que brinde condiciones de crecimiento y desarrollo económico. | L36: Reducir la tasa de pobreza por necesidades básicas insatisfechas del 30,84% en el año 2023 al 30,11% al 2025. | M36: 1. Hábitat y desarrollo social | N36: Reducir las inequidades sociales y territoriales, garantizando el acceso equitativo y efectivo a derechos fundamentales, mediante la provisión de servicios básicos, salud, educación, protección social, vivienda y hábitat, con prioridad en territorios en situación de vulnerabilidad y rezago. | O36: Lograr que las ciudades y los asentamientos humanos sean inclusivos, seguros, resilientes y sostenibles | P36: =IFERROR(VLOOKUP(K36,$W$5:$X$14,2,0),"") | Q36: =IFERROR(VLOOKUP(M36,$AR$4:$AS$6,2,0)," ") -> lin_uno | AI36: Reducir la prevalencia de actividad física insuficiente en la población adulta (18-69 años) de 11,30% en el 2024 a 5,05% al 2029. | AJ36: 3 Salud y Bienestar | AM36: Prevención, protección, socorro y extinción de incendios | AN36: 11 Ciudades y comunidades sostenibles 13 Acción por el clima 15 Vida de ecosistemas terrestres
A38: ='T8. Objetivos de desarrollo'!B36 -> Gestionar el mejoramiento de la cobertura y la calidad de los servicios básicos (agua potable, alcantarillado, recolección de basura) e infraestructura y áreas verdes de recreación de la parroquia, así como la red vial. | B38: ='T11.Obj G, politicas, metas'!C37 -> Fomentar la cooperación interinstitucional para invertir en la planificación, construcción y mantenimiento de la infraestructura vial, mejorando la conectividad y seguridad de las vías en la parroquia | C38: ='T11.Obj G, politicas, metas'!D37 -> Gestionar el mejoramiento de vías rurales para optimizar la conectividad. | D38: ='T11.Obj G, politicas, metas'!B37 -> Vialidad | E38: Mantener el 60% de la red vial rural parroquial en buen estado de forma anual | F38: Gestión vial | G38: Mejoramiento de conectividad y seguridad vial rural | H38: 25000 | I38: GAD provincial, GAD cantonal y GAD parroquial | J38: Todo el territorio | K38: Impulsar el desarrollo de infraestructuras sostenibles y resilientes; y de la conectividad física y digital, que brinde condiciones de crecimiento y desarrollo económico. | L38: Incrementar el número de kilómetros en Buen Estado de la Red Vial Estatal de 4.159,94 en el 2024 a 6.848,96 al 2029. | M38: 3. Gestión Territorial | N38: Articular la gestión territorial y la gobernanza multinivel. | O38: Lograr que las ciudades y los asentamientos humanos sean inclusivos, seguros, resilientes y sostenibles | P38: =IFERROR(VLOOKUP(K38,$W$5:$X$14,2,0),"") | Q38: =IFERROR(VLOOKUP(M38,$AR$4:$AS$6,2,0)," ") | AI38: Incrementar el índice de impulso al desarrollo marítimo nacional de 57,30% en el 2024 a 63,82% al 2029 | AJ38: 16 Paz, justicia e instituciones sólidas | AM38: Protección Integral de Derechos | AN38: 1 Fin de la Pobreza 3 Salud y Bienestar 4 Educación de Calidad 5 Igualdad de Genero 10 Reducción de las desigualdades 16 Paz, justicia e instituciones sólidas 17 Alianzas para lograr los objetivos
A40: ='T8. Objetivos de desarrollo'!B38 -> Gestionar el mejoramiento de la cobertura y la calidad de los servicios básicos (agua potable, alcantarillado, recolección de basura) e infraestructura y áreas verdes de recreación de la parroquia, así como la red vial. | B40: ='T11.Obj G, politicas, metas'!C39 -> Planificar, ejecutar y mantener programas y proyectos para la construcción y el mantenimiento de equipamientos en beneficio de la población | C40: ='T11.Obj G, politicas, metas'!D39 -> Desarrollar proyectos para construir y mantener equipamientos y espacios públicos de calidad, fomentando el desarrollo social, cultural y deportivo mediante la asignación eficiente de recursos, la participación comunitaria activa y la colaboración interinstitucional. | D40: ='T11.Obj G, politicas, metas'!B39 -> Infraestructura física, equipamientos y espacios públicos de la parroquia rural | E40: Intervenir al menos 5 equipamientos comunitarios por año. | F40: Infraestructrura | G40: Construcción, rehabilitación y mantenimiento de equipamientos comunitarios | H40: 5000 | I40: GAD cantonal y GAD parroquial | J40: Todo el territorio | K40: Impulsar el desarrollo de infraestructuras sostenibles y resilientes; y de la conectividad física y digital, que brinde condiciones de crecimiento y desarrollo económico. | L40: Reducir la tasa de pobreza por necesidades básicas insatisfechas del 30,84% en el año 2023 al 30,11% al 2025. | M40: 1. Hábitat y desarrollo social | N40: Articular la gestión territorial y la gobernanza multinivel. | O40: Lograr que las ciudades y los asentamientos humanos sean inclusivos, seguros, resilientes y sostenibles | P40: =IFERROR(VLOOKUP(K40,$W$5:$X$14,2,0),"") | Q40: =IFERROR(VLOOKUP(M40,$AR$4:$AS$6,2,0)," ") -> lin_uno | AI40: Incrementar el porcentaje de mujeres violentadas con acceso a servicios de protección a través de Medidas Administrativas de Protección Inmediata (MAPIS) de 21,55% en el 2024 a 27,40 % al 2029. | AJ40: 5 Igualdad de Genero | AM40: Regulación del flujo migratorio | AN40: 10 Reducción de las desigualdades 17 Alianzas para lograr los objetivos
J41: ='[1]T12. Planes-program-proyect'!K40 -> Todo el territorio
A42: ='T8. Objetivos de desarrollo'!B40 -> Impulsar un desarrollo integral, conservando los ecosistemas naturales para reducir la contaminación de fuentes hídricas de la parroquia y fortalecer la capacidad de mitigación y adaptación ante los efectos del cambio climático. | B42: ='T11.Obj G, politicas, metas'!C41 -> Reducir los niveles de amenaza y vulnerabilidad para la población frente a los riesgos | C42: ='T11.Obj G, politicas, metas'!D41 -> Gestionar un plan integral para la gestión de riesgos | D42: ='T11.Obj G, politicas, metas'!B41 -> Gestión de riesgos | E42: 100% de comunidades de la parroquia con un plan básico de gestión de riesgos hasta 2027. | F42: Gestion Ambiental y riesgos | G42: Plan integral de gestión de riesgos y reducción de vulnerabilidades | H42: 1000 | I42: GAD provincial, GAD cantonal y GAD parroquial | J42: Todo el territorio | K42: Fortalecer la capacidad de respuesta y resiliencia de las ciudades y comunidades ante riesgos de origen natural y antrópico | L42: Incrementar el índice de preparación para casos de desastres cantonal de 43,61 en el 2024 a 51,74 al 2029. | M42: 2. Economía y ambiente | N42: Articular la gestión territorial y la gobernanza multinivel | O42: Lograr que las ciudades y los asentamientos humanos sean inclusivos, seguros, resilientes y sostenibles | P42: =IFERROR(VLOOKUP(K42,$W$5:$X$14,2,0),"") | Q42: =IFERROR(VLOOKUP(M42,$AR$4:$AS$6,2,0)," ") -> lin_dos | AI42: Incrementar el porcentaje de víctimas de violencia sexual, detectadas, cometidas y registradas en el ámbito educativo, que recibieron un plan de acompañamiento de restitución de derechos de 93,59% en 2024 a 97,30% al 2029. | AJ42: 16 Paz, justicia e instituciones sólidas | AM42: Tránsito, Transporte Terrestre y Seguridad Vial | AN42: 3 Salud y Bienestar 7 Energía asequible y no contaminante 11 Ciudades y comunidades sostenibles
A43: ='T8. Objetivos de desarrollo'!B41 -> Impulsar un desarrollo integral, conservando los ecosistemas naturales para reducir la contaminación de fuentes hídricas de la parroquia y fortalecer la capacidad de mitigación y adaptación ante los efectos del cambio climático. | B43: ='T11.Obj G, politicas, metas'!C42 -> Gestionar mecanismos de conservación de las áreas naturales de la parroquia | C43: ='T11.Obj G, politicas, metas'!D42 -> Conservar las áreas naturales dentro de la parroquia | D43: ='T11.Obj G, politicas, metas'!B42 -> Gestión Ambiental | E43: Mantener el 60% de áreas protegidas bajo manejo y control comunitario hasta 2027. | F43: Gestion Ambiental y riesgos | G43: Conservación y gestión sostenible de áreas protegidas parroquiales | H43: 1000 | I43: GAD provincial, GAD cantonal y GAD parroquial | J43: Todo el territorio | K43: Fortalecer la capacidad de respuesta y resiliencia de las ciudades y comunidades ante riesgos de origen natural y antrópico | L43: Incrementar el índice de preparación para casos de desastres cantonal de 43,61 en el 2024 a 51,74 al 2029. | M43: 2. Economía y ambiente | N43: Articular la gestión territorial y la gobernanza multinivel | O43: Lograr que las ciudades y los asentamientos humanos sean inclusivos, seguros, resilientes y sostenibles | P43: =IFERROR(VLOOKUP(K43,$W$5:$X$14,2,0),"") | Q43: =IFERROR(VLOOKUP(M43,$AR$4:$AS$6,2,0)," ") -> lin_dos | AI43: Incrementar la cobertura territorial efectiva del servicio defensorial público de 64,71% en el 2024 a 85,97% al 2029. | AJ43: 16 Paz, justicia e instituciones sólidas | AM43: Vialidad | AN43: 9 Industria, Innovación e Infraestructuras 11 Ciudades y comunidades sostenibles
A44: ='T8. Objetivos de desarrollo'!B42 -> Impulsar un desarrollo integral, conservando los ecosistemas naturales para reducir la contaminación de fuentes hídricas de la parroquia y fortalecer la capacidad de mitigación y adaptación ante los efectos del cambio climático. | B44: ='T11.Obj G, politicas, metas'!C43 -> Gestionar mecanismos de conservación de las áreas naturales de la parroquia | C44: ='T11.Obj G, politicas, metas'!D43 -> Recuperacion de la Laguna San Martin | D44: ='T11.Obj G, politicas, metas'!B43 -> Gestión Ambiental | E44: Recuperar el 70% del área priorizada de la laguna con acciones de restauración hasta 2027. | F44: Gestion Ambiental y riesgos | G44: Recuperación ecológica de la Laguna San Martín | H44: ='[1]T12. Planes-program-proyect'!I43 -> 8000 | I44: GAD provincial, GAD cantonal y GAD parroquial | J44: Laguna San Martín | K44: Fortalecer la capacidad de respuesta y resiliencia de las ciudades y comunidades ante riesgos de origen natural y antrópico | L44: Incrementar el índice de preparación para casos de desastres cantonal de 43,61 en el 2024 a 51,74 al 2029. | M44: 2. Economía y ambiente | N44: Articular la gestión territorial y la gobernanza multinivel | O44: Lograr que las ciudades y los asentamientos humanos sean inclusivos, seguros, resilientes y sostenibles | P44: =IFERROR(VLOOKUP(K44,$W$5:$X$14,2,0),"") | Q44: =IFERROR(VLOOKUP(M44,$AR$4:$AS$6,2,0)," ") -> lin_dos | AI44: Incrementar la contribución de las Fuerzas Armadas del Ecuador (FFAA) a la Seguridad en los ámbitos de competencia legal de 34,40% en 2024 a 39,90% al 2029. | AJ44: 16 Paz, justicia e instituciones sólidas | AM44: Vigilancia de la ejecución de obras y calidad de los servicios públicos | AN44: 11 Ciudades y comunidades sostenibles
A46: ='T8. Objetivos de desarrollo'!B44 -> 0 | B46: ='T11.Obj G, politicas, metas'!C45 -> 0 | C46: ='T11.Obj G, politicas, metas'!D46 -> 0 | D46: ='T11.Obj G, politicas, metas'!B46 -> 0 | E46: ='T11.Obj G, politicas, metas'!E46 -> 0 | O46: =IFERROR(VLOOKUP(D46,$AM$5:$AN$44,2,0)," ") | P46: =IFERROR(VLOOKUP(K46,$W$5:$X$14,2,0),"") | Q46: =IFERROR(VLOOKUP(M46,$AR$4:$AS$6,2,0)," ") | AI46: Incrementar la tasa de solución al conflicto penal de la Fiscalía General del Estado de 210 en el 2024 a 213 al 2029. | AJ46: 16 Paz, justicia e instituciones sólidas
A47: ='T8. Objetivos de desarrollo'!B45 -> 0 | B47: ='T11.Obj G, politicas, metas'!C46 -> 0 | C47: ='T11.Obj G, politicas, metas'!D47 -> 0 | D47: ='T11.Obj G, politicas, metas'!B47 -> 0 | E47: ='T11.Obj G, politicas, metas'!E47 -> 0 | O47: =IFERROR(VLOOKUP(D47,$AM$5:$AN$44,2,0)," ") | P47: =IFERROR(VLOOKUP(K47,$W$5:$X$14,2,0),"") | Q47: =IFERROR(VLOOKUP(M47,$AR$4:$AS$6,2,0)," ") | AI47: Mantener porcentaje de amenazas, riesgos y vulnerabilidades internas y externas identificadas, procesadas y difundidas que puedan afectar a la Seguridad Integral del Estado de 100% al 2029 | AJ47: 16 Paz, justicia e instituciones sólidas
A48: ='T8. Objetivos de desarrollo'!B46 -> 0 | B48: ='T11.Obj G, politicas, metas'!C47 -> 0 | C48: ='T11.Obj G, politicas, metas'!D48 -> 0 | D48: ='T11.Obj G, politicas, metas'!B48 -> 0 | E48: ='T11.Obj G, politicas, metas'!E48 -> 0 | O48: =IFERROR(VLOOKUP(D48,$AM$5:$AN$44,2,0)," ") | P48: =IFERROR(VLOOKUP(K48,$W$5:$X$14,2,0),"") | Q48: =IFERROR(VLOOKUP(M48,$AR$4:$AS$6,2,0)," ") | AI48: Reducir la tasa de congestión de 2,13 en el 2024 al 1,90 al 2029 | AJ48: 16 Paz, justicia e instituciones sólidas
A49: ='T8. Objetivos de desarrollo'!B47 -> 0 | B49: ='T11.Obj G, politicas, metas'!C48 -> 0 | C49: ='T11.Obj G, politicas, metas'!D49 -> 0 | D49: ='T11.Obj G, politicas, metas'!B49 -> 0 | E49: ='T11.Obj G, politicas, metas'!E49 -> 0 | O49: =IFERROR(VLOOKUP(D49,$AM$5:$AN$44,2,0)," ") | P49: =IFERROR(VLOOKUP(K49,$W$5:$X$14,2,0),"") | Q49: =IFERROR(VLOOKUP(M49,$AR$4:$AS$6,2,0)," ") | AI49: Reducir la tasa de femicidios por cada 100.000 mujeres de 0,93 en el año 2024 a 0,82 al 2029. | AJ49: 5 Igualdad de Genero
A50: ='T8. Objetivos de desarrollo'!B48 -> 0 | B50: ='T11.Obj G, politicas, metas'!C50 -> 0 | C50: ='T11.Obj G, politicas, metas'!D50 -> 0 | D50: ='T11.Obj G, politicas, metas'!B50 -> 0 | E50: ='T11.Obj G, politicas, metas'!E50 -> 0 | O50: =IFERROR(VLOOKUP(D50,$AM$5:$AN$44,2,0)," ") | P50: =IFERROR(VLOOKUP(K50,$W$5:$X$14,2,0),"") | Q50: =IFERROR(VLOOKUP(M50,$AR$4:$AS$6,2,0)," ") | AI50: Reducir la tasa de homicidios intencionales por cada 100.000 habitantes de 39,16 en el 2024 a 32,06 al 2029. | AJ50: 16 Paz, justicia e instituciones sólidas
A51: ='T8. Objetivos de desarrollo'!B49 -> 0 | B51: ='T11.Obj G, politicas, metas'!C51 -> 0 | C51: ='T11.Obj G, politicas, metas'!D51 -> 0 | D51: ='T11.Obj G, politicas, metas'!B51 -> 0 | E51: ='T11.Obj G, politicas, metas'!E51 -> 0 | O51: =IFERROR(VLOOKUP(D51,$AM$5:$AN$44,2,0)," ") | P51: =IFERROR(VLOOKUP(K51,$W$5:$X$14,2,0),"") | Q51: =IFERROR(VLOOKUP(M51,$AR$4:$AS$6,2,0)," ") | AI51: Reducir la tasa de pendencia de 1,13 en el 2024 a 0,98 al 2029 | AJ51: 16 Paz, justicia e instituciones sólidas
A52: ='T8. Objetivos de desarrollo'!B50 -> 0 | B52: ='T11.Obj G, politicas, metas'!C52 -> 0 | C52: ='T11.Obj G, politicas, metas'!D52 -> 0 | D52: ='T11.Obj G, politicas, metas'!B52 -> 0 | E52: ='T11.Obj G, politicas, metas'!E52 -> 0 | O52: =IFERROR(VLOOKUP(D52,$AM$5:$AN$44,2,0)," ") | P52: =IFERROR(VLOOKUP(K52,$W$5:$X$14,2,0),"") | Q52: =IFERROR(VLOOKUP(M52,$AR$4:$AS$6,2,0)," ") | AI52: Incrementar el porcentaje de participación de la colocación de crédito de las entidades financieras públicas en el Producto Interno Bruto (PIB) de 5,46% en el 2024 a 6,25% al 2029. | AJ52: 8 Trabajo decente y crecimiento económico
A53: ='T8. Objetivos de desarrollo'!B52 -> 0 | B53: ='T11.Obj G, politicas, metas'!C53 -> 0 | C53: ='T11.Obj G, politicas, metas'!D53 -> 0 | D53: ='T11.Obj G, politicas, metas'!B53 -> 0 | E53: ='T11.Obj G, politicas, metas'!E53 -> 0 | O53: =IFERROR(VLOOKUP(D53,$AM$5:$AN$44,2,0)," ") | P53: =IFERROR(VLOOKUP(K53,$W$5:$X$14,2,0),"") | Q53: =IFERROR(VLOOKUP(M53,$AR$4:$AS$6,2,0)," ") | AI53: Incrementar la población con empleo en las principales actividades turísticas de 555.862 en el 2024 a 570.575 al 2029. | AJ53: 8 Trabajo decente y crecimiento económico
A54: ='T8. Objetivos de desarrollo'!B53 -> 0 | B54: ='T11.Obj G, politicas, metas'!C54 -> 0 | C54: ='T11.Obj G, politicas, metas'!D54 -> 0 | D54: ='T11.Obj G, politicas, metas'!B54 -> 0 | E54: ='T11.Obj G, politicas, metas'!E54 -> 0 | O54: =IFERROR(VLOOKUP(D54,$AM$5:$AN$44,2,0)," ") | P54: =IFERROR(VLOOKUP(K54,$W$5:$X$14,2,0),"") | Q54: =IFERROR(VLOOKUP(M54,$AR$4:$AS$6,2,0)," ") | AI54: Incrementar la proporción del Presupuesto General del Estado financiado por impuestos internos de 35,89% en el 2024 a 39,68% al 2029. | AJ54: 17 Alianzas para lograr los objetivos
A55: ='T8. Objetivos de desarrollo'!B54 -> 0 | B55: ='T11.Obj G, politicas, metas'!C55 -> 0 | C55: ='T11.Obj G, politicas, metas'!D55 -> 0 | D55: ='T11.Obj G, politicas, metas'!B55 -> 0 | E55: ='T11.Obj G, politicas, metas'!E55 -> 0 | O55: =IFERROR(VLOOKUP(D55,$AM$5:$AN$44,2,0)," ") | P55: =IFERROR(VLOOKUP(K55,$W$5:$X$14,2,0),"") | Q55: =IFERROR(VLOOKUP(M55,$AR$4:$AS$6,2,0)," ") | AI55: Incrementar la tasa de empleo adecuado (15 y más años) de 35,88% en el 2024 a 37,53% al 2029. | AJ55: 8 Trabajo decente y crecimiento económico
A56: ='T8. Objetivos de desarrollo'!B55 -> 0 | B56: ='T11.Obj G, politicas, metas'!C56 -> 0 | C56: ='T11.Obj G, politicas, metas'!D56 -> 0 | D56: ='T11.Obj G, politicas, metas'!B56 -> 0 | E56: ='T11.Obj G, politicas, metas'!E56 -> 0 | O56: =IFERROR(VLOOKUP(D56,$AM$5:$AN$44,2,0)," ") | P56: =IFERROR(VLOOKUP(K56,$W$5:$X$14,2,0),"") | Q56: =IFERROR(VLOOKUP(M56,$AR$4:$AS$6,2,0)," ") | AI56: Mantener el porcentaje promedio anual de cobertura de los pasivos del primer sistema de balance Banco Central del Ecuador (BCE) con las Reservas Internacionales (RI) en 100% al 2029. | AJ56: 17 Alianzas para lograr los objetivos
A57: ='T8. Objetivos de desarrollo'!B56 -> 0 | B57: ='T11.Obj G, politicas, metas'!C57 -> 0 | C57: ='T11.Obj G, politicas, metas'!D57 -> 0 | D57: ='T11.Obj G, politicas, metas'!B57 -> 0 | E57: ='T11.Obj G, politicas, metas'!E57 -> 0 | O57: =IFERROR(VLOOKUP(D57,$AM$5:$AN$44,2,0)," ") | P57: =IFERROR(VLOOKUP(K57,$W$5:$X$14,2,0),"") | Q57: =IFERROR(VLOOKUP(M57,$AR$4:$AS$6,2,0)," ") | AI57: Reducir el trabajo infantil (5 a 14 años) de 7,01% en el 2024 a 6,29% al 2029. | AJ57: 8 Trabajo decente y crecimiento económico
A58: ='T8. Objetivos de desarrollo'!B57 -> 0 | B58: ='T11.Obj G, politicas, metas'!C58 -> 0 | C58: ='T11.Obj G, politicas, metas'!D58 -> 0 | D58: ='T11.Obj G, politicas, metas'!B58 -> 0 | E58: ='T11.Obj G, politicas, metas'!E58 -> 0 | O58: =IFERROR(VLOOKUP(D58,$AM$5:$AN$44,2,0)," ") | P58: =IFERROR(VLOOKUP(K58,$W$5:$X$14,2,0),"") | Q58: =IFERROR(VLOOKUP(M58,$AR$4:$AS$6,2,0)," ") | AI58: Reducir la brecha salarial entre hombres y mujeres de 16,65% en el 2024 a 14,83% al 2029. | AJ58: 8 Trabajo decente y crecimiento económico
A59: ='T8. Objetivos de desarrollo'!B58 -> 0 | B59: ='T11.Obj G, politicas, metas'!C59 -> 0 | C59: ='T11.Obj G, politicas, metas'!D59 -> 0 | D59: ='T11.Obj G, politicas, metas'!B59 -> 0 | E59: ='T11.Obj G, politicas, metas'!E59 -> 0 | O59: =IFERROR(VLOOKUP(D59,$AM$5:$AN$44,2,0)," ") | P59: =IFERROR(VLOOKUP(K59,$W$5:$X$14,2,0),"") | Q59: =IFERROR(VLOOKUP(M59,$AR$4:$AS$6,2,0)," ") | AI59: Reducir la tasa de desempleo juvenil (18 a 29 años) de 9,24% en el 2024 a 8,35% al 2029. | AJ59: 8 Trabajo decente y crecimiento económico
A60: ='T8. Objetivos de desarrollo'!B59 -> 0 | B60: ='T11.Obj G, politicas, metas'!C60 -> 0 | C60: ='T11.Obj G, politicas, metas'!D60 -> 0 | D60: ='T11.Obj G, politicas, metas'!B60 -> 0 | E60: ='T11.Obj G, politicas, metas'!E60 -> 0 | O60: =IFERROR(VLOOKUP(D60,$AM$5:$AN$44,2,0)," ") | P60: =IFERROR(VLOOKUP(K60,$W$5:$X$14,2,0),"") | Q60: =IFERROR(VLOOKUP(M60,$AR$4:$AS$6,2,0)," ") | AI60: Incrementar el grado de implementación de planes de acción y políticas de compras públicas sostenibles (CPS) de 19 puntos en el 2024 a 43 puntos al 2029. | AJ60: 12 Producción y consumo responsable
A61: ='T8. Objetivos de desarrollo'!B60 -> 0 | B61: ='T11.Obj G, politicas, metas'!C61 -> 0 | C61: ='T11.Obj G, politicas, metas'!D61 -> 0 | D61: ='T11.Obj G, politicas, metas'!B61 -> 0 | E61: ='T11.Obj G, politicas, metas'!E61 -> 0 | O61: =IFERROR(VLOOKUP(D61,$AM$5:$AN$44,2,0)," ") | P61: =IFERROR(VLOOKUP(K61,$W$5:$X$14,2,0),"") | Q61: =IFERROR(VLOOKUP(M61,$AR$4:$AS$6,2,0)," ") | AI61: Incrementar el Índice de Productividad Agrícola de 145,82 en el 2024 a 157,15 al 2029. | AJ61: 2 Hambre cero
A62: ='T8. Objetivos de desarrollo'!B61 -> 0 | B62: ='T11.Obj G, politicas, metas'!C62 -> 0 | C62: ='T11.Obj G, politicas, metas'!D62 -> 0 | D62: ='T11.Obj G, politicas, metas'!B62 -> 0 | E62: ='T11.Obj G, politicas, metas'!E62 -> 0 | O62: =IFERROR(VLOOKUP(D62,$AM$5:$AN$44,2,0)," ") | P62: =IFERROR(VLOOKUP(K62,$W$5:$X$14,2,0),"") | Q62: =IFERROR(VLOOKUP(M62,$AR$4:$AS$6,2,0)," ") | AI62: Incrementar el ingreso de divisas por concepto de turismo receptor de USD 1.788,3 millones en el 2024 a USD 3.105,1 millones al 2029. | AJ62: 8 Trabajo decente y crecimiento económico
A63: ='T8. Objetivos de desarrollo'!B62 -> 0 | B63: ='T11.Obj G, politicas, metas'!C63 -> 0 | C63: ='T11.Obj G, politicas, metas'!D63 -> 0 | D63: ='T11.Obj G, politicas, metas'!B63 -> 0 | E63: ='T11.Obj G, politicas, metas'!E63 -> 0 | O63: =IFERROR(VLOOKUP(D63,$AM$5:$AN$44,2,0)," ") | P63: =IFERROR(VLOOKUP(K63,$W$5:$X$14,2,0),"") | Q63: =IFERROR(VLOOKUP(M63,$AR$4:$AS$6,2,0)," ") | AI63: Incrementar el número de entradas de visitantes no residentes al Ecuador de 1,26 millones en 2024 a 2,25 millones en 2029 | AJ63: 8 Trabajo decente y crecimiento económico
A64: ='T8. Objetivos de desarrollo'!B63 -> 0 | B64: ='T11.Obj G, politicas, metas'!C64 -> 0 | C64: ='T11.Obj G, politicas, metas'!D64 -> 0 | D64: ='T11.Obj G, politicas, metas'!B64 -> 0 | E64: ='T11.Obj G, politicas, metas'!E64 -> 0 | O64: =IFERROR(VLOOKUP(D64,$AM$5:$AN$44,2,0)," ") | P64: =IFERROR(VLOOKUP(K64,$W$5:$X$14,2,0),"") | Q64: =IFERROR(VLOOKUP(M64,$AR$4:$AS$6,2,0)," ") | AI64: Incrementar el número de mujeres rurales de la Agricultura Familiar Campesina que se desempeñan como promotoras de sistemas de producción sustentable y sostenible de 2.218,00 en el 2024 a 5.218,00 al 2029. | AJ64: 2 Hambre cero
... A102: ='T8. Objetivos de desarrollo'!B101 -> 0 | B102: ='T11.Obj G, politicas, metas'!C102 -> 0 | C102: ='T11.Obj G, politicas, metas'!D102 -> 0 | D102: ='T11.Obj G, politicas, metas'!B102 -> 0 | E102: ='T11.Obj G, politicas, metas'!E102 -> 0 | O102: =IFERROR(VLOOKUP(D102,$AM$5:$AN$44,2,0)," ") | P102: =IFERROR(VLOOKUP(K102,$W$5:$X$14,2,0),"") | Q102: =IFERROR(VLOOKUP(M102,$AR$4:$AS$6,2,0)," ") | AI102: Incrementar la capacidad de protección financiera para la reducción de riesgos de los Gobiernos Autónomos Descentralizados cantonales de 23,17 en el año 2024 a 29,48 al 2029. | AJ102: 11 Ciudades y comunidades sostenibles
A103: ='T8. Objetivos de desarrollo'!B102 -> 0 | B103: ='T11.Obj G, politicas, metas'!C103 -> 0 | C103: ='T11.Obj G, politicas, metas'!D103 -> 0 | D103: ='T11.Obj G, politicas, metas'!B103 -> 0 | E103: ='T11.Obj G, politicas, metas'!E103 -> 0 | O103: =IFERROR(VLOOKUP(D103,$AM$5:$AN$44,2,0)," ") | P103: =IFERROR(VLOOKUP(K103,$W$5:$X$14,2,0),"") | Q103: =IFERROR(VLOOKUP(M103,$AR$4:$AS$6,2,0)," ")
A104: ='T8. Objetivos de desarrollo'!B103 -> 0 | B104: ='T11.Obj G, politicas, metas'!C104 -> 0 | C104: ='T11.Obj G, politicas, metas'!D104 -> 0 | D104: ='T11.Obj G, politicas, metas'!B104 -> 0 | E104: ='T11.Obj G, politicas, metas'!E104 -> 0 | O104: =IFERROR(VLOOKUP(D104,$AM$5:$AN$44,2,0)," ") | P104: =IFERROR(VLOOKUP(K104,$W$5:$X$14,2,0),"") | Q104: =IFERROR(VLOOKUP(M104,$AR$4:$AS$6,2,0)," ")
A105: ='T8. Objetivos de desarrollo'!B104 -> 0 | B105: ='T11.Obj G, politicas, metas'!C105 -> 0 | C105: ='T11.Obj G, politicas, metas'!D105 -> 0 | D105: ='T11.Obj G, politicas, metas'!B105 -> 0 | E105: ='T11.Obj G, politicas, metas'!E105 -> 0 | O105: =IFERROR(VLOOKUP(D105,$AM$5:$AN$44,2,0)," ") | P105: =IFERROR(VLOOKUP(K105,$W$5:$X$14,2,0),"") | Q105: =IFERROR(VLOOKUP(M105,$AR$4:$AS$6,2,0)," ")
A106: ='T8. Objetivos de desarrollo'!B105 -> 0 | B106: ='T11.Obj G, politicas, metas'!C106 -> 0 | C106: ='T11.Obj G, politicas, metas'!D106 -> 0 | D106: ='T11.Obj G, politicas, metas'!B106 -> 0 | E106: ='T11.Obj G, politicas, metas'!E106 -> 0 | O106: =IFERROR(VLOOKUP(D106,$AM$5:$AN$44,2,0)," ") | P106: =IFERROR(VLOOKUP(K106,$W$5:$X$14,2,0),"") | Q106: =IFERROR(VLOOKUP(M106,$AR$4:$AS$6,2,0)," ")
A107: ='T8. Objetivos de desarrollo'!B106 -> 0 | B107: ='T11.Obj G, politicas, metas'!C107 -> 0 | C107: ='T11.Obj G, politicas, metas'!D107 -> 0 | D107: ='T11.Obj G, politicas, metas'!B107 -> 0 | E107: ='T11.Obj G, politicas, metas'!E107 -> 0 | O107: =IFERROR(VLOOKUP(D107,$AM$5:$AN$44,2,0)," ") | P107: =IFERROR(VLOOKUP(K107,$W$5:$X$14,2,0),"") | Q107: =IFERROR(VLOOKUP(M107,$AR$4:$AS$6,2,0)," ")
A108: ='T8. Objetivos de desarrollo'!B107 -> 0 | B108: ='T11.Obj G, politicas, metas'!C108 -> 0 | C108: ='T11.Obj G, politicas, metas'!D108 -> 0 | D108: ='T11.Obj G, politicas, metas'!B108 -> 0 | E108: ='T11.Obj G, politicas, metas'!E108 -> 0 | O108: =IFERROR(VLOOKUP(D108,$AM$5:$AN$44,2,0)," ") | P108: =IFERROR(VLOOKUP(K108,$W$5:$X$14,2,0),"") | Q108: =IFERROR(VLOOKUP(M108,$AR$4:$AS$6,2,0)," ")
A109: ='T8. Objetivos de desarrollo'!B108 -> 0 | B109: ='T11.Obj G, politicas, metas'!C109 -> 0 | C109: ='T11.Obj G, politicas, metas'!D109 -> 0 | D109: ='T11.Obj G, politicas, metas'!B109 -> 0 | E109: ='T11.Obj G, politicas, metas'!E109 -> 0 | O109: =IFERROR(VLOOKUP(D109,$AM$5:$AN$44,2,0)," ") | P109: =IFERROR(VLOOKUP(K109,$W$5:$X$14,2,0),"") | Q109: =IFERROR(VLOOKUP(M109,$AR$4:$AS$6,2,0)," ")
A110: ='T8. Objetivos de desarrollo'!B109 -> 0 | B110: ='T11.Obj G, politicas, metas'!C110 -> 0 | C110: ='T11.Obj G, politicas, metas'!D110 -> 0 | D110: ='T11.Obj G, politicas, metas'!B110 -> 0 | E110: ='T11.Obj G, politicas, metas'!E110 -> 0 | O110: =IFERROR(VLOOKUP(D110,$AM$5:$AN$44,2,0)," ") | P110: =IFERROR(VLOOKUP(K110,$W$5:$X$14,2,0),"") | Q110: =IFERROR(VLOOKUP(M110,$AR$4:$AS$6,2,0)," ")
A111: ='T8. Objetivos de desarrollo'!B110 -> 0 | B111: ='T11.Obj G, politicas, metas'!C111 -> 0 | C111: ='T11.Obj G, politicas, metas'!D111 -> 0 | D111: ='T11.Obj G, politicas, metas'!B111 -> 0 | E111: ='T11.Obj G, politicas, metas'!E111 -> 0 | O111: =IFERROR(VLOOKUP(D111,$AM$5:$AN$44,2,0)," ") | P111: =IFERROR(VLOOKUP(K111,$W$5:$X$14,2,0),"") | Q111: =IFERROR(VLOOKUP(M111,$AR$4:$AS$6,2,0)," ")
A112: ='T8. Objetivos de desarrollo'!B111 -> 0 | B112: ='T11.Obj G, politicas, metas'!C112 -> 0 | C112: ='T11.Obj G, politicas, metas'!D112 -> 0 | D112: ='T11.Obj G, politicas, metas'!B112 -> 0 | E112: ='T11.Obj G, politicas, metas'!E112 -> 0 | O112: =IFERROR(VLOOKUP(D112,$AM$5:$AN$44,2,0)," ") | P112: =IFERROR(VLOOKUP(K112,$W$5:$X$14,2,0),"") | Q112: =IFERROR(VLOOKUP(M112,$AR$4:$AS$6,2,0)," ")
A113: ='T8. Objetivos de desarrollo'!B112 -> 0 | B113: ='T11.Obj G, politicas, metas'!C113 -> 0 | C113: ='T11.Obj G, politicas, metas'!D113 -> 0 | D113: ='T11.Obj G, politicas, metas'!B113 -> 0 | E113: ='T11.Obj G, politicas, metas'!E113 -> 0 | O113: =IFERROR(VLOOKUP(D113,$AM$5:$AN$44,2,0)," ") | P113: =IFERROR(VLOOKUP(K113,$W$5:$X$14,2,0),"") | Q113: =IFERROR(VLOOKUP(M113,$AR$4:$AS$6,2,0)," ")
A114: ='T8. Objetivos de desarrollo'!B113 -> 0 | B114: ='T11.Obj G, politicas, metas'!C114 -> 0 | C114: ='T11.Obj G, politicas, metas'!D114 -> 0 | D114: ='T11.Obj G, politicas, metas'!B114 -> 0 | E114: ='T11.Obj G, politicas, metas'!E114 -> 0 | O114: =IFERROR(VLOOKUP(D114,$AM$5:$AN$44,2,0)," ") | P114: =IFERROR(VLOOKUP(K114,$W$5:$X$14,2,0),"") | Q114: =IFERROR(VLOOKUP(M114,$AR$4:$AS$6,2,0)," ")
... A1000: ='T8. Objetivos de desarrollo'!B999 -> 0 | B1000: ='T11.Obj G, politicas, metas'!C1000 -> 0 | C1000: ='T11.Obj G, politicas, metas'!D1000 -> 0 | D1000: ='T11.Obj G, politicas, metas'!B1000 -> No existe una competencia definida | E1000: ='T11.Obj G, politicas, metas'!E1000 -> 0 | O1000: =IFERROR(VLOOKUP(D1000,$AM$5:$AN$44,2,0)," ") | P1000: =IFERROR(VLOOKUP(K1000,$W$5:$X$14,2,0),"") | Q1000: =IFERROR(VLOOKUP(M1000,$AR$4:$AS$6,2,0)," ")

Sheet T13. Alineación otros instrumen
A1: Tabla 13. Alineación, agendas nacionales para la igualdad, planificación territorial diferenciada, agendas de coordinación zonal
A2: Objetivo de desarrollo PDOT | B2: Objetivo de gestión PDOT (objetivo estratégico) | C2: Competencia | D2: Agendas nacionales para la igualdad (Revisar "Matriz de relacionamiento enfoques de igualdad y competencias GAD, disponible en pestaña final) | F2: Planificación territorial diferenciada
D3: Agenda de igualdad | E3: Políticas / Acciones | F3: Instrumento | G3: Lineamiento
A4: ='T12. Planes-program-proyect'!A4 -> 0 | B4: ='T12. Planes-program-proyect'!B4 -> Fomentar el emprendimiento productivo de productores locales mediante prácticas sostenibles | C4: ='T12. Planes-program-proyect'!D4 -> 0
A5: ='T12. Planes-program-proyect'!A5 -> Impulsar el desarrollo económico productivo, agropecuario, artesanal y Turístico, potenciando la capacitación técnica en procesos productivos, la tecnificación, la oferta y el consumo de productos de la parroquia. | B5: ='T12. Planes-program-proyect'!B5 -> Fomentar el emprendimiento productivo de productores locales mediante prácticas sostenibles | C5: ='T12. Planes-program-proyect'!D5 -> Fomento de las actividades productivas y agropecuarias (incluye los temas de investigación, innovación y transferencia de conocimiento y tecnologías) | D5: Agenda Nacional para la igualdad intergeneracional | E5: ='[1]T13. Alineación otros instrumen'!F4 -> Fortalecer los mecanismos de inserción laboral y promover un adecuado entorno económico para la creación de nuevos emprendimientos | F5: ='[1]T13. Alineación otros instrumen'!G4 -> No aplica | G5: ='[1]T13. Alineación otros instrumen'!H4 -> No aplica
A8: ='T12. Planes-program-proyect'!A8 -> Impulsar el desarrollo económico productivo, agropecuario, artesanal y Turístico, potenciando la capacitación técnica en procesos productivos, la tecnificación, la oferta y el consumo de productos de la parroquia. | B8: ='T12. Planes-program-proyect'!B8 -> Impulsar los procesos de asociatividad de los productores locales para la comercialización de productos lácteos | C8: ='T12. Planes-program-proyect'!D8 -> Fomento de las actividades productivas y agropecuarias (incluye los temas de investigación, innovación y transferencia de conocimiento y tecnologías) | D8: Agenda Nacional para la igualdad intergeneracional | E8: ='[1]T13. Alineación otros instrumen'!F7 -> Fortalecer los mecanismos de inserción laboral y promover un adecuado entorno económico para la creación de nuevos emprendimientos | F8: ='[1]T13. Alineación otros instrumen'!G7 -> No aplica | G8: ='[1]T13. Alineación otros instrumen'!H7 -> No aplica
A10: ='T12. Planes-program-proyect'!A10 -> Impulsar el desarrollo económico productivo, agropecuario, artesanal y Turístico, potenciando la capacitación técnica en procesos productivos, la tecnificación, la oferta y el consumo de productos de la parroquia. | B10: ='T12. Planes-program-proyect'!B10 -> Ampliar la cobertura y tecnificación del riego a nivel parroquial | C10: ='T12. Planes-program-proyect'!D10 -> Fomento de las actividades productivas y agropecuarias (incluye los temas de investigación, innovación y transferencia de conocimiento y tecnologías) | D10: Agenda Nacional para la igualdad intergeneracional | E10: ='[1]T13. Alineación otros instrumen'!F9 -> Fortalecer los mecanismos de inserción laboral y promover un adecuado entorno económico para la creación de nuevos emprendimientos | F10: ='[1]T13. Alineación otros instrumen'!G9 -> No aplica | G10: ='[1]T13. Alineación otros instrumen'!H9 -> No aplica
A20: ='T12. Planes-program-proyect'!A20 -> Contribuir al mejoramiento de los servicios sociales y fortalecimiento de la cohesión social, mediante gestiones de cooperación que permitan reducir los índices de pobreza lograr consolidar una atención integral para todos los grupos vulnerables de la parroquia. | B20: ='T12. Planes-program-proyect'!B20 -> Erradicar la desnutrición crónica infantil a nivel parroquial | C20: ='T12. Planes-program-proyect'!D20 -> Protección integral a la niñez y adolescencia | D20: Agenda Nacional para la igualdad intergeneracional | E20: ='[1]T13. Alineación otros instrumen'!F19 -> Fortalecimiento de la gestión institucional y recursos para el desarrollo y la planificación cantonal | F20: ='[1]T13. Alineación otros instrumen'!G19 -> No aplica | G20: ='[1]T13. Alineación otros instrumen'!H19 -> No aplica
A21: ='T12. Planes-program-proyect'!A21 -> Contribuir al mejoramiento de los servicios sociales y fortalecimiento de la cohesión social, mediante gestiones de cooperación que permitan reducir los índices de pobreza lograr consolidar una atención integral para todos los grupos vulnerables de la parroquia. | B21: ='T12. Planes-program-proyect'!B21 -> Fortalecer los servicios de acompañamiento al adulto mayor y personas con discapacidad | C21: ='T12. Planes-program-proyect'!D21 -> Protección Integral de Derechos | D21: Agenda Nacional para la igualdad intergeneracional | E21: ='[1]T13. Alineación otros instrumen'!F20 -> Fortalecimiento de la gestión institucional y recursos para el desarrollo y la planificación cantonal | F21: ='[1]T13. Alineación otros instrumen'!G20 -> No aplica | G21: ='[1]T13. Alineación otros instrumen'!H20 -> No aplica
A23: ='T12. Planes-program-proyect'!A23 -> Fortalecer los mecanismos de gestión del GAD parroquial que permitan la coordinación efectiva entre los diferentes niveles de gobierno y ciudadanía hacia una institución activa, transparente y participativa. | B23: ='T12. Planes-program-proyect'!B23 -> Fortalecer la institucionalidad y los mecanismos de planificación del GAD parroquial | C23: ='T12. Planes-program-proyect'!D23 -> Planificar el desarrollo territorial y formular los correspondientes planes de ordenamiento territorial | D23: Agenda Nacional para la igualdad intergeneracional | E23: ='[1]T13. Alineación otros instrumen'!F22 -> Contribuir al cierre de brechas de desigualdad al interior de los grupos generacionales y entre grupos generacionales. | F23: ='[1]T13. Alineación otros instrumen'!G22 -> No aplica | G23: ='[1]T13. Alineación otros instrumen'!H22 -> No aplica
A29: ='T12. Planes-program-proyect'!A29 -> Fortalecer los mecanismos de gestión del GAD parroquial que permitan la coordinación efectiva entre los diferentes niveles de gobierno y ciudadanía hacia una institución activa, transparente y participativa. | B29: ='T12. Planes-program-proyect'!B29 -> Fortalecer el tejido sociocultural e identitario de la parroquia | C29: ='T12. Planes-program-proyect'!D29 -> Participación ciudadana | D29: Agenda Nacional para la igualdad intergeneracional | E29: ='[1]T13. Alineación otros instrumen'!F28 -> Contribuir al cierre de brechas de desigualdad al interior de los grupos generacionales y entre grupos generacionales. | F29: ='[1]T13. Alineación otros instrumen'!G28 -> No aplica | G29: ='[1]T13. Alineación otros instrumen'!H28 -> No aplica
A32: ='T12. Planes-program-proyect'!A32 -> Gestionar el mejoramiento de la cobertura y la calidad de los servicios básicos (agua potable, alcantarillado, recolección de basura) e infraestructura y áreas verdes de recreación de la parroquia, así como la red vial. | B32: ='T12. Planes-program-proyect'!B32 -> Elaborar estudios y proyectos para la dotación de servicios básicos, gestionando los recursos necesarios para su implementación efectiva | C32: ='T12. Planes-program-proyect'!D32 -> Prestación de servicios públicos: Agua Potable | D32: Agenda Nacional para la igualdad intergeneracional | E32: ='[1]T13. Alineación otros instrumen'!F31 -> Promover la corresponsabilidad de comunidades, pueblos y nacionalidades con las entidades corporativas para la conservación, control, uso y manejo de recursos naturales. | F32: ='[1]T13. Alineación otros instrumen'!G31 -> Promover la gestión integral de los recursos hídricos. | G32: ='[1]T13. Alineación otros instrumen'!H31 -> Implementar redes de servicios básicos en áreas rurales.
A34: ='T12. Planes-program-proyect'!A34 -> Gestionar el mejoramiento de la cobertura y la calidad de los servicios básicos (agua potable, alcantarillado, recolección de basura) e infraestructura y áreas verdes de recreación de la parroquia, así como la red vial. | B34: ='T12. Planes-program-proyect'!B34 -> Elaborar estudios y proyectos para la dotación de servicios básicos, gestionando los recursos necesarios para su implementación efectiva | C34: ='T12. Planes-program-proyect'!D34 -> Prestación de servicios públicos: Depuración de aguas residuales | D34: Agenda Nacional para la igualdad intergeneracional | E34: ='[1]T13. Alineación otros instrumen'!F33 -> Fomentar los emprendimientos productivos de jóvenes, en el marco de la economía popular y solidaria | F34: ='[1]T13. Alineación otros instrumen'!G33 -> Generar nuevas oportunidades s y bienestar para las zonas rurales, con énfasis en pueblos y nacionalidad es. | G34: ='[1]T13. Alineación otros instrumen'!H33 -> No aplica
A36: ='T12. Planes-program-proyect'!A36 -> Gestionar el mejoramiento de la cobertura y la calidad de los servicios básicos (agua potable, alcantarillado, recolección de basura) e infraestructura y áreas verdes de recreación de la parroquia, así como la red vial. | B36: ='T12. Planes-program-proyect'!B36 -> Ampliar la cobertura de recolección de desechos sólidos en la parroquia, garantizando un servicio eficiente y sostenible que mejore la calidad de vida de los habitantes y preserve el medio ambiente | C36: ='T12. Planes-program-proyect'!D36 -> Prestación de servicios públicos: Desechos Sólidos | D36: Agenda Nacional para la igualdad intergeneracional | E36: ='[1]T13. Alineación otros instrumen'!F35 -> Promover la corresponsabilidad de comunidades, pueblos y nacionalidades con las entidades corporativas para la conservación, control, uso y manejo de recursos naturales. | F36: ='[1]T13. Alineación otros instrumen'!G35 -> No aplica | G36: ='[1]T13. Alineación otros instrumen'!H35 -> No aplica
A38: ='T12. Planes-program-proyect'!A38 -> Gestionar el mejoramiento de la cobertura y la calidad de los servicios básicos (agua potable, alcantarillado, recolección de basura) e infraestructura y áreas verdes de recreación de la parroquia, así como la red vial. | B38: ='T12. Planes-program-proyect'!B38 -> Fomentar la cooperación interinstitucional para invertir en la planificación, construcción y mantenimiento de la infraestructura vial, mejorando la conectividad y seguridad de las vías en la parroquia | C38: ='T12. Planes-program-proyect'!D38 -> Vialidad | D38: Agenda Nacional para la igualdad intergeneracional | E38: ='[1]T13. Alineación otros instrumen'!F37 -> Promover la corresponsabilidad de comunidades, pueblos y nacionalidades con las entidades corporativas para la conservación, control, uso y manejo de recursos naturales. | F38: ='[1]T13. Alineación otros instrumen'!G37 -> Promover la gestión integral de los recursos hídricos. | G38: ='[1]T13. Alineación otros instrumen'!H37 -> Implementar redes de servicios básicos en áreas rurales.
A40: ='T12. Planes-program-proyect'!A40 -> Gestionar el mejoramiento de la cobertura y la calidad de los servicios básicos (agua potable, alcantarillado, recolección de basura) e infraestructura y áreas verdes de recreación de la parroquia, así como la red vial. | B40: ='T12. Planes-program-proyect'!B40 -> Planificar, ejecutar y mantener programas y proyectos para la construcción y el mantenimiento de equipamientos en beneficio de la población | C40: ='T12. Planes-program-proyect'!D40 -> Infraestructura física, equipamientos y espacios públicos de la parroquia rural | D40: Agenda Nacional para la igualdad intergeneracional | E40: ='[1]T13. Alineación otros instrumen'!F39 -> Promover la corresponsabilidad de comunidades, pueblos y nacionalidades con las entidades corporativas para la conservación, control, uso y manejo de recursos naturales. | F40: ='[1]T13. Alineación otros instrumen'!G39 -> Promover la gestión integral de los recursos hídricos. | G40: ='[1]T13. Alineación otros instrumen'!H39 -> Implementar redes de servicios básicos en áreas rurales.
... A44: ='T12. Planes-program-proyect'!A44 -> Impulsar un desarrollo integral, conservando los ecosistemas naturales para reducir la contaminación de fuentes hídricas de la parroquia y fortalecer la capacidad de mitigación y adaptación ante los efectos del cambio climático. | B44: ='T12. Planes-program-proyect'!B44 -> Gestionar mecanismos de conservación de las áreas naturales de la parroquia | C44: ='T12. Planes-program-proyect'!D44 -> Gestión Ambiental | D44: Agenda Nacional para la igualdad intergeneracional | E44: ='[1]T13. Alineación otros instrumen'!F43 -> Promover la corresponsabilidad de comunidades, pueblos y nacionalidades con las entidades corporativas para la conservación, control, uso y manejo de recursos naturales. | F44: ='[1]T13. Alineación otros instrumen'!G43 -> No aplica | G44: ='[1]T13. Alineación otros instrumen'!H43 -> No aplica
A108: ='T12. Planes-program-proyect'!A108 -> 0 | B108: ='T12. Planes-program-proyect'!B108 -> 0 | C108: ='T12. Planes-program-proyect'!D108 -> 0
A109: ='T12. Planes-program-proyect'!A109 -> 0 | B109: ='T12. Planes-program-proyect'!B109 -> 0 | C109: ='T12. Planes-program-proyect'!D109 -> 0
A110: ='T12. Planes-program-proyect'!A110 -> 0 | B110: ='T12. Planes-program-proyect'!B110 -> 0 | C110: ='T12. Planes-program-proyect'!D110 -> 0
A111: ='T12. Planes-program-proyect'!A111 -> 0 | B111: ='T12. Planes-program-proyect'!B111 -> 0 | C111: ='T12. Planes-program-proyect'!D111 -> 0
A112: ='T12. Planes-program-proyect'!A112 -> 0 | B112: ='T12. Planes-program-proyect'!B112 -> 0 | C112: ='T12. Planes-program-proyect'!D112 -> 0
A113: ='T12. Planes-program-proyect'!A113 -> 0 | B113: ='T12. Planes-program-proyect'!B113 -> 0 | C113: ='T12. Planes-program-proyect'!D113 -> 0
A114: ='T12. Planes-program-proyect'!A114 -> 0 | B114: ='T12. Planes-program-proyect'!B114 -> 0 | C114: ='T12. Planes-program-proyect'!D114 -> 0
A115: ='T12. Planes-program-proyect'!A115 -> 0 | B115: ='T12. Planes-program-proyect'!B115 -> 0 | C115: ='T12. Planes-program-proyect'!D115 -> 0
A116: ='T12. Planes-program-proyect'!A116 -> 0 | B116: ='T12. Planes-program-proyect'!B116 -> 0 | C116: ='T12. Planes-program-proyect'!D116 -> 0
A117: ='T12. Planes-program-proyect'!A117 -> 0 | B117: ='T12. Planes-program-proyect'!B117 -> 0 | C117: ='T12. Planes-program-proyect'!D117 -> 0
A118: ='T12. Planes-program-proyect'!A118 -> 0 | B118: ='T12. Planes-program-proyect'!B118 -> 0 | C118: ='T12. Planes-program-proyect'!D118 -> 0
A119: ='T12. Planes-program-proyect'!A119 -> 0 | B119: ='T12. Planes-program-proyect'!B119 -> 0 | C119: ='T12. Planes-program-proyect'!D119 -> 0
... A1000: ='T12. Planes-program-proyect'!A1000 -> 0 | B1000: ='T12. Planes-program-proyect'!B1000 -> 0 | C1000: ='T12. Planes-program-proyect'!D1000 -> No existe una competencia definida

Sheet T14. Consolidación propuesta
A1: Tabla 14. Matriz de consolidación de la fase de propuesta (sirve de insumo para el reporte a SIGAD)
A2: Objetivo de Desarrollo Sostenible ODS | B2: Objetivo del Plan Nacional de Desarrollo PND | C2: Eje del Plan Nacional de Desarrollo PND | D2: Meta del PND | E2: Competencia | F2: Objetivo de gestión PDOT (objetivo estratégico) | G2: Meta | H2: Indicador | I2: Tendencia del indicador | J2: Línea base | K2: AÑO Línea Base | L2: Año de cumpliento a la meta | M2: Meta anualizada año 1 | N2: Meta anualizada año 2 | O2: Meta anualizada año 3 | P2: Meta anualizada año 4 | Q2: Nombre del programa / proyecto | R2: Fuente de financiamiento
A4: =+'T12. Planes-program-proyect'!O4 | B4: ='T12. Planes-program-proyect'!K4 -> 0 | C4: =IFERROR(VLOOKUP(B4,$AF$4:$AG$13,2,0),"") | D4: ='T12. Planes-program-proyect'!L4 -> 0 | E4: ='T12. Planes-program-proyect'!D4 -> 0 | F4: ='T12. Planes-program-proyect'!B4 -> Fomentar el emprendimiento productivo de productores locales mediante prácticas sostenibles | G4: ='T11.Obj G, politicas, metas'!E4 -> Elaborar un plan de emprendimiento agroproductivo y turistico hasta el año 2025 | H4: ='T11.Obj G, politicas, metas'!F4 -> Número de planes de emprendimiento | I4: =+'T11.Obj G, politicas, metas'!G4 -> Se mantiene | J4: ='T11.Obj G, politicas, metas'!H4 -> 0 | K4: ='T11.Obj G, politicas, metas'!I4 -> 2024 | L4: =+K4+S4 -> 2025 | M4: ='T11.Obj G, politicas, metas'!J4 -> 0 | N4: ='T11.Obj G, politicas, metas'!K4 -> 0 | O4: ='T11.Obj G, politicas, metas'!L4 -> 0 | P4: ='T11.Obj G, politicas, metas'!M4 -> 1 | Q4: =_xludf.CONCAT("PLAN/PROGRAMA: ",'T12. Planes-program-proyect'!F4," ","PROYECTO: ",'T12. Planes-program-proyect'!G4) -> #NAME? | R4: =+'T12. Planes-program-proyect'!I4 -> 0 | S4: =+COUNTIF(M4:P4,">0") -> 1 | AF4: 1. Mejorar el bienestar social y la calidad de vida de la población, para garantizar el goce efectivo de los derechos y la reducción de las desigualdades. | AG4: SOCIAL | AH4: Plan
A5: ='T12. Planes-program-proyect'!O5 -> Poner fin al hambre, lograr la seguridad alimentaria y la mejora de la nutrición y promover la agricultura sostenible | B5: ='T12. Planes-program-proyect'!K5 -> Impulsar el desarrollo económico que genere empleo de calidad y finanzas públicas, sostenibles, inclusivas y equitativas. | C5: DESARROLLO ECONÓMICO | D5: ='T12. Planes-program-proyect'!L5 -> Incrementar la tasa de empleo adecuado (15 y más años) de 35,88% en el 2024 a 37,53% al 2029. | E5: ='T12. Planes-program-proyect'!D5 -> Fomento de las actividades productivas y agropecuarias (incluye los temas de investigación, innovación y transferencia de conocimiento y tecnologías) | F5: ='T12. Planes-program-proyect'!B5 -> Fomentar el emprendimiento productivo de productores locales mediante prácticas sostenibles | G5: ='T12. Planes-program-proyect'!L5 -> Incrementar la tasa de empleo adecuado (15 y más años) de 35,88% en el 2024 a 37,53% al 2029. | H5: Porcentaje de incremento de emprendimientos activos | I5: Creciente | J5: ='[1]T14. Consolidación propuesta'!K4 -> 0 | K5: ='[1]T14. Consolidación propuesta'!L4 -> 2024 | L5: ='[1]T14. Consolidación propuesta'!M4 -> 2025 | M5: ='[1]T14. Consolidación propuesta'!N4 -> 0 | N5: ='[1]T14. Consolidación propuesta'!O4 -> 1 | O5: ='[1]T14. Consolidación propuesta'!P4 -> 0 | P5: ='[1]T14. Consolidación propuesta'!Q4 -> 0 | Q5: =_xlfn.CONCAT('T12. Planes-program-proyect'!F5,"/""",'T12. Planes-program-proyect'!G5) -> Emprendimiento productivo/"Fortalecimiento de emprendimientos agroproductivos y turísticos de San Gerardo | R5: ='T12. Planes-program-proyect'!I5 -> Recursos proveniientes del Presupuesto general del Estado | S5: =+COUNTIF(M5:P5,">0") -> 1 | AF5: 2. Potenciar las capacidades de la ciudadanía con acceso universal a una educación inclusiva de calidad, acceso a espacios de intercambio cultural y una vida activa. | AG5: SOCIAL | AH5: Programa
A6: ='T12. Planes-program-proyect'!O6 -> 0 | B6: ='T12. Planes-program-proyect'!K6 -> 0 | C6: ='[2]T14. Consolidación propuesta'!$D$15 -> DESARROLLO ECONÓMICO | D6: ='T12. Planes-program-proyect'!L6 -> 0 | E6: ='T12. Planes-program-proyect'!D6 -> 0 | F6: ='T12. Planes-program-proyect'!B6 -> 0 | G6: ='T12. Planes-program-proyect'!L6 -> 0 | Q6: =_xlfn.CONCAT('T12. Planes-program-proyect'!F6,"/""",'T12. Planes-program-proyect'!G6) -> /" | R6: ='T12. Planes-program-proyect'!I6 -> 0
A7: ='T12. Planes-program-proyect'!O7 -> 0 | B7: ='T12. Planes-program-proyect'!K7 -> 0 | C7: ='[2]T14. Consolidación propuesta'!$D$15 -> DESARROLLO ECONÓMICO | D7: ='T12. Planes-program-proyect'!L7 -> 0 | E7: ='T12. Planes-program-proyect'!D7 -> 0 | F7: ='T12. Planes-program-proyect'!B7 -> 0 | G7: ='T12. Planes-program-proyect'!L7 -> 0 | Q7: =_xlfn.CONCAT('T12. Planes-program-proyect'!F7,"/""",'T12. Planes-program-proyect'!G7) -> /" | R7: ='T12. Planes-program-proyect'!I7 -> 0
A8: ='T12. Planes-program-proyect'!O8 -> Poner fin al hambre, lograr la seguridad alimentaria y la mejora de la nutrición y promover la agricultura sostenible | B8: ='T12. Planes-program-proyect'!K8 -> Impulsar el desarrollo económico que genere empleo de calidad y finanzas públicas, sostenibles, inclusivas y equitativas. | C8: DESARROLLO ECONÓMICO | D8: ='T12. Planes-program-proyect'!L8 -> Incrementar la tasa de empleo adecuado (15 y más años) de 35,88% en el 2024 a 37,53% al 2029. | E8: ='T12. Planes-program-proyect'!D8 -> Fomento de las actividades productivas y agropecuarias (incluye los temas de investigación, innovación y transferencia de conocimiento y tecnologías) | F8: ='T12. Planes-program-proyect'!B8 -> Impulsar los procesos de asociatividad de los productores locales para la comercialización de productos lácteos | G8: ='T12. Planes-program-proyect'!L8 -> Incrementar la tasa de empleo adecuado (15 y más años) de 35,88% en el 2024 a 37,53% al 2029. | H8: Porcentaje de productores que acceden a canales de comercialización | I8: ='[1]T14. Consolidación propuesta'!J7 -> Creciente | J8: ='[1]T14. Consolidación propuesta'!K7 -> 0 | K8: ='[1]T14. Consolidación propuesta'!L7 -> 2024 | L8: ='[1]T14. Consolidación propuesta'!M7 -> 2028 | M8: ='[1]T14. Consolidación propuesta'!N7 -> 0.25 | N8: ='[1]T14. Consolidación propuesta'!O7 -> 0.25 | O8: ='[1]T14. Consolidación propuesta'!P7 -> 0.25 | P8: ='[1]T14. Consolidación propuesta'!Q7 -> 0.25 | Q8: =_xlfn.CONCAT('T12. Planes-program-proyect'!F8,"/""",'T12. Planes-program-proyect'!G8) -> Emprendimiento productivo/"Fortalecimiento de la cadena de valor y comercialización láctea | R8: ='T12. Planes-program-proyect'!I8 -> Recursos proveniientes del Presupuesto general del Estado | S8: =+COUNTIF(M8:P8,">0") -> 4 | AF8: 5. Fortalecer la producción nacional y la inversión extranjera en los sectores clave de la economía con innovación tecnológica y prácticas sostenibles. | AG8: ECONÓMICO, PRODUCTIVO Y EMPLEO
